Workbook

Sheet CurvaGVtItalia
A1: Description | B1: Term | C1: Mat. Date | D1: Start Date | E1: Discount Factor | F1: Spot Simple % | G1: Spot Compound % | H1: Yield Simple % | I1: Yield Compound % | J1: I. Rate Freq. | K1: H.S. Tenor | L1: Shock % | M1: Shocked I. Rate % / Price | N1: Input I. Rate % / Price | O1: Mkt Instrument | P1: Input Rate Type | Q1: Capitalisation | R1: Day Count | S1: Coupon I. Rate % | T1: Reference Data | U1: Annual Spread % | V1: Rate Type | W1: Redemption Price | X1: Rating Agency | Y1: Rating | Z1: rate | AA1: rate + shift | AB1: df(rate+shift)
A2: 2 Months | B2: 0.162 | C2: 42853 | D2: 42794 | E2: 1.000797 | F2: -0.49268415 | G2: -0.49166778 | H2: -0.492685 | I2: -0.491668 | J2: 1Y | L2: 0 | M2: 100.077 | N2: 100.077 | O2: Bond ZC Price | P2: ZC Price | Q2: Cont. | R2: act/360 | S2: 0 | T2: 0 | U2: 0 | V2: Fixed | W2: 100 | Z2: =-LN(E2)/(YEARFRAC(D2,C2,3)) -> -0.0049288025 | AA2: =+Z2+$AE$1 -> -0.0049288025 | AB2: =EXP(-AA2*YEARFRAC(D2,C2,3)) -> 1.000797
A3: 5 Months | B3: 0.419 | C3: 42947 | D3: 42794 | E3: 1.001457 | F3: -0.34709025 | G3: -0.34674045 | H3: -0.347091 | I3: -0.346741 | J3: 1Y | L3: 0 | M3: 100.143 | N3: 100.143 | O3: Bond ZC Price | P3: ZC Price | Q3: Cont. | R3: act/360 | S3: 0 | T3: 0 | U3: 0 | V3: Fixed | W3: 100 | Z3: =-LN(E3)/(YEARFRAC(D3,C3,3)) -> -0.0034734296 | AA3: =+Z3+$AE$1 -> -0.0034734296 | AB3: =EXP(-AA3*YEARFRAC(D3,C3,3)) -> 1.001457
A4: BOTS 0 10/13/2017 | B4: 0.622 | C4: 43021 | D4: 42794 | E4: 1.001962 | F4: -0.31486442 | G4: -0.31467696 | H4: -0.314865 | I4: -0.314677 | J4: 1Y | L4: 0 | M4: 100.1935 | N4: 100.1935 | O4: Bond ZC Price | P4: ZC Price | Q4: Cont. | R4: act/360 | S4: -0.15 | T4: 1 | U4: 0 | V4: Fixed | W4: 100.15 | Z4: =-LN(E4)/(YEARFRAC(D4,C4,3)) -> -0.0031517311 | AA4: =+Z4+$AE$1 -> -0.0031517311 | AB4: =EXP(-AA4*YEARFRAC(D4,C4,3)) -> 1.001962
A5: 10 Months | B5: 0.871 | C5: 43112 | D5: 42794 | E5: 1.0027371 | F5: -0.31330424 | G5: -0.31324099 | H5: -0.313305 | I5: -0.313241 | J5: 1Y | L5: 0 | M5: 100.271 | N5: 100.271 | O5: Bond ZC Price | P5: ZC Price | Q5: Cont. | R5: act/360 | S5: 0 | T5: 0 | U5: 0 | V5: Fixed | W5: 100 | Z5: =-LN(E5)/(YEARFRAC(D5,C5,3)) -> -0.0031373265 | AA5: =+Z5+$AE$1 -> -0.0031373265 | AB5: =EXP(-AA5*YEARFRAC(D5,C5,3)) -> 1.0027371
A6: 1 Year * | B6: 1 | C6: 43159 | D6: 42794 | E6: 1.0022292 | F6: -0.2224255 | G6: -0.2224255 | H6: -0.222489 | I6: -0.222365 | Z6: =-LN(E6)/(YEARFRAC(D6,C6,3)) -> -0.002226732 | AA6: =+Z6+$AE$1 -> -0.002226732 | AB6: =EXP(-AA6*YEARFRAC(D6,C6,3)) -> 1.0022292
A7: 18 Months * | B7: 1.504 | C7: 43343 | D7: 42794 | E7: 1.0002434 | F7: -0.016181067 | G7: -0.016181727 | H7: -0.016163 | I7: -0.016162 | Z7: =-LN(E7)/(YEARFRAC(D7,C7,3)) -> -0.00016183021 | AA7: =+Z7+$AE$1 -> -0.00016183021 | AB7: =EXP(-AA7*YEARFRAC(D7,C7,3)) -> 1.0002434
A8: 19 Months | B8: 1.627 | C8: 43388 | D8: 42794 | E8: 0.99975839 | F8: 0.014850099 | G8: 0.014849407 | H8: 0.014828 | I8: 0.014829 | J8: 6M | L8: 0 | M8: 100.46 | N8: 100.46 | O8: Bond Price | P8: Price | Q8: Cont. | R8: act/act ISMA | S8: 0.3 | T8: 0 | U8: 0 | V8: Fixed | W8: 100 | Z8: =-LN(E8)/(YEARFRAC(D8,C8,3)) -> 0.00014848322 | AA8: =+Z8+$AE$1 -> 0.00014848322 | AB8: =EXP(-AA8*YEARFRAC(D8,C8,3)) -> 0.99975839
A9: 2 Years * | B9: 2 | C9: 43524 | D9: 42794 | E9: 0.99719174 | F9: 0.14080832 | G9: 0.14070933 | H9: 0.140365 | I9: 0.140415 | Z9: =-LN(E9)/(YEARFRAC(D9,C9,3)) -> 0.0014061043 | AA9: =+Z9+$AE$1 -> 0.0014061043 | AB9: =EXP(-AA9*YEARFRAC(D9,C9,3)) -> 0.99719174
A10: BTPS 4 1/2 03/19 | B10: 2.003 | C10: 43525 | D10: 42794 | E10: 0.99717289 | F10: 0.14156213 | G10: 0.1414618 | H10: 0.141115 | I10: 0.141165 | J10: 6M | L10: 0 | M10: 108.705 | N10: 108.705 | O10: Bond Price | P10: Price | Q10: Cont. | R10: act/act ISMA | S10: 4.5 | T10: 1 | U10: 0 | V10: Fixed | W10: 100 | Z10: =-LN(E10)/(YEARFRAC(D10,C10,3)) -> 0.0014136184 | AA10: =+Z10+$AE$1 -> 0.0014136184 | AB10: =EXP(-AA10*YEARFRAC(D10,C10,3)) -> 0.99717289
A11: 30 Months * | B11: 2.501 | C11: 43707 | D11: 42794 | E11: 0.99216571 | F11: 0.3156732 | G11: 0.31492828 | H11: 0.313608 | I11: 0.313853 | Z11: =-LN(E11)/(YEARFRAC(D11,C11,3)) -> 0.003144334 | AA11: =+Z11+$AE$1 -> 0.003144334 | AB11: =EXP(-AA11*YEARFRAC(D11,C11,3)) -> 0.99216571
A12: 33 Months | B12: 2.756 | C12: 43800 | D12: 42794 | E12: 0.9896168 | F12: 0.38067899 | G12: 0.37941374 | H12: 0.378217 | I12: 0.378216 | J12: 6M | L12: 0 | M12: 101.84 | N12: 101.84 | O12: Bond Price | P12: Price | Q12: Cont. | R12: act/act ISMA | S12: 1.05 | T12: 0 | U12: 0 | V12: Fixed | W12: 100 | Z12: =-LN(E12)/(YEARFRAC(D12,C12,3)) -> 0.0037869579 | AA12: =+Z12+$AE$1 -> 0.0037869579 | AB12: =EXP(-AA12*YEARFRAC(D12,C12,3)) -> 0.9896168
A13: 3 Years * | B13: 3 | C13: 43889 | D13: 42794 | E13: 0.98703723 | F13: 0.43776713 | G13: 0.43586459 | H13: 0.433496 | I13: 0.433967 | Z13: =-LN(E13)/(YEARFRAC(D13,C13,3)) -> 0.0043491746 | AA13: =+Z13+$AE$1 -> 0.0043491746 | AB13: =EXP(-AA13*YEARFRAC(D13,C13,3)) -> 0.98703723
A14: 42 Months * | B14: 3.507 | C14: 44074 | D14: 42794 | E14: 0.98169668 | F14: 0.53166179 | G14: 0.52815609 | H14: 0.524773 | I14: 0.525462 | Z14: =-LN(E14)/(YEARFRAC(D14,C14,3)) -> 0.0052676624 | AA14: =+Z14+$AE$1 -> 0.0052676624 | AB14: =EXP(-AA14*YEARFRAC(D14,C14,3)) -> 0.98169668
A15: BTPS 0.65 11/01/20 | B15: 3.677 | C15: 44136 | D15: 42794 | E15: 0.97991335 | F15: 0.55751973 | G15: 0.55340818 | H15: 0.551214 | I15: 0.55159 | J15: 6M | L15: 0 | M15: 100.355 | N15: 100.355 | O15: Bond Price | P15: Price | Q15: Cont. | R15: act/act ISMA | S15: 0.65 | T15: 1 | U15: 0 | V15: Fixed | W15: 100 | Z15: =-LN(E15)/(YEARFRAC(D15,C15,3)) -> 0.0055188249 | AA15: =+Z15+$AE$1 -> 0.0055188249 | AB15: =EXP(-AA15*YEARFRAC(D15,C15,3)) -> 0.97991335
A16: 4 Years * | B16: 3.997 | C16: 44253 | D16: 42794 | E16: 0.97162922 | F16: 0.73047991 | G16: 0.72261672 | H16: 0.715647 | I16: 0.716932 | Z16: =-LN(E16)/(YEARFRAC(D16,C16,3)) -> 0.0072001837 | AA16: =+Z16+$AE$1 -> 0.0072001837 | AB16: =EXP(-AA16*YEARFRAC(D16,C16,3)) -> 0.97162922
A17: 54 Months * | B17: 4.507 | C17: 44439 | D17: 42794 | E17: 0.95853705 | F17: 0.95979446 | G17: 0.94404389 | H17: 0.931163 | I17: 0.933338 | Z17: =-LN(E17)/(YEARFRAC(D17,C17,3)) -> 0.0093961564 | AA17: =+Z17+$AE$1 -> 0.0093961564 | AB17: =EXP(-AA17*YEARFRAC(D17,C17,3)) -> 0.95853705
A18: BTPS 2.15 12/21 | B18: 4.797 | C18: 44545 | D18: 42794 | E18: 0.95115499 | F18: 1.0704728 | G18: 1.0493603 | H18: 1.032875 | I18: 1.035617 | J18: 6M | L18: 0 | M18: 105.26 | N18: 105.26 | O18: Bond Price | P18: Price | Q18: Cont. | R18: act/act ISMA | S18: 2.15 | T18: 1 | U18: 0 | V18: Fixed | W18: 100 | Z18: =-LN(E18)/(YEARFRAC(D18,C18,3)) -> 0.010438928 | AA18: =+Z18+$AE$1 -> 0.010438928 | AB18: =EXP(-AA18*YEARFRAC(D18,C18,3)) -> 0.95115499
A19: 5 Years * | B19: 5.003 | C19: 44620 | D19: 42794 | E19: 0.94570567 | F19: 1.1476002 | G19: 1.1221154 | H19: 1.103148 | I19: 1.106201 | Z19: =-LN(E19)/(YEARFRAC(D19,C19,3)) -> 0.011158664 | AA19: =+Z19+$AE$1 -> 0.011158664 | AB19: =EXP(-AA19*YEARFRAC(D19,C19,3)) -> 0.94570567
A20: BTPS 1.35% 04/22 | B20: 5.129 | C20: 44666 | D20: 42794 | E20: 0.94237887 | F20: 1.1921838 | G20: 1.1638779 | H20: 1.146122 | I20: 1.147086 | J20: 6M | L20: 0 | M20: 101.01 | N20: 101.01 | O20: Bond Price | P20: Price | Q20: Cont. | R20: act/act ISMA | S20: 1.35 | T20: 1 | U20: 0 | V20: Fixed | W20: 100 | Z20: =-LN(E20)/(YEARFRAC(D20,C20,3)) -> 0.011571569 | AA20: =+Z20+$AE$1 -> 0.011571569 | AB20: =EXP(-AA20*YEARFRAC(D20,C20,3)) -> 0.94237887
A21: 66 Months * | B21: 5.507 | C21: 44804 | D21: 42794 | E21: 0.93319948 | F21: 1.2998767 | G21: 1.2633741 | H21: 1.238832 | I21: 1.242679 | Z21: =-LN(E21)/(YEARFRAC(D21,C21,3)) -> 0.012554601 | AA21: =+Z21+$AE$1 -> 0.012554601 | AB21: =EXP(-AA21*YEARFRAC(D21,C21,3)) -> 0.93319948
A22: BTPS 1.45 09/15/22 | B22: 5.548 | C22: 44819 | D22: 42794 | E22: 0.93220949 | F22: 1.31076 | G22: 1.2733308 | H22: 1.248323 | I22: 1.252255 | J22: 6M | L22: 0 | M22: 101.075 | N22: 101.075 | O22: Bond Price | P22: Price | Q22: Cont. | R22: act/act ISMA | S22: 1.45 | T22: 1 | U22: 0 | V22: Fixed | W22: 100 | Z22: =-LN(E22)/(YEARFRAC(D22,C22,3)) -> 0.012652921 | AA22: =+Z22+$AE$1 -> 0.012652921 | AB22: =EXP(-AA22*YEARFRAC(D22,C22,3)) -> 0.93220949
A23: 6 Years * | B23: 6.003 | C23: 44985 | D23: 42794 | E23: 0.91275591 | F23: 1.5923255 | G23: 1.5323742 | H23: 1.492667 | I23: 1.498255 | Z23: =-LN(E23)/(YEARFRAC(D23,C23,3)) -> 0.015207519 | AA23: =+Z23+$AE$1 -> 0.015207519 | AB23: =EXP(-AA23*YEARFRAC(D23,C23,3)) -> 0.91275591
A24: BTPS 4.5 5/1/2023 | B24: 6.173 | C24: 45047 | D24: 42794 | E24: 0.9055947 | F24: 1.688862 | G24: 1.6194828 | H24: 1.573946 | I24: 1.579594 | J24: 6M | L24: 0 | M24: 117.51 | N24: 117.51 | O24: Bond Price | P24: Price | Q24: Cont. | R24: act/act ISMA | S24: 4.5 | T24: 1 | U24: 0 | V24: Fixed | W24: 100 | Z24: =-LN(E24)/(YEARFRAC(D24,C24,3)) -> 0.016065091 | AA24: =+Z24+$AE$1 -> 0.016065091 | AB24: =EXP(-AA24*YEARFRAC(D24,C24,3)) -> 0.9055947
A25: BTPS 4 3/4 08/01/23 | B25: 6.425 | C25: 45139 | D25: 42794 | E25: 0.90105567 | F25: 1.709186 | G25: 1.6349141 | H25: 1.589463 | I25: 1.595859 | J25: 6M | L25: 0 | M25: 119.645 | N25: 119.645 | O25: Bond Price | P25: Price | Q25: Cont. | R25: act/act ISMA | S25: 4.75 | T25: 1 | U25: 0 | V25: Fixed | W25: 100 | Z25: =-LN(E25)/(YEARFRAC(D25,C25,3)) -> 0.016216933 | AA25: =+Z25+$AE$1 -> 0.016216933 | AB25: =EXP(-AA25*YEARFRAC(D25,C25,3)) -> 0.90105567
A26: 78 Months * | B26: 6.507 | C26: 45169 | D26: 42794 | E26: 0.89760049 | F26: 1.7532509 | G26: 1.6741124 | H26: 1.626077 | I26: 1.632702 | Z26: =-LN(E26)/(YEARFRAC(D26,C26,3)) -> 0.016602536 | AA26: =+Z26+$AE$1 -> 0.016602536 | AB26: =EXP(-AA26*YEARFRAC(D26,C26,3)) -> 0.89760049
A27: 7 Years * | B27: 7.005 | C27: 45351 | D27: 42794 | E27: 0.87692124 | F27: 2.0034784 | G27: 1.8924756 | H27: 1.82756 | I27: 1.835929 | Z27: =-LN(E27)/(YEARFRAC(D27,C27,3)) -> 0.01874791 | AA27: =+Z27+$AE$1 -> 0.01874791 | AB27: =EXP(-AA27*YEARFRAC(D27,C27,3)) -> 0.87692124
A28: BTPS 4.5 03/01/2024 | B28: 7.008 | C28: 45352 | D28: 42794 | E28: 0.87680894 | F28: 2.0047792 | G28: 1.8935907 | H28: 1.828575 | I28: 1.836956 | J28: 6M | L28: 0 | M28: 117.945 | N28: 117.945 | O28: Bond Price | P28: Price | Q28: Cont. | R28: act/act ISMA | S28: 4.5 | T28: 1 | U28: 0 | V28: Fixed | W28: 100 | Z28: =-LN(E28)/(YEARFRAC(D28,C28,3)) -> 0.018758855 | AA28: =+Z28+$AE$1 -> 0.018758855 | AB28: =EXP(-AA28*YEARFRAC(D28,C28,3)) -> 0.87680894
A29: 90 Months * | B29: 7.507 | C29: 45534 | D29: 42794 | E29: 0.86280864 | F29: 2.1181396 | G29: 1.98515 | H29: 1.914159 | I29: 1.923337 | Z29: =-LN(E29)/(YEARFRAC(D29,C29,3)) -> 0.019657029 | AA29: =+Z29+$AE$1 -> 0.019657029 | AB29: =EXP(-AA29*YEARFRAC(D29,C29,3)) -> 0.86280864
A30: BTPS 3.75 09/01/2024 | B30: 7.512 | C30: 45536 | D30: 42794 | E30: 0.86265604 | F30: 2.1193238 | G30: 1.9860891 | H30: 1.915625 | I30: 1.924168 | J30: 6M | L30: 0 | M30: 113.095 | N30: 113.095 | O30: Bond Price | P30: Price | Q30: Cont. | R30: act/act ISMA | S30: 3.75 | T30: 1 | U30: 0 | V30: Fixed | W30: 100 | Z30: =-LN(E30)/(YEARFRAC(D30,C30,3)) -> 0.019666236 | AA30: =+Z30+$AE$1 -> 0.019666236 | AB30: =EXP(-AA30*YEARFRAC(D30,C30,3)) -> 0.86265604
A31: 8 Years * | B31: 8.005 | C31: 45716 | D31: 42794 | E31: 0.84690934 | F31: 2.2580026 | G31: 2.0972891 | H31: 2.017141 | I31: 2.02734 | Z31: =-LN(E31)/(YEARFRAC(D31,C31,3)) -> 0.020755987 | AA31: =+Z31+$AE$1 -> 0.020755987 | AB31: =EXP(-AA31*YEARFRAC(D31,C31,3)) -> 0.84690934
A32: BTPS 5 03/01/25 | B32: 8.008 | C32: 45717 | D32: 42794 | E32: 0.8468226 | F32: 2.2587404 | G32: 2.0978699 | H32: 2.017976 | I32: 2.026902 | J32: 6M | L32: 0 | M32: 122.565 | N32: 122.565 | O32: Bond Price | P32: Price | Q32: Cont. | R32: act/act ISMA | S32: 5 | T32: 1 | U32: 0 | V32: Fixed | W32: 100 | Z32: =-LN(E32)/(YEARFRAC(D32,C32,3)) -> 0.020761676 | AA32: =+Z32+$AE$1 -> 0.020761676 | AB32: =EXP(-AA32*YEARFRAC(D32,C32,3)) -> 0.8468226
A33: 102 Months * | B33: 8.504 | C33: 45898 | D33: 42794 | E33: 0.83629603 | F33: 2.3018145 | G33: 2.1244427 | H33: 2.044638 | I33: 2.055117 | Z33: =-LN(E33)/(YEARFRAC(D33,C33,3)) -> 0.02102191 | AA33: =+Z33+$AE$1 -> 0.02102191 | AB33: =EXP(-AA33*YEARFRAC(D33,C33,3)) -> 0.83629603
A34: BTPS 2% 12/25 | B34: 8.762 | C34: 45992 | D34: 42794 | E34: 0.83091 | F34: 2.322621 | G34: 2.1366507 | H34: 2.056932 | I34: 2.067682 | J34: 6M | L34: 0 | M34: 99.505 | N34: 99.505 | O34: Bond Price | P34: Price | Q34: Cont. | R34: act/act ISMA | S34: 2 | T34: 1 | U34: 0 | V34: Fixed | W34: 100 | Z34: =-LN(E34)/(YEARFRAC(D34,C34,3)) -> 0.021141443 | AA34: =+Z34+$AE$1 -> 0.021141443 | AB34: =EXP(-AA34*YEARFRAC(D34,C34,3)) -> 0.83091
A35: 9 Years * | B35: 9.003 | C35: 46080 | D35: 42794 | E35: 0.81433792 | F35: 2.5324674 | G35: 2.3075248 | H35: 2.206962 | I35: 2.219185 | Z35: =-LN(E35)/(YEARFRAC(D35,C35,3)) -> 0.02281304 | AA35: =+Z35+$AE$1 -> 0.02281304 | AB35: =EXP(-AA35*YEARFRAC(D35,C35,3)) -> 0.81433792
A36: BTP 4.5 03/01/26 | B36: 9.008 | C36: 46082 | D36: 42794 | E36: 0.81396515 | F36: 2.5371699 | G36: 2.3113052 | H36: 2.209909 | I36: 2.221557 | J36: 6M | L36: 0 | M36: 119.2 | N36: 119.2 | O36: Bond Price | P36: Price | Q36: Cont. | R36: act/act ISMA | S36: 4.5 | T36: 1 | U36: 0 | V36: Fixed | W36: 100 | Z36: =-LN(E36)/(YEARFRAC(D36,C36,3)) -> 0.022849991 | AA36: =+Z36+$AE$1 -> 0.022849991 | AB36: =EXP(-AA36*YEARFRAC(D36,C36,3)) -> 0.81396515
A37: 114 Months * | B37: 9.51 | C37: 46265 | D37: 42794 | E37: 0.80976832 | F37: 2.4703603 | G37: 2.243688 | H37: 2.156084 | I37: 2.167746 | Z37: =-LN(E37)/(YEARFRAC(D37,C37,3)) -> 0.022188876 | AA37: =+Z37+$AE$1 -> 0.022188876 | AB37: =EXP(-AA37*YEARFRAC(D37,C37,3)) -> 0.80976832
A38: BTPS 1.25% 12/01/26 | B38: 9.762 | C38: 46357 | D38: 42794 | E38: 0.80774856 | F38: 2.4382063 | G38: 2.2112713 | H38: 2.129825 | I38: 2.141336 | J38: 6M | L38: 0 | M38: 92.045 | N38: 92.045 | O38: Bond Price | P38: Price | Q38: Cont. | R38: act/act ISMA | S38: 1.25 | T38: 1 | U38: 0 | V38: Fixed | W38: 100 | Z38: =-LN(E38)/(YEARFRAC(D38,C38,3)) -> 0.021871773 | AA38: =+Z38+$AE$1 -> 0.021871773 | AB38: =EXP(-AA38*YEARFRAC(D38,C38,3)) -> 0.80774856
A39: 10 Years * | B39: 10 | C39: 46444 | D39: 42794 | E39: 0.79741461 | F39: 2.5405277 | G39: 2.2896238 | H39: 2.198644 | I39: 2.21078 | Z39: =-LN(E39)/(YEARFRAC(D39,C39,3)) -> 0.022638052 | AA39: =+Z39+$AE$1 -> 0.022638052 | AB39: =EXP(-AA39*YEARFRAC(D39,C39,3)) -> 0.79741461
A40: 126 Months * | B40: 10.51 | C40: 46630 | D40: 42794 | E40: 0.77576265 | F40: 2.7503842 | G40: 2.4453925 | H40: 2.333536 | I40: 2.347205 | Z40: =-LN(E40)/(YEARFRAC(D40,C40,3)) -> 0.024159715 | AA40: =+Z40+$AE$1 -> 0.024159715 | AB40: =EXP(-AA40*YEARFRAC(D40,C40,3)) -> 0.77576265
A41: 11 Years * | B41: 11.008 | C41: 46812 | D41: 42794 | E41: 0.75514551 | F41: 2.9455091 | G41: 2.5840508 | H41: 2.452008 | I41: 2.4671 | Z41: =-LN(E41)/(YEARFRAC(D41,C41,3)) -> 0.025512285 | AA41: =+Z41+$AE$1 -> 0.025512285 | AB41: =EXP(-AA41*YEARFRAC(D41,C41,3)) -> 0.75514551
A42: 138 Months * | B42: 11.512 | C42: 46996 | D42: 42794 | E42: 0.73485875 | F42: 3.1340812 | G42: 2.7121893 | H42: 2.560187 | I42: 2.576632 | Z42: =-LN(E42)/(YEARFRAC(D42,C42,3)) -> 0.026760613 | AA42: =+Z42+$AE$1 -> 0.026760613 | AB42: =EXP(-AA42*YEARFRAC(D42,C42,3)) -> 0.73485875
A43: BTPS 4 3/4 01/09/28 | B43: 11.515 | C43: 46997 | D43: 42794 | E43: 0.73475 | F43: 3.1350846 | G43: 2.7128555 | H43: 2.560739 | I43: 2.577195 | J43: 6M | L43: 0 | M43: 122.595 | N43: 122.595 | O43: Bond Price | P43: Price | Q43: Cont. | R43: act/act ISMA | S43: 4.75 | T43: 1 | U43: 0 | V43: Fixed | W43: 100 | Z43: =-LN(E43)/(YEARFRAC(D43,C43,3)) -> 0.026767098 | AA43: =+Z43+$AE$1 -> 0.026767098 | AB43: =EXP(-AA43*YEARFRAC(D43,C43,3)) -> 0.73475
A44: 12 Years * | B44: 12.008 | C44: 47177 | D44: 42794 | E44: 0.72501627 | F44: 3.1584982 | G44: 2.7140188 | H44: 2.56614 | I44: 2.582664 | Z44: =-LN(E44)/(YEARFRAC(D44,C44,3)) -> 0.026778424 | AA44: =+Z44+$AE$1 -> 0.026778424 | AB44: =EXP(-AA44*YEARFRAC(D44,C44,3)) -> 0.72501627
A45: 150 Months * | B45: 12.512 | C45: 47361 | D45: 42794 | E45: 0.7151995 | F45: 3.1825512 | G45: 2.7151131 | H45: 2.57124 | I45: 2.587823 | Z45: =-LN(E45)/(YEARFRAC(D45,C45,3)) -> 0.026789078 | AA45: =+Z45+$AE$1 -> 0.026789078 | AB45: =EXP(-AA45*YEARFRAC(D45,C45,3)) -> 0.7151995
A46: 13 Years * | B46: 13.008 | C46: 47542 | D46: 42794 | E46: 0.70567248 | F46: 3.206342 | G46: 2.7161069 | H46: 2.575872 | I46: 2.592518 | Z46: =-LN(E46)/(YEARFRAC(D46,C46,3)) -> 0.026798753 | AA46: =+Z46+$AE$1 -> 0.026798753 | AB46: =EXP(-AA46*YEARFRAC(D46,C46,3)) -> 0.70567248
A47: BTPS 3.5 03/01/2030 | B47: 13.011 | C47: 47543 | D47: 42794 | E47: 0.7056202 | F47: 3.2064738 | G47: 2.7161122 | H47: 2.575894 | I47: 2.592543 | J47: 6M | L47: 0 | M47: 110.51 | N47: 110.51 | O47: Bond Price | P47: Price | Q47: Cont. | R47: act/act ISMA | S47: 3.5 | T47: 1 | U47: 0 | V47: Fixed | W47: 100 | Z47: =-LN(E47)/(YEARFRAC(D47,C47,3)) -> 0.026798805 | AA47: =+Z47+$AE$1 -> 0.026798805 | AB47: =EXP(-AA47*YEARFRAC(D47,C47,3)) -> 0.7056202
A48: 162 Months * | B48: 13.51 | C48: 47725 | D48: 42794 | E48: 0.7000487 | F48: 3.1716142 | G48: 2.6747936 | H48: 2.546858 | I48: 2.563127 | Z48: =-LN(E48)/(YEARFRAC(D48,C48,3)) -> 0.026396463 | AA48: =+Z48+$AE$1 -> 0.026396463 | AB48: =EXP(-AA48*YEARFRAC(D48,C48,3)) -> 0.7000487
A49: 14 Years * | B49: 14.008 | C49: 47907 | D49: 42794 | E49: 0.69452119 | F49: 3.1398771 | G49: 2.6364314 | H49: 2.519685 | I49: 2.535614 | Z49: =-LN(E49)/(YEARFRAC(D49,C49,3)) -> 0.026022765 | AA49: =+Z49+$AE$1 -> 0.026022765 | AB49: =EXP(-AA49*YEARFRAC(D49,C49,3)) -> 0.69452119
A50: 174 Months * | B50: 14.507 | C50: 48089 | D50: 42794 | E50: 0.68903733 | F50: 3.1109455 | G50: 2.6007192 | H50: 2.494245 | I50: 2.509854 | Z50: =-LN(E50)/(YEARFRAC(D50,C50,3)) -> 0.025674757 | AA50: =+Z50+$AE$1 -> 0.025674757 | AB50: =EXP(-AA50*YEARFRAC(D50,C50,3)) -> 0.68903733
A51: 15 Years * | B51: 15.005 | C51: 48271 | D51: 42794 | E51: 0.68359677 | F51: 3.0845444 | G51: 2.5673917 | H51: 2.47034 | I51: 2.48566 | Z51: =-LN(E51)/(YEARFRAC(D51,C51,3)) -> 0.025349877 | AA51: =+Z51+$AE$1 -> 0.025349877 | AB51: =EXP(-AA51*YEARFRAC(D51,C51,3)) -> 0.68359677
A52: BTPS 1,65 01/03/32 | B52: 15.014 | C52: 48274 | D52: 42794 | E52: 0.68350745 | F52: 3.0841291 | G52: 2.566861 | H52: 2.469954 | I52: 2.485276 | J52: 6M | L52: 0 | M52: 89.465 | N52: 89.465 | O52: Bond Price | P52: Price | Q52: Cont. | R52: act/act ISMA | S52: 1.65 | T52: 1 | U52: 0 | V52: Fixed | W52: 100 | Z52: =-LN(E52)/(YEARFRAC(D52,C52,3)) -> 0.025344702 | AA52: =+Z52+$AE$1 -> 0.025344702 | AB52: =EXP(-AA52*YEARFRAC(D52,C52,3)) -> 0.68350745
A53: 186 Months * | B53: 15.515 | C53: 48457 | D53: 42794 | E53: 0.66122561 | F53: 3.3022292 | G53: 2.7020441 | H53: 2.577203 | I53: 2.593876 | Z53: =-LN(E53)/(YEARFRAC(D53,C53,3)) -> 0.026661834 | AA53: =+Z53+$AE$1 -> 0.026661834 | AB53: =EXP(-AA53*YEARFRAC(D53,C53,3)) -> 0.66122561
A54: 16 Years * | B54: 16.011 | C54: 48638 | D54: 42794 | E54: 0.63990188 | F54: 3.5147151 | G54: 2.827581 | H54: 2.674849 | I54: 2.692812 | Z54: =-LN(E54)/(YEARFRAC(D54,C54,3)) -> 0.027883428 | AA54: =+Z54+$AE$1 -> 0.027883428 | AB54: =EXP(-AA54*YEARFRAC(D54,C54,3)) -> 0.63990188
A55: 198 Months * | B55: 16.515 | C55: 48822 | D55: 42794 | E55: 0.61892945 | F55: 3.7280683 | G55: 2.9476145 | H55: 2.766515 | I55: 2.785724 | Z55: =-LN(E55)/(YEARFRAC(D55,C55,3)) -> 0.029050076 | AA55: =+Z55+$AE$1 -> 0.029050076 | AB55: =EXP(-AA55*YEARFRAC(D55,C55,3)) -> 0.61892945
A56: 17 Years * | B56: 17.011 | C56: 49003 | D56: 42794 | E56: 0.59896972 | F56: 3.935895 | G56: 3.0588747 | H56: 2.849962 | I56: 2.870349 | Z56: =-LN(E56)/(YEARFRAC(D56,C56,3)) -> 0.030130238 | AA56: =+Z56+$AE$1 -> 0.030130238 | AB56: =EXP(-AA56*YEARFRAC(D56,C56,3)) -> 0.59896972
A57: BTPS 5 08/01/34 | B57: 17.433 | C57: 49157 | D57: 42794 | E57: 0.58249504 | F57: 4.1115005 | G57: 3.1486417 | H57: 2.916107 | I57: 2.937513 | J57: 6M | L57: 0 | M57: 129.775 | N57: 129.775 | O57: Bond Price | P57: Price | Q57: Cont. | R57: act/act ISMA | S57: 5 | T57: 1 | U57: 0 | V57: Fixed | W57: 100 | Z57: =-LN(E57)/(YEARFRAC(D57,C57,3)) -> 0.031000885 | AA57: =+Z57+$AE$1 -> 0.031000885 | AB57: =EXP(-AA57*YEARFRAC(D57,C57,3)) -> 0.58249504
A58: 210 Months * | B58: 17.515 | C58: 49187 | D58: 42794 | E58: 0.58207741 | F58: 4.0992392 | G58: 3.1378604 | H58: 2.909336 | I58: 2.930576 | Z58: =-LN(E58)/(YEARFRAC(D58,C58,3)) -> 0.030896358 | AA58: =+Z58+$AE$1 -> 0.030896358 | AB58: =EXP(-AA58*YEARFRAC(D58,C58,3)) -> 0.58207741
A59: 18 Years * | B59: 18.011 | C59: 49368 | D59: 42794 | E59: 0.57956407 | F59: 4.0277409 | G59: 3.0749238 | H59: 2.869412 | I59: 2.890075 | Z59: =-LN(E59)/(YEARFRAC(D59,C59,3)) -> 0.030285953 | AA59: =+Z59+$AE$1 -> 0.030285953 | AB59: =EXP(-AA59*YEARFRAC(D59,C59,3)) -> 0.57956407
A60: 222 Months * | B60: 18.515 | C60: 49552 | D60: 42794 | E60: 0.5770202 | F60: 3.9591622 | G60: 3.0144357 | H60: 2.830608 | I60: 2.850711 | Z60: =-LN(E60)/(YEARFRAC(D60,C60,3)) -> 0.029698945 | AA60: =+Z60+$AE$1 -> 0.029698945 | AB60: =EXP(-AA60*YEARFRAC(D60,C60,3)) -> 0.5770202
A61: 19 Years * | B61: 19.014 | C61: 49734 | D61: 42794 | E61: 0.57451496 | F61: 3.8950797 | G61: 2.9577927 | H61: 2.793814 | I61: 2.813397 | Z61: =-LN(E61)/(YEARFRAC(D61,C61,3)) -> 0.029148939 | AA61: =+Z61+$AE$1 -> 0.029148939 | AB61: =EXP(-AA61*YEARFRAC(D61,C61,3)) -> 0.57451496
A62: 234 Months * | B62: 19.512 | C62: 49916 | D62: 42794 | E62: 0.5720206 | F62: 3.8344413 | G62: 2.9040735 | H62: 2.758529 | I62: 2.77762 | Z62: =-LN(E62)/(YEARFRAC(D62,C62,3)) -> 0.028627043 | AA62: =+Z62+$AE$1 -> 0.028627043 | AB62: =EXP(-AA62*YEARFRAC(D62,C62,3)) -> 0.5720206
A63: BTPS 2.25 09/01/36 | B63: 19.521 | C63: 49919 | D63: 42794 | E63: 0.57197957 | F63: 3.8334691 | G63: 2.9032112 | H63: 2.757958 | I63: 2.777047 | J63: 6M | L63: 0 | M63: 92.07 | N63: 92.07 | O63: Bond Price | P63: Price | Q63: Cont. | R63: act/act ISMA | S63: 2.25 | T63: 1 | U63: 0 | V63: Fixed | W63: 100 | Z63: =-LN(E63)/(YEARFRAC(D63,C63,3)) -> 0.028618664 | AA63: =+Z63+$AE$1 -> 0.028618664 | AB63: =EXP(-AA63*YEARFRAC(D63,C63,3)) -> 0.57197957
A64: 20 Years * | B64: 20.011 | C64: 50098 | D64: 42794 | E64: 0.55109381 | F64: 4.0706349 | G64: 3.0223939 | H64: 2.843057 | I64: 2.863344 | Z64: =-LN(E64)/(YEARFRAC(D64,C64,3)) -> 0.029776195 | AA64: =+Z64+$AE$1 -> 0.029776195 | AB64: =EXP(-AA64*YEARFRAC(D64,C64,3)) -> 0.55109381
A65: 246 Months * | B65: 20.518 | C65: 50283 | D65: 42794 | E65: 0.53030906 | F65: 4.3167031 | G65: 3.1397192 | H65: 2.924902 | I65: 2.946372 | Z65: =-LN(E65)/(YEARFRAC(D65,C65,3)) -> 0.03091438 | AA65: =+Z65+$AE$1 -> 0.03091438 | AB65: =EXP(-AA65*YEARFRAC(D65,C65,3)) -> 0.53030906
A66: 21 Years * | B66: 21.008 | C66: 50462 | D66: 42794 | E66: 0.51094489 | F66: 4.5561131 | G66: 3.2479688 | H66: 2.998697 | I66: 3.02127 | Z66: =-LN(E66)/(YEARFRAC(D66,C66,3)) -> 0.031963373 | AA66: =+Z66+$AE$1 -> 0.031963373 | AB66: =EXP(-AA66*YEARFRAC(D66,C66,3)) -> 0.51094489
A67: 258 Months * | B67: 21.518 | C67: 50648 | D67: 42794 | E67: 0.4915722 | F67: 4.8066659 | G67: 3.3553362 | H67: 3.070324 | I67: 3.093987 | Z67: =-LN(E67)/(YEARFRAC(D67,C67,3)) -> 0.033002731 | AA67: =+Z67+$AE$1 -> 0.033002731 | AB67: =EXP(-AA67*YEARFRAC(D67,C67,3)) -> 0.4915722
A68: 22 Years * | B68: 22.014 | C68: 50829 | D68: 42794 | E68: 0.4734257 | F68: 5.0525988 | G68: 3.4551453 | H68: 3.135456 | I68: 3.160135 | Z68: =-LN(E68)/(YEARFRAC(D68,C68,3)) -> 0.033967954 | AA68: =+Z68+$AE$1 -> 0.033967954 | AB68: =EXP(-AA68*YEARFRAC(D68,C68,3)) -> 0.4734257
A69: 270 Months * | B69: 22.518 | C69: 51013 | D69: 42794 | E69: 0.45566492 | F69: 5.3051128 | G69: 3.5521949 | H69: 3.197478 | I69: 3.223138 | Z69: =-LN(E69)/(YEARFRAC(D69,C69,3)) -> 0.034905599 | AA69: =+Z69+$AE$1 -> 0.034905599 | AB69: =EXP(-AA69*YEARFRAC(D69,C69,3)) -> 0.45566491
A70: 23 Years * | B70: 23.016 | C70: 51195 | D70: 42794 | E70: 0.43875275 | F70: 5.5577148 | G70: 3.6440914 | H70: 3.254991 | I70: 3.281582 | Z70: =-LN(E70)/(YEARFRAC(D70,C70,3)) -> 0.035792646 | AA70: =+Z70+$AE$1 -> 0.035792646 | AB70: =EXP(-AA70*YEARFRAC(D70,C70,3)) -> 0.43875275
A71: 282 Months * | B71: 23.521 | C71: 51379 | D71: 42794 | E71: 0.42229274 | F71: 5.8162998 | G71: 3.7331146 | H71: 3.309591 | I71: 3.337077 | Z71: =-LN(E71)/(YEARFRAC(D71,C71,3)) -> 0.036651209 | AA71: =+Z71+$AE$1 -> 0.036651209 | AB71: =EXP(-AA71*YEARFRAC(D71,C71,3)) -> 0.42229274
A72: BTPS 5% 01/09/40 | B72: 23.523 | C72: 51380 | D72: 42794 | E72: 0.42220499 | F72: 5.8177145 | G72: 3.7335882 | H72: 3.309969 | I72: 3.336944 | J72: 6M | L72: 0 | M72: 129.38 | N72: 129.38 | O72: Bond Price | P72: Price | Q72: Cont. | R72: act/act ISMA | S72: 5 | T72: 1 | U72: 0 | V72: Fixed | W72: 100 | Z72: =-LN(E72)/(YEARFRAC(D72,C72,3)) -> 0.036655775 | AA72: =+Z72+$AE$1 -> 0.036655775 | AB72: =EXP(-AA72*YEARFRAC(D72,C72,3)) -> 0.42220499
A73: 24 Years * | B73: 24.016 | C73: 51560 | D73: 42794 | E73: 0.41390493 | F73: 5.8960189 | G73: 3.7412674 | H73: 3.318631 | I73: 3.346269 | Z73: =-LN(E73)/(YEARFRAC(D73,C73,3)) -> 0.0367298 | AA73: =+Z73+$AE$1 -> 0.0367298 | AB73: =EXP(-AA73*YEARFRAC(D73,C73,3)) -> 0.41390493
A74: 294 Months * | B74: 24.518 | C74: 51743 | D74: 42794 | E74: 0.40571513 | F74: 5.9743661 | G74: 3.74791 | H74: 3.326673 | I74: 3.354443 | Z74: =-LN(E74)/(YEARFRAC(D74,C74,3)) -> 0.036793828 | AA74: =+Z74+$AE$1 -> 0.036793828 | AB74: =EXP(-AA74*YEARFRAC(D74,C74,3)) -> 0.40571513
A75: 25 Years * | B75: 25.016 | C75: 51925 | D75: 42794 | E75: 0.3977308 | F75: 6.0530735 | G75: 3.7542526 | H75: 3.334347 | I75: 3.362249 | Z75: =-LN(E75)/(YEARFRAC(D75,C75,3)) -> 0.036854962 | AA75: =+Z75+$AE$1 -> 0.036854962 | AB75: =EXP(-AA75*YEARFRAC(D75,C75,3)) -> 0.3977308
A76: 306 Months * | B76: 25.515 | C76: 52107 | D76: 42794 | E76: 0.38990361 | F76: 6.1325975 | G76: 3.7603478 | H76: 3.341707 | I76: 3.369731 | Z76: =-LN(E76)/(YEARFRAC(D76,C76,3)) -> 0.036913706 | AA76: =+Z76+$AE$1 -> 0.036913706 | AB76: =EXP(-AA76*YEARFRAC(D76,C76,3)) -> 0.38990361
A77: 26 Years * | B77: 26.014 | C77: 52289 | D77: 42794 | E77: 0.38223045 | F77: 6.2129679 | G77: 3.7662095 | H77: 3.348769 | I77: 3.376919 | Z77: =-LN(E77)/(YEARFRAC(D77,C77,3)) -> 0.036970197 | AA77: =+Z77+$AE$1 -> 0.036970197 | AB77: =EXP(-AA77*YEARFRAC(D77,C77,3)) -> 0.38223045
A78: 318 Months * | B78: 26.521 | C78: 52474 | D78: 42794 | E78: 0.37458556 | F78: 6.2955603 | G78: 3.7719424 | H78: 3.355665 | I78: 3.383929 | Z78: =-LN(E78)/(YEARFRAC(D78,C78,3)) -> 0.037025443 | AA78: =+Z78+$AE$1 -> 0.037025443 | AB78: =EXP(-AA78*YEARFRAC(D78,C78,3)) -> 0.37458556
A79: 27 Years * | B79: 27.019 | C79: 52656 | D79: 42794 | E79: 0.36721385 | F79: 6.3777248 | G79: 3.7773726 | H79: 3.362216 | I79: 3.39059 | Z79: =-LN(E79)/(YEARFRAC(D79,C79,3)) -> 0.037077771 | AA79: =+Z79+$AE$1 -> 0.037077771 | AB79: =EXP(-AA79*YEARFRAC(D79,C79,3)) -> 0.36721385
A80: 330 Months * | B80: 27.523 | C80: 52840 | D80: 42794 | E80: 0.3599086 | F80: 6.4617396 | G80: 3.7826628 | H80: 3.368558 | I80: 3.397036 | Z80: =-LN(E80)/(YEARFRAC(D80,C80,3)) -> 0.037128746 | AA80: =+Z80+$AE$1 -> 0.037128746 | AB80: =EXP(-AA80*YEARFRAC(D80,C80,3)) -> 0.3599086
A81: BTPS 4 3/4 01/09/44 | B81: 27.526 | C81: 52841 | D81: 42794 | E81: 0.3598693 | F81: 6.4621989 | G81: 3.7826911 | H81: 3.368591 | I81: 3.39707 | J81: 6M | L81: 0 | M81: 126.145 | N81: 126.145 | O81: Bond Price | P81: Price | Q81: Cont. | R81: act/act ISMA | S81: 4.75 | T81: 1 | U81: 0 | V81: Fixed | W81: 100 | Z81: =-LN(E81)/(YEARFRAC(D81,C81,3)) -> 0.037129018 | AA81: =+Z81+$AE$1 -> 0.037129018 | AB81: =EXP(-AA81*YEARFRAC(D81,C81,3)) -> 0.3598693
A82: 28 Years * | B82: 28.019 | C82: 53021 | D82: 42794 | E82: 0.36093323 | F82: 6.3192274 | G82: 3.7039658 | H82: 3.331784 | I82: 3.359644 | Z82: =-LN(E82)/(YEARFRAC(D82,C82,3)) -> 0.036370171 | AA82: =+Z82+$AE$1 -> 0.036370171 | AB82: =EXP(-AA82*YEARFRAC(D82,C82,3)) -> 0.36093323
A83: 342 Months * | B83: 28.523 | C83: 53205 | D83: 42794 | E83: 0.36202405 | F83: 6.178276 | G83: 3.6263632 | H83: 3.294749 | I83: 3.321989 | Z83: =-LN(E83)/(YEARFRAC(D83,C83,3)) -> 0.035621582 | AA83: =+Z83+$AE$1 -> 0.035621582 | AB83: =EXP(-AA83*YEARFRAC(D83,C83,3)) -> 0.36202405
A84: 29 Years * | B84: 29.019 | C84: 53386 | D84: 42794 | E84: 0.3631003 | F84: 6.0444854 | G84: 3.5527102 | H84: 3.258871 | I84: 3.285523 | Z84: =-LN(E84)/(YEARFRAC(D84,C84,3)) -> 0.034910574 | AA84: =+Z84+$AE$1 -> 0.034910574 | AB84: =EXP(-AA84*YEARFRAC(D84,C84,3)) -> 0.3631003
A85: 354 Months * | B85: 29.523 | C85: 53570 | D85: 42794 | E85: 0.36419767 | F85: 5.9131682 | G85: 3.4804235 | H85: 3.222988 | I85: 3.249053 | Z85: =-LN(E85)/(YEARFRAC(D85,C85,3)) -> 0.034212264 | AA85: =+Z85+$AE$1 -> 0.034212264 | AB85: =EXP(-AA85*YEARFRAC(D85,C85,3)) -> 0.36419767
A86: BTPS 3.25 09/01/2046 | B86: 29.526 | C86: 53571 | D86: 42794 | E86: 0.36420364 | F86: 5.912467 | G86: 3.4800375 | H86: 3.222605 | I86: 3.2483 | J86: 6M | L86: 0 | M86: 100.465 | N86: 100.465 | O86: Bond Price | P86: Price | Q86: Cont. | R86: act/act ISMA | S86: 3.25 | T86: 1 | U86: 0 | V86: Fixed | W86: 100 | Z86: =-LN(E86)/(YEARFRAC(D86,C86,3)) -> 0.034208534 | AA86: =+Z86+$AE$1 -> 0.034208534 | AB86: =EXP(-AA86*YEARFRAC(D86,C86,3)) -> 0.36420364
A87: 30 Years * | B87: 30.019 | C87: 53751 | D87: 42794 | E87: 0.36177835 | F87: 5.8766545 | G87: 3.4449223 | H87: 3.206087 | I87: 3.231881 | Z87: =-LN(E87)/(YEARFRAC(D87,C87,3)) -> 0.033869133 | AA87: =+Z87+$AE$1 -> 0.033869133 | AB87: =EXP(-AA87*YEARFRAC(D87,C87,3)) -> 0.36177835
A88: BTPS 2.7% 03/01/47 | B88: 30.022 | C88: 53752 | D88: 42794 | E88: 0.3617647 | F88: 5.8764656 | G88: 3.4447325 | H88: 3.205996 | I88: 3.23179 | J88: 6M | L88: 0 | M88: 89.87 | N88: 89.87 | O88: Bond Price | P88: Price | Q88: Cont. | R88: act/act ISMA | S88: 2.7 | T88: 1 | U88: 0 | V88: Fixed | W88: 100 | Z88: =-LN(E88)/(YEARFRAC(D88,C88,3)) -> 0.033867299 | AA88: =+Z88+$AE$1 -> 0.033867299 | AB88: =EXP(-AA88*YEARFRAC(D88,C88,3)) -> 0.3617647
A89: 366 Months * | B89: 30.521 | C89: 53934 | D89: 42794 | E89: 0.35928965 | F89: 5.8428496 | G89: 3.4107696 | H89: 3.189714 | I89: 3.215243 | Z89: =-LN(E89)/(YEARFRAC(D89,C89,3)) -> 0.033538926 | AA89: =+Z89+$AE$1 -> 0.033538926 | AB89: =EXP(-AA89*YEARFRAC(D89,C89,3)) -> 0.35928965
A90: 31 Years * | B90: 31.019 | C90: 54116 | D90: 42794 | E90: 0.35683153 | F90: 5.8107372 | G90: 3.3779092 | H90: 3.173861 | I90: 3.19914 | Z90: =-LN(E90)/(YEARFRAC(D90,C90,3)) -> 0.033221109 | AA90: =+Z90+$AE$1 -> 0.033221109 | AB90: =EXP(-AA90*YEARFRAC(D90,C90,3)) -> 0.35683153
A91: 378 Months * | B91: 31.526 | C91: 54301 | D91: 42794 | E91: 0.35435013 | F91: 5.779566 | G91: 3.3455827 | H91: 3.158117 | I91: 3.183143 | Z91: =-LN(E91)/(YEARFRAC(D91,C91,3)) -> 0.032908358 | AA91: =+Z91+$AE$1 -> 0.032908358 | AB91: =EXP(-AA91*YEARFRAC(D91,C91,3)) -> 0.35435013
A92: 32 Years * | B92: 32.016 | C92: 54480 | D92: 42794 | E92: 0.35196563 | F92: 5.7507537 | G92: 3.315288 | H92: 3.143242 | I92: 3.168037 | Z92: =-LN(E92)/(YEARFRAC(D92,C92,3)) -> 0.032615175 | AA92: =+Z92+$AE$1 -> 0.032615175 | AB92: =EXP(-AA92*YEARFRAC(D92,C92,3)) -> 0.35196563
A93: 390 Months * | B93: 32.526 | C93: 54666 | D93: 42794 | E93: 0.34950488 | F93: 5.722157 | G93: 3.2847854 | H93: 3.128128 | I93: 3.152685 | Z93: =-LN(E93)/(YEARFRAC(D93,C93,3)) -> 0.032319894 | AA93: =+Z93+$AE$1 -> 0.032319894 | AB93: =EXP(-AA93*YEARFRAC(D93,C93,3)) -> 0.34950488
A94: 33 Years * | B94: 33.022 | C94: 54847 | D94: 42794 | E94: 0.3471268 | F94: 5.6955859 | G94: 3.2560148 | H94: 3.113811 | I94: 3.138145 | Z94: =-LN(E94)/(YEARFRAC(D94,C94,3)) -> 0.032041299 | AA94: =+Z94+$AE$1 -> 0.032041299 | AB94: =EXP(-AA94*YEARFRAC(D94,C94,3)) -> 0.3471268
A95: 402 Months * | B95: 33.526 | C95: 55031 | D95: 42794 | E95: 0.34472589 | F95: 5.6697906 | G95: 3.2276476 | H95: 3.099566 | I95: 3.123675 | Z95: =-LN(E95)/(YEARFRAC(D95,C95,3)) -> 0.031766535 | AA95: =+Z95+$AE$1 -> 0.031766535 | AB95: =EXP(-AA95*YEARFRAC(D95,C95,3)) -> 0.34472589
A96: 34 Years * | B96: 34.022 | C96: 55212 | D96: 42794 | E96: 0.34238032 | F96: 5.6455624 | G96: 3.2005704 | H96: 3.085869 | I96: 3.109766 | Z96: =-LN(E96)/(YEARFRAC(D96,C96,3)) -> 0.031504194 | AA96: =+Z96+$AE$1 -> 0.031504194 | AB96: =EXP(-AA96*YEARFRAC(D96,C96,3)) -> 0.34238032
A97: 414 Months * | B97: 34.526 | C97: 55396 | D97: 42794 | E97: 0.34001224 | F97: 5.6220503 | G97: 3.1738486 | H97: 3.072288 | I97: 3.095973 | Z97: =-LN(E97)/(YEARFRAC(D97,C97,3)) -> 0.03124523 | AA97: =+Z97+$AE$1 -> 0.03124523 | AB97: =EXP(-AA97*YEARFRAC(D97,C97,3)) -> 0.34001224
A98: 35 Years * | B98: 35.025 | C98: 55578 | D98: 42794 | E98: 0.33768601 | F98: 5.5998574 | G98: 3.1481805 | H98: 3.059139 | I98: 3.082622 | Z98: =-LN(E98)/(YEARFRAC(D98,C98,3)) -> 0.030996414 | AA98: =+Z98+$AE$1 -> 0.030996414 | AB98: =EXP(-AA98*YEARFRAC(D98,C98,3)) -> 0.33768601
A99: 426 Months * | B99: 35.526 | C99: 55761 | D99: 42794 | E99: 0.33536304 | F99: 5.5785669 | G99: 3.123104 | H99: 3.046211 | I99: 3.069494 | Z99: =-LN(E99)/(YEARFRAC(D99,C99,3)) -> 0.030753273 | AA99: =+Z99+$AE$1 -> 0.030753273 | AB99: =EXP(-AA99*YEARFRAC(D99,C99,3)) -> 0.33536304
A100: 36 Years * | B100: 36.025 | C100: 55943 | D100: 42794 | E100: 0.33306862 | F100: 5.5583716 | G100: 3.0988627 | H100: 3.033631 | I100: 3.056724 | Z100: =-LN(E100)/(YEARFRAC(D100,C100,3)) -> 0.030518174 | AA100: =+Z100+$AE$1 -> 0.030518174 | AB100: =EXP(-AA100*YEARFRAC(D100,C100,3)) -> 0.33306862
...

Sheet CurvaSwap6M
A1: Description | B1: Term | C1: Mat. Date | D1: Start Date | E1: Discount Factor | F1: Tasso Continuo | G1: Spot Simple % | H1: Spot Compound % | I1: Yield Simple % | J1: Yield Compound % | K1: I. Rate Freq. | L1: 2nd Leg I. Rate Freq. | M1: Shock % | N1: Shocked Input Rate % | O1: Input I. Rate % | P1: Mkt Instrument | Q1: Input Rate Type | R1: Capitalisation | S1: Day Count
C2: =DATE(2017,8,15) -> 42962 | D2: =D3 -> 42794 | E2: =EXP(-F2*(YEARFRAC(D2,C2,2))) -> 1.0011074 | F2: =+F3 -> -0.0023717367 | J2: =J3 -> -0.352696
A3: 6 Months | B3: 0.511 | C3: 42978 | D3: 42794 | E3: 1.001213 | F3: =-LN(E3)/(YEARFRAC(D3,C3,2)) -> -0.0023717367 | G3: -0.23703004 | H3: -0.23689271 | I3: -0.23703 | J3: -0.352696 | K3: 1Y | M3: 0 | N3: -0.238 | O3: -0.238 | P3: ZC Deposit | Q3: Spot | R3: Simple | S3: act/360
A4: 3M/9M | B4: 0.764 | C4: 43069 | D4: 42794 | E4: 1.0016653 | F4: =-LN(E4)/(YEARFRAC(D4,C4,2)) -> -0.002178276 | G4: -0.21764654 | H4: -0.21759059 | I4: -0.217647 | J4: -0.353852 | K4: 1Y | M4: 0 | N4: -0.208 | O4: -0.208 | P4: Fra Rate | Q4: FRA | R4: Simple | S4: act/360
A5: 6M/1Y | B5: 1.014 | C5: 43159 | D5: 42794 | E5: 1.0021097 | F5: =-LN(E5)/(YEARFRAC(D5,C5,2)) -> -0.0020786495 | G5: -0.20764605 | H5: -0.20764905 | I5: -0.207647 | J5: -0.354009 | K5: 1Y | M5: 0 | N5: -0.178 | O5: -0.178 | P5: Fra Rate | Q5: FRA | R5: Simple | S5: act/360
A6: 1Y/18M | B6: 1.525 | C6: 43343 | D6: 42794 | E6: 1.0027717 | F6: =-LN(E6)/(YEARFRAC(D6,C6,2)) -> -0.001814981 | G6: -0.18124712 | H6: -0.18133346 | I6: -0.181309 | J6: -0.347914 | K6: 1Y | M6: 0 | N6: -0.13 | O6: -0.13 | P6: Fra Rate | Q6: FRA | R6: Simple | S6: act/360
A7: 18M/2Y | B7: 2.028 | C7: 43524 | D7: 42794 | E7: 1.0031651 | F7: =-LN(E7)/(YEARFRAC(D7,C7,2)) -> -0.0015584009 | G7: -0.1555941 | H7: -0.15571871 | I7: -0.155621 | J7: -0.337026 | K7: 1Y | M7: 0 | N7: -0.078 | O7: -0.078 | P7: Fra Rate | Q7: FRA | R7: Simple | S7: act/360
A8: 30 Months * | B8: 2.536 | C8: 43707 | D8: 42794 | E8: 1.0031451 | F8: =-LN(E8)/(YEARFRAC(D8,C8,2)) -> -0.0012381704 | G8: -0.12362284 | H8: -0.12374042 | I8: -0.123567 | J8: -0.3175
A9: 3 Years | B9: 3.042 | C9: 43889 | D9: 42794 | E9: 1.0027751 | F9: =-LN(E9)/(YEARFRAC(D9,C9,2)) -> -0.00091108885 | G9: -0.090982759 | H9: -0.091067392 | I9: -0.090792 | J9: -0.2981 | K9: 1Y | L9: 6M | M9: 0 | N9: -0.092 | O9: -0.092 | P9: Swap Rate | Q9: Yield | R9: Simple | S9: 30/360
A10: 42 Months * | B10: 3.556 | C10: 44074 | D10: 42794 | E10: 1.0017346 | F10: =-LN(E10)/(YEARFRAC(D10,C10,2)) -> -0.00048743671 | G10: -0.048701456 | H10: -0.048731792 | I10: -0.04835 | J10: -0.266674
A11: 4 Years | B11: 4.053 | C11: 44253 | D11: 42794 | E11: 1.0003001 | F11: =-LN(E11)/(YEARFRAC(D11,C11,2)) -> -7.4044023e-05 | G11: -0.007403295 | H11: -0.007404132 | I11: -0.006898 | J11: -0.236298 | K11: 1Y | L11: 6M | M11: 0 | N11: -0.007 | O11: -0.007 | P11: Swap Rate | Q11: Yield | R11: Simple | S11: 30/360
A12: 54 Months * | B12: 4.569 | C12: 44439 | D12: 42794 | E12: 0.99789479 | F12: =-LN(E12)/(YEARFRAC(D12,C12,2)) -> 0.00046120094 | G12: 0.046168728 | H12: 0.046130733 | I12: 0.046706 | J12: -0.192885
A13: 5 Years | B13: 5.072 | C13: 44620 | D13: 42794 | E13: 0.99514359 | F13: =-LN(E13)/(YEARFRAC(D13,C13,2)) -> 0.00095978498 | G13: 0.096212505 | H13: 0.096024576 | I13: 0.096676 | J13: -0.150683 | K13: 1Y | L13: 6M | M13: 0 | N13: 0.098 | O13: 0.098 | P13: Swap Rate | Q13: Yield | R13: Simple | S13: 30/360
A14: 66 Months * | B14: 5.583 | C14: 44804 | D14: 42794 | E14: 0.99151539 | F14: =-LN(E14)/(YEARFRAC(D14,C14,2)) -> 0.0015261153 | G14: 0.15326357 | H14: 0.15272804 | I14: 0.153265 | J14: -0.097506
A15: 6 Years | B15: 6.086 | C15: 44985 | D15: 42794 | E15: 0.9875097 | F15: =-LN(E15)/(YEARFRAC(D15,C15,2)) -> 0.0020651868 | G15: 0.207822 | H15: 0.20673208 | I15: 0.207159 | J15: -0.045251 | K15: 1Y | L15: 6M | M15: 0 | N15: 0.21 | O15: 0.21 | P15: Swap Rate | Q15: Yield | R15: Simple | S15: 30/360
A16: 78 Months * | B16: 6.597 | C16: 45169 | D16: 42794 | E16: 0.98252596 | F16: =-LN(E16)/(YEARFRAC(D16,C16,2)) -> 0.0026721109 | G16: 0.26958025 | H16: 0.26756841 | I16: 0.267567 | J16: 0.014748
A17: 7 Years | B17: 7.103 | C17: 45351 | D17: 42794 | E17: 0.97719342 | F17: =-LN(E17)/(YEARFRAC(D17,C17,2)) -> 0.0032481198 | G17: 0.32858777 | H17: 0.32534006 | I17: 0.32492 | J17: 0.074034 | K17: 1Y | L17: 6M | M17: 0 | N17: 0.329 | O17: 0.329 | P17: Swap Rate | Q17: Yield | R17: Simple | S17: 30/360
A18: 90 Months * | B18: 7.611 | C18: 45534 | D18: 42794 | E18: 0.97096165 | F18: =-LN(E18)/(YEARFRAC(D18,C18,2)) -> 0.0038717485 | G18: 0.39293599 | H18: 0.38792534 | I18: 0.386642 | J18: 0.136836
A19: 8 Years | B19: 8.117 | C19: 45716 | D19: 42794 | E19: 0.96445953 | F19: =-LN(E19)/(YEARFRAC(D19,C19,2)) -> 0.004458408 | G19: 0.4540059 | H19: 0.44683614 | I19: 0.44473 | J19: 0.199244 | K19: 1Y | L19: 6M | M19: 0 | N19: 0.451 | O19: 0.451 | P19: Swap Rate | Q19: Yield | R19: Simple | S19: 30/360
A20: 102 Months * | B20: 8.622 | C20: 45898 | D20: 42794 | E20: 0.95727161 | F20: =-LN(E20)/(YEARFRAC(D20,C20,2)) -> 0.0050646009 | G20: 0.51768091 | H20: 0.50774478 | I20: 0.504308 | J20: 0.25986
A21: 9 Years | B21: 9.128 | C21: 46080 | D21: 42794 | E21: 0.94989289 | F21: =-LN(E21)/(YEARFRAC(D21,C21,2)) -> 0.0056318252 | G21: 0.57790928 | H21: 0.56477138 | I21: 0.560111 | J21: 0.320453 | K21: 1Y | L21: 6M | M21: 0 | N21: 0.568 | O21: 0.568 | P21: Swap Rate | Q21: Yield | R21: Simple | S21: 30/360
A22: 114 Months * | B22: 9.642 | C22: 46265 | D22: 42794 | E22: 0.94192956 | F22: =-LN(E22)/(YEARFRAC(D22,C22,2)) -> 0.0062048175 | G22: 0.63941757 | H22: 0.62241073 | I22: 0.615995 | J22: 0.378536
A23: 10 Years | B23: 10.139 | C23: 46444 | D23: 42794 | E23: 0.93410769 | F23: =-LN(E23)/(YEARFRAC(D23,C23,2)) -> 0.0067229798 | G23: 0.69574069 | H23: 0.67456298 | I23: 0.666616 | J23: 0.434738 | K23: 1Y | L23: 6M | M23: 0 | N23: 0.676 | O23: 0.676 | P23: Swap Rate | Q23: Yield | R23: Simple | S23: 30/360
A24: 126 Months * | B24: 10.656 | C24: 46630 | D24: 42794 | E24: 0.92562652 | F24: =-LN(E24)/(YEARFRAC(D24,C24,2)) -> 0.0072529722 | G24: 0.75406051 | H24: 0.72793388 | I24: 0.717889 | J24: 0.487974
A25: 11 Years | B25: 11.161 | C25: 46812 | D25: 42794 | E25: 0.91730498 | F25: =-LN(E25)/(YEARFRAC(D25,C25,2)) -> 0.0077335743 | G25: 0.80771509 | H25: 0.77635556 | I25: 0.764507 | J25: 0.540102 | K25: 1Y | L25: 6M | M25: 0 | N25: 0.775 | O25: 0.775 | P25: Swap Rate | Q25: Yield | R25: Simple | S25: 30/360
A26: 138 Months * | B26: 11.672 | C26: 46996 | D26: 42794 | E26: 0.90878307 | F26: =-LN(E26)/(YEARFRAC(D26,C26,2)) -> 0.0081945713 | G26: 0.85992715 | H26: 0.82282387 | I26: 0.808754 | J26: 0.586702
A27: 12 Years | B27: 12.175 | C27: 47177 | D27: 42794 | E27: 0.90035686 | F27: =-LN(E27)/(YEARFRAC(D27,C27,2)) -> 0.0086212796 | G27: 0.90899969 | H27: 0.86585498 | I27: 0.849873 | J27: 0.632583 | K27: 1Y | L27: 6M | M27: 0 | N27: 0.862 | O27: 0.862 | P27: Swap Rate | Q27: Yield | R27: Simple | S27: 30/360
A28: 150 Months * | B28: 12.686 | C28: 47361 | D28: 42794 | E28: 0.89174027 | F28: =-LN(E28)/(YEARFRAC(D28,C28,2)) -> 0.0090319531 | G28: 0.95697376 | H28: 0.90728643 | I28: 0.88902 | J28: 0.668252
A29: 13 Years | B29: 13.189 | C29: 47542 | D29: 42794 | E29: 0.88333649 | F29: =-LN(E29)/(YEARFRAC(D29,C29,2)) -> 0.0094055747 | G29: 1.0013841 | H29: 0.94499462 | I29: 0.924891 | J29: 0.703411 | K29: 1Y | L29: 6M | M29: 0 | N29: 0.938 | O29: 0.938 | P29: Swap Rate | Q29: Yield | R29: Simple | S29: 30/360
A30: 162 Months * | B30: 13.697 | C30: 47725 | D30: 42794 | E30: 0.87491212 | F30: =-LN(E30)/(YEARFRAC(D30,C30,2)) -> 0.0097561263 | G30: 1.0438024 | H30: 0.98038724 | I30: 0.958099 | J30: 0.738997
A31: 14 Years | B31: 14.203 | C31: 47907 | D31: 42794 | E31: 0.86661348 | F31: =-LN(E31)/(YEARFRAC(D31,C31,2)) -> 0.010079874 | G31: 1.0837103 | H31: 1.0130847 | I31: 0.988994 | J31: 0.774465 | K31: 1Y | L31: 6M | M31: 0 | N31: 1.003 | O31: 1.003 | P31: Swap Rate | Q31: Yield | R31: Simple | S31: 30/360
A32: 174 Months * | B32: 14.708 | C32: 48089 | D32: 42794 | E32: 0.85843561 | F32: =-LN(E32)/(YEARFRAC(D32,C32,2)) -> 0.010378036 | G32: 1.1211994 | H32: 1.0432074 | I32: 1.01706 | J32: 0.810006
A33: 15 Years | B33: 15.214 | C33: 48271 | D33: 42794 | E33: 0.8503711 | F33: =-LN(E33)/(YEARFRAC(D33,C33,2)) -> 0.010653583 | G33: 1.1565562 | H33: 1.0710535 | I33: 1.043191 | J33: 0.845626 | K33: 1Y | L33: 6M | M33: 0 | N33: 1.058 | O33: 1.058 | P33: Swap Rate | Q33: Yield | R33: Simple | S33: 30/360
A34: 186 Months * | B34: 15.731 | C34: 48457 | D34: 42794 | E34: 0.8422732 | F34: =-LN(E34)/(YEARFRAC(D34,C34,2)) -> 0.010911938 | G34: 1.1904426 | H34: 1.0971691 | I34: 1.067415 | J34: 0.865157
A35: 16 Years | B35: 16.233 | C35: 48638 | D35: 42794 | E35: 0.83451795 | F35: =-LN(E35)/(YEARFRAC(D35,C35,2)) -> 0.0111438 | G35: 1.2215394 | H35: 1.1206124 | I35: 1.089456 | J35: 0.884225 | K35: 1Y | L35: 6M | M35: 0 | N35: 1.105 | O35: 1.105 | P35: Swap Rate | Q35: Yield | R35: Simple | S35: 30/360
A36: 198 Months * | B36: 16.744 | C36: 48822 | D36: 42794 | E36: 0.82680202 | F36: =-LN(E36)/(YEARFRAC(D36,C36,2)) -> 0.011358394 | G36: 1.2510381 | H36: 1.1423146 | I36: 1.109554 | J36: 0.90365
A37: 17 Years | B37: 17.247 | C37: 49003 | D37: 42794 | E37: 0.81935107 | F37: =-LN(E37)/(YEARFRAC(D37,C37,2)) -> 0.011552157 | G37: 1.2783395 | H37: 1.1619141 | I37: 1.12796 | J37: 0.922805 | K37: 1Y | L37: 6M | M37: 0 | N37: 1.144 | O37: 1.144 | P37: Swap Rate | Q37: Yield | R37: Simple | S37: 30/360
A38: 210 Months * | B38: 17.758 | C38: 49187 | D38: 42794 | E38: 0.81198546 | F38: =-LN(E38)/(YEARFRAC(D38,C38,2)) -> 0.011728175 | G38: 1.30389 | H38: 1.179722 | I38: 1.144434 | J38: 0.942324
A39: 18 Years | B39: 18.261 | C39: 49368 | D39: 42794 | E39: 0.80487672 | F39: =-LN(E39)/(YEARFRAC(D39,C39,2)) -> 0.011886799 | G39: 1.327555 | H39: 1.1957727 | I39: 1.159525 | J39: 0.961582 | K39: 1Y | L39: 6M | M39: 0 | N39: 1.176 | O39: 1.176 | P39: Swap Rate | Q39: Yield | R39: Simple | S39: 30/360
A40: 222 Months * | B40: 18.772 | C40: 49552 | D40: 42794 | E40: 0.79786006 | F40: =-LN(E40)/(YEARFRAC(D40,C40,2)) -> 0.012029586 | G40: 1.3496145 | H40: 1.2102233 | I40: 1.172901 | J40: 0.981199
A41: 19 Years | B41: 19.278 | C41: 49734 | D41: 42794 | E41: 0.79105336 | F41: =-LN(E41)/(YEARFRAC(D41,C41,2)) -> 0.012158552 | G41: 1.3701643 | H41: 1.2232767 | I41: 1.185211 | J41: 1.000664 | K41: 1Y | L41: 6M | M41: 0 | N41: 1.202 | O41: 1.202 | P41: Swap Rate | Q41: Yield | R41: Simple | S41: 30/360
A42: 234 Months * | B42: 19.783 | C42: 49916 | D42: 42794 | E42: 0.78445162 | F42: =-LN(E42)/(YEARFRAC(D42,C42,2)) -> 0.01227146 | G42: 1.3889261 | H42: 1.2347063 | I42: 1.195815 | J42: 1.020167
A43: 20 Years | B43: 20.289 | C43: 50098 | D43: 42794 | E43: 0.77797636 | F43: =-LN(E43)/(YEARFRAC(D43,C43,2)) -> 0.012374218 | G43: 1.4066128 | H43: 1.2451096 | I43: 1.205674 | J43: 1.039728 | K43: 1Y | L43: 6M | M43: 0 | N43: 1.223 | O43: 1.223 | P43: Swap Rate | Q43: Yield | R43: Simple | S43: 30/360
A44: 246 Months * | B44: 20.803 | C44: 50283 | D44: 42794 | E44: 0.77156906 | F44: =-LN(E44)/(YEARFRAC(D44,C44,2)) -> 0.01246608 | G44: 1.4231766 | H44: 1.2544106 | I44: 1.214362 | J44: 1.047952
A45: 21 Years | B45: 21.3 | C45: 50462 | D45: 42794 | E45: 0.7654379 | F45: =-LN(E45)/(YEARFRAC(D45,C45,2)) -> 0.012549633 | G45: 1.4386934 | H45: 1.262871 | I45: 1.222478 | J45: 1.055916 | K45: 1Y | L45: 6M | M45: 0 | N45: 1.24 | O45: 1.24 | P45: Swap Rate | Q45: Yield | R45: Simple | S45: 30/360
A46: 258 Months * | B46: 21.817 | C46: 50648 | D46: 42794 | E46: 0.75914757 | F46: =-LN(E46)/(YEARFRAC(D46,C46,2)) -> 0.012630669 | G46: 1.4542411 | H46: 1.2710773 | I46: 1.230171 | J46: 1.064219
A47: 22 Years | B47: 22.319 | C47: 50829 | D47: 42794 | E47: 0.75311209 | F47: =-LN(E47)/(YEARFRAC(D47,C47,2)) -> 0.012703775 | G47: 1.4687802 | H47: 1.2784811 | I47: 1.237307 | J47: 1.072291 | K47: 1Y | L47: 6M | M47: 0 | N47: 1.255 | O47: 1.255 | P47: Swap Rate | Q47: Yield | R47: Simple | S47: 30/360
A48: 270 Months * | B48: 22.831 | C48: 51013 | D48: 42794 | E48: 0.74726946 | F48: =-LN(E48)/(YEARFRAC(D48,C48,2)) -> 0.012760506 | G48: 1.4813716 | H48: 1.2842269 | I48: 1.242833 | J48: 1.080556
A49: 23 Years | B49: 23.336 | C49: 51195 | D49: 42794 | E49: 0.7415427 | F49: =-LN(E49)/(YEARFRAC(D49,C49,2)) -> 0.012813726 | G49: 1.4935651 | H49: 1.2896173 | I49: 1.248196 | J49: 1.088735 | K49: 1Y | L49: 6M | M49: 0 | N49: 1.266 | O49: 1.266 | P49: Swap Rate | Q49: Yield | R49: Simple | S49: 30/360
A50: 282 Months * | B50: 23.847 | C50: 51379 | D50: 42794 | E50: 0.73580954 | F50: =-LN(E50)/(YEARFRAC(D50,C50,2)) -> 0.012864558 | G50: 1.5056149 | H50: 1.2947662 | I50: 1.253155 | J50: 1.097012
A51: 24 Years | B51: 24.35 | C51: 51560 | D51: 42794 | E51: 0.73022832 | F51: =-LN(E51)/(YEARFRAC(D51,C51,2)) -> 0.012911623 | G51: 1.5171856 | H51: 1.2995338 | I51: 1.257917 | J51: 1.105157 | K51: 1Y | L51: 6M | M51: 0 | N51: 1.276 | O51: 1.276 | P51: Swap Rate | Q51: Yield | R51: Simple | S51: 30/360
A52: 294 Months * | B52: 24.858 | C52: 51743 | D52: 42794 | E52: 0.72483535 | F52: =-LN(E52)/(YEARFRAC(D52,C52,2)) -> 0.012945789 | G52: 1.5271485 | H52: 1.3029949 | I52: 1.261408 | J52: 1.113428
A53: 25 Years | B53: 25.364 | C53: 51925 | D53: 42794 | E53: 0.71952717 | F53: =-LN(E53)/(YEARFRAC(D53,C53,2)) -> 0.012977544 | G53: 1.5368368 | H53: 1.3062118 | I53: 1.264827 | J53: 1.121672 | K53: 1Y | L53: 6M | M53: 0 | N53: 1.283 | O53: 1.283 | P53: Swap Rate | Q53: Yield | R53: Simple | S53: 30/360
A54: 306 Months * | B54: 25.869 | C54: 52107 | D54: 42794 | E54: 0.71428536 | F54: =-LN(E54)/(YEARFRAC(D54,C54,2)) -> 0.01300657 | G54: 1.5462284 | H54: 1.3091523 | I54: 1.267826 | J54: 1.125338
A55: 26 Years | B55: 26.375 | C55: 52289 | D55: 42794 | E55: 0.70910488 | F55: =-LN(E55)/(YEARFRAC(D55,C55,2)) -> 0.013033245 | G55: 1.5553692 | H55: 1.3118548 | I55: 1.270761 | J55: 1.128999 | K55: 1Y | L55: 6M | M55: 0 | N55: 1.289 | O55: 1.289 | P55: Swap Rate | Q55: Yield | R55: Simple | S55: 30/360
A56: 318 Months * | B56: 26.889 | C56: 52474 | D56: 42794 | E56: 0.7039214 | F56: =-LN(E56)/(YEARFRAC(D56,C56,2)) -> 0.013057013 | G56: 1.5642638 | H56: 1.3142628 | I56: 1.273299 | J56: 1.132743
A57: 27 Years | B57: 27.394 | C57: 52656 | D57: 42794 | E57: 0.69888751 | F57: =-LN(E57)/(YEARFRAC(D57,C57,2)) -> 0.013078034 | G57: 1.5727475 | H57: 1.3163926 | I57: 1.275717 | J57: 1.136414 | K57: 1Y | L57: 6M | M57: 0 | N57: 1.294 | O57: 1.294 | P57: Swap Rate | Q57: Yield | R57: Simple | S57: 30/360
A58: 330 Months * | B58: 27.906 | C58: 52840 | D58: 42794 | E58: 0.69389436 | F58: =-LN(E58)/(YEARFRAC(D58,C58,2)) -> 0.013095441 | G58: 1.5808378 | H58: 1.3181562 | I58: 1.277684 | J58: 1.140146
A59: 28 Years | B59: 28.408 | C59: 53021 | D59: 42794 | E59: 0.68904264 | F59: =-LN(E59)/(YEARFRAC(D59,C59,2)) -> 0.013110664 | G59: 1.5885796 | H59: 1.3196986 | I59: 1.279576 | J59: 1.143809 | K59: 1Y | L59: 6M | M59: 0 | N59: 1.298 | O59: 1.298 | P59: Swap Rate | Q59: Yield | R59: Simple | S59: 30/360
A60: 342 Months * | B60: 28.919 | C60: 53205 | D60: 42794 | E60: 0.68419263 | F60: =-LN(E60)/(YEARFRAC(D60,C60,2)) -> 0.013123204 | G60: 1.5960773 | H60: 1.3209692 | I60: 1.281104 | J60: 1.147545
A61: 29 Years | B61: 29.422 | C61: 53386 | D61: 42794 | E61: 0.67948816 | F61: =-LN(E61)/(YEARFRAC(D61,C61,2)) -> 0.013133456 | G61: 1.6031963 | H61: 1.3220079 | I61: 1.282549 | J61: 1.151218 | K61: 1Y | L61: 6M | M61: 0 | N61: 1.301 | O61: 1.301 | P61: Swap Rate | Q61: Yield | R61: Simple | S61: 30/360
A62: 354 Months * | B62: 29.933 | C62: 53570 | D62: 42794 | E62: 0.67479097 | F62: =-LN(E62)/(YEARFRAC(D62,C62,2)) -> 0.013140946 | G62: 1.6100459 | H62: 1.3227668 | I62: 1.283632 | J62: 1.15496
A63: 30 Years | B63: 30.436 | C63: 53751 | D63: 42794 | E63: 0.67026574 | F63: =-LN(E63)/(YEARFRAC(D63,C63,2)) -> 0.013144946 | G63: 1.616322 | H63: 1.323172 | I63: 1.284534 | J63: 1.158649 | K63: 1Y | L63: 6M | M63: 0 | N63: 1.303 | O63: 1.303 | P63: Swap Rate | Q63: Yield | R63: Simple | S63: 30/360
A64: 366 Months * | B64: 30.944 | C64: 53934 | D64: 42794 | E64: 0.66578587 | F64: =-LN(E64)/(YEARFRAC(D64,C64,2)) -> 0.013145725 | G64: 1.6222117 | H64: 1.323251 | I64: 1.28504 | J64: 1.159686
A65: 31 Years * | B65: 31.45 | C65: 54116 | D65: 42794 | E65: 0.66136019 | F65: =-LN(E65)/(YEARFRAC(D65,C65,2)) -> 0.013146476 | G65: 1.6280934 | H65: 1.3233271 | I65: 1.285647 | J65: 1.160704
A66: 378 Months * | B66: 31.964 | C66: 54301 | D66: 42794 | E66: 0.6568917 | F66: =-LN(E66)/(YEARFRAC(D66,C66,2)) -> 0.013147215 | G66: 1.634097 | H66: 1.323402 | I66: 1.286128 | J66: 1.161749
A67: 32 Years * | B67: 32.461 | C67: 54480 | D67: 42794 | E67: 0.65259688 | F67: =-LN(E67)/(YEARFRAC(D67,C67,2)) -> 0.013147907 | G67: 1.6399301 | H67: 1.3234721 | I67: 1.286693 | J67: 1.162749
A68: 390 Months * | B68: 32.978 | C68: 54666 | D68: 42794 | E68: 0.64816385 | F68: =-LN(E68)/(YEARFRAC(D68,C68,2)) -> 0.013148605 | G68: 1.6460169 | H68: 1.3235428 | I68: 1.287143 | J68: 1.163791
A69: 33 Years * | B69: 33.481 | C69: 54847 | D69: 42794 | E69: 0.64387889 | F69: =-LN(E69)/(YEARFRAC(D69,C69,2)) -> 0.013149263 | G69: 1.6519651 | H69: 1.3236095 | I69: 1.287678 | J69: 1.164795
A70: 402 Months * | B70: 33.992 | C70: 55031 | D70: 42794 | E70: 0.63955195 | F70: =-LN(E70)/(YEARFRAC(D70,C70,2)) -> 0.013149912 | G70: 1.6580376 | H70: 1.3236752 | I70: 1.288099 | J70: 1.165824
A71: 34 Years * | B71: 34.494 | C71: 55212 | D71: 42794 | E71: 0.63532393 | F71: =-LN(E71)/(YEARFRAC(D71,C71,2)) -> 0.013150531 | G71: 1.6640367 | H71: 1.323738 | I71: 1.288604 | J71: 1.166825
A72: 414 Months * | B72: 35.006 | C72: 55396 | D72: 42794 | E72: 0.63105507 | F72: =-LN(E72)/(YEARFRAC(D72,C72,2)) -> 0.013151117 | G72: 1.670157 | H72: 1.3237973 | I72: 1.289 | J72: 1.167851
A73: 35 Years | B73: 35.511 | C73: 55578 | D73: 42794 | E73: 0.6268614 | F73: =-LN(E73)/(YEARFRAC(D73,C73,2)) -> 0.013151653 | G73: 1.676233 | H73: 1.3238516 | I73: 1.289474 | J73: 1.168851 | K73: 1Y | L73: 6M | M73: 0 | N73: 1.308 | O73: 1.308 | P73: Swap Rate | Q73: Yield | R73: Simple | S73: 30/360
A74: 426 Months * | B74: 36.019 | C74: 55761 | D74: 42794 | E74: 0.62298721 | F74: =-LN(E74)/(YEARFRAC(D74,C74,2)) -> 0.013138162 | G74: 1.6801186 | H74: 1.3224847 | I74: 1.288754 | J74: 1.169902
A75: 36 Years * | B75: 36.525 | C75: 55943 | D75: 42794 | E75: 0.61915794 | F75: =-LN(E75)/(YEARFRAC(D75,C75,2)) -> 0.013125117 | G75: 1.6840432 | H75: 1.3211629 | I75: 1.288141 | J75: 1.170929
A76: 438 Months * | B76: 37.031 | C76: 56125 | D76: 42794 | E76: 0.6153522 | F76: =-LN(E76)/(YEARFRAC(D76,C76,2)) -> 0.013112428 | G76: 1.6880265 | H76: 1.3198773 | I76: 1.287462 | J76: 1.171967
A77: 37 Years * | B77: 37.536 | C77: 56307 | D77: 42794 | E77: 0.61156986 | F77: =-LN(E77)/(YEARFRAC(D77,C77,2)) -> 0.013100081 | G77: 1.6920671 | H77: 1.3186263 | I77: 1.286884 | J77: 1.172991
A78: 450 Months * | B78: 38.05 | C78: 56492 | D78: 42794 | E78: 0.60774899 | F78: =-LN(E78)/(YEARFRAC(D78,C78,2)) -> 0.013087867 | G78: 1.6962317 | H78: 1.3173888 | I78: 1.286229 | J78: 1.174037
A79: 38 Years * | B79: 38.547 | C79: 56671 | D79: 42794 | E79: 0.60407477 | F79: =-LN(E79)/(YEARFRAC(D79,C79,2)) -> 0.013076359 | G79: 1.700315 | H79: 1.3162228 | I79: 1.285691 | J79: 1.17504
A80: 462 Months * | B80: 39.064 | C80: 56857 | D80: 42794 | E80: 0.60028039 | F80: =-LN(E80)/(YEARFRAC(D80,C80,2)) -> 0.013064711 | G80: 1.7046131 | H80: 1.3150427 | I80: 1.285067 | J80: 1.176087
A81: 39 Years * | B81: 39.569 | C81: 57039 | D81: 42794 | E81: 0.59659069 | F81: =-LN(E81)/(YEARFRAC(D81,C81,2)) -> 0.013053608 | G81: 1.7088718 | H81: 1.3139178 | I81: 1.284549 | J81: 1.177101
A82: 474 Months * | B82: 40.081 | C82: 57223 | D82: 42794 | E82: 0.59288349 | F82: =-LN(E82)/(YEARFRAC(D82,C82,2)) -> 0.013042668 | G82: 1.7132298 | H82: 1.3128094 | I82: 1.283962 | J82: 1.178131
A83: 40 Years | B83: 40.583 | C83: 57404 | D83: 42794 | E83: 0.58925922 | F83: =-LN(E83)/(YEARFRAC(D83,C83,2)) -> 0.013032175 | G83: 1.7175672 | H83: 1.3117464 | I83: 1.283472 | J83: 1.179135 | K83: 1Y | L83: 6M | M83: 0 | N83: 1.302 | O83: 1.302 | P83: Swap Rate | Q83: Yield | R83: Simple | S83: 30/360
A84: 486 Months * | B84: 41.094 | C84: 57588 | D84: 42794 | E84: 0.5864158 | F84: =-LN(E84)/(YEARFRAC(D84,C84,2)) -> 0.012987794 | G84: 1.7162287 | H84: 1.3072502 | I84: 1.280352 | J84: 1.177396
A85: 41 Years * | B85: 41.597 | C85: 57769 | D85: 42794 | E85: 0.58363214 | F85: =-LN(E85)/(YEARFRAC(D85,C85,2)) -> 0.012945201 | G85: 1.7150377 | H85: 1.3029353 | I85: 1.277409 | J85: 1.175653
A86: 498 Months * | B86: 42.106 | C86: 57952 | D86: 42794 | E86: 0.58083115 | F86: =-LN(E86)/(YEARFRAC(D86,C86,2)) -> 0.012903171 | G86: 1.7139562 | H86: 1.2986776 | I86: 1.274446 | J86: 1.173913
A87: 42 Years * | B87: 42.611 | C87: 58134 | D87: 42794 | E87: 0.57805879 | F87: =-LN(E87)/(YEARFRAC(D87,C87,2)) -> 0.012862366 | G87: 1.7129988 | H87: 1.2945442 | I87: 1.27162 | J87: 1.172153
A88: 510 Months * | B88: 43.117 | C88: 58316 | D88: 42794 | E88: 0.57529967 | F88: =-LN(E88)/(YEARFRAC(D88,C88,2)) -> 0.012822517 | G88: 1.7121558 | H88: 1.2905078 | I88: 1.268802 | J88: 1.170413
A89: 43 Years * | B89: 43.622 | C89: 58498 | D89: 42794 | E89: 0.57255372 | F89: =-LN(E89)/(YEARFRAC(D89,C89,2)) -> 0.012783592 | G89: 1.7114236 | H89: 1.2865652 | I89: 1.266099 | J89: 1.168646
A90: 522 Months * | B90: 44.139 | C90: 58684 | D90: 42794 | E90: 0.56976096 | F90: =-LN(E90)/(YEARFRAC(D90,C90,2)) -> 0.012744733 | G90: 1.7107861 | H90: 1.2826294 | I90: 1.263345 | J90: 1.166861
A91: 44 Years * | B91: 44.642 | C91: 58865 | D91: 42794 | E91: 0.56705636 | F91: =-LN(E91)/(YEARFRAC(D91,C91,2)) -> 0.012707782 | G91: 1.7102703 | H91: 1.2788869 | I91: 1.260773 | J91: 1.165097
A92: 534 Months * | B92: 45.153 | C92: 59049 | D92: 42794 | E92: 0.56432008 | F92: =-LN(E92)/(YEARFRAC(D92,C92,2)) -> 0.012671062 | G92: 1.7098482 | H92: 1.275168 | I92: 1.258164 | J92: 1.163324
A93: 45 Years * | B93: 45.656 | C93: 59230 | D93: 42794 | E93: 0.5616413 | F93: =-LN(E93)/(YEARFRAC(D93,C93,2)) -> 0.012635743 | G93: 1.7095309 | H93: 1.2715912 | I93: 1.2557 | J93: 1.161555
A94: 546 Months * | B94: 46.167 | C94: 59414 | D94: 42794 | E94: 0.55893116 | F94: =-LN(E94)/(YEARFRAC(D94,C94,2)) -> 0.012600627 | G94: 1.7093049 | H94: 1.268035 | I94: 1.253198 | J94: 1.159775
A95: 46 Years * | B95: 46.669 | C95: 59595 | D95: 42794 | E95: 0.55627796 | F95: =-LN(E95)/(YEARFRAC(D95,C95,2)) -> 0.012566834 | G95: 1.7091749 | H95: 1.2646129 | I95: 1.250835 | J95: 1.158001
... A102: 594 Months * | B102: 50.225 | C102: 60875 | D102: 42794 | E102: 0.53787104 | F102: =-LN(E102)/(YEARFRAC(D102,C102,2)) -> 0.012347167 | G102: 1.7106654 | H102: 1.2423708 | I102: 1.235224 | J102: 1.145484
A103: 50 Years | B103: 50.728 | C103: 61056 | D103: 42794 | E103: 0.53531781 | F103: =-LN(E103)/(YEARFRAC(D103,C103,2)) -> 0.012318589 | G103: 1.711191 | H103: 1.2394776 | I103: 1.233208 | J103: 1.143697 | K103: 1Y | L103: 6M | M103: 0 | N103: 1.251 | O103: 1.251 | P103: Swap Rate | Q103: Yield | R103: Simple | S103: 30/360
A104: 606 Months * | B104: 51.239 | C104: 61240 | D104: 42794 | E104: 0.53274365 | F104: =-LN(E104)/(YEARFRAC(D104,C104,2)) -> 0.012289785 | G104: 1.7117378 | H104: 1.2365615 | I104: 1.231132 | J104: 1.142445
A105: 51 Years * | B105: 51.744 | C105: 61422 | D105: 42794 | E105: 0.53020964 | F105: =-LN(E105)/(YEARFRAC(D105,C105,2)) -> 0.012261854 | G105: 1.7123509 | H105: 1.2337338 | I105: 1.229159 | J105: 1.141192
A106: 618 Months * | B106: 52.256 | C106: 61606 | D106: 42794 | E106: 0.52766003 | F106: =-LN(E106)/(YEARFRAC(D106,C106,2)) -> 0.012234165 | G106: 1.713042 | H106: 1.2309308 | I106: 1.22716 | J106: 1.139937
...

Sheet CurvaEonia
A1: Description | B1: Term | C1: Mat. Date | D1: Start Date | E1: Discount Factor | F1: Spot Simple % | G1: Spot Compound % | H1: Yield Simple % | I1: Yield Compound % | J1: I. Rate Freq. | K1: 2nd Leg I. Rate Freq. | L1: Shock % | M1: Shocked Input Rate % | N1: Input I. Rate % | O1: Mkt Instrument | P1: Input Rate Type | Q1: Capitalisation | R1: Day Count
A2: OVN | B2: 0.008 | C2: 42793 | D2: 42790 | E2: 1.0000333 | F2: -0.4 | G2: -0.39920771 | H2: -0.4 | I2: -0.399208 | J2: 1Y | L2: 0 | M2: -0.4 | N2: -0.4 | O2: ZC Deposit | P2: Spot | Q2: Simple | R2: act/360
A3: TN | B3: 0.003 | C3: 42794 | D3: 42793 | E3: 1.0000111 | F3: -0.4 | G3: -0.39920328 | H3: -0.4 | I3: -0.399204 | J3: 1Y | L3: 0 | M3: -0.4 | N3: -0.4 | O3: ZC Deposit | P3: Spot | Q3: Simple | R3: act/360
A4: SN | B4: 0.003 | C4: 42795 | D4: 42794 | E4: 1.0000117 | F4: -0.42 | G4: -0.41912167 | H4: -0.42 | I4: -0.419122 | J4: 1Y | L4: 0 | M4: -0.42 | N4: -0.42 | O4: ZC Deposit | P4: Spot | Q4: Simple | R4: act/360
A5: 1 Week | B5: 0.019 | C5: 42801 | D5: 42794 | E5: 1.0000684 | F5: -0.352 | G5: -0.35139321 | H5: -0.352 | I5: -0.351393 | J5: 1Y | L5: 0 | M5: -0.352 | N5: -0.352 | O5: ZC Deposit | P5: Spot | Q5: Simple | R5: act/360
A6: 2 Weeks | B6: 0.039 | C6: 42808 | D6: 42794 | E6: 1.0001373 | F6: -0.353 | G6: -0.35240183 | H6: -0.353 | I6: -0.352402 | J6: 1Y | L6: 0 | M6: -0.353 | N6: -0.353 | O6: ZC Deposit | P6: Spot | Q6: Simple | R6: act/360
A7: 3 Weeks | B7: 0.058 | C7: 42815 | D7: 42794 | E7: 1.0002065 | F7: -0.354 | G7: -0.35341059 | H7: -0.354 | I7: -0.353411 | J7: 1Y | L7: 0 | M7: -0.354 | N7: -0.354 | O7: ZC Deposit | P7: Spot | Q7: Simple | R7: act/360
A8: 1 Month | B8: 0.086 | C8: 42825 | D8: 42794 | E8: 1.0003049 | F8: -0.354 | G8: -0.35342793 | H8: -0.354 | I8: -0.353428 | J8: 1Y | L8: 0 | M8: -0.354 | N8: -0.354 | O8: ZC Deposit | P8: Spot | Q8: Simple | R8: act/360
A9: 2 Months | B9: 0.164 | C9: 42853 | D9: 42794 | E9: 1.0005789 | F9: -0.353 | G9: -0.35247948 | H9: -0.353 | I9: -0.35248 | J9: 1Y | L9: 0 | M9: -0.353 | N9: -0.353 | O9: ZC Deposit | P9: Spot | Q9: Simple | R9: act/360
A10: 3 Months | B10: 0.256 | C10: 42886 | D10: 42794 | E10: 1.0009029 | F10: -0.353 | G10: -0.35253644 | H10: -0.353 | I10: -0.352537 | J10: 1Y | L10: 0 | M10: -0.353 | N10: -0.353 | O10: ZC Deposit | P10: Spot | Q10: Simple | R10: act/360
A11: 4 Months | B11: 0.339 | C11: 42916 | D11: 42794 | E11: 1.0012011 | F11: -0.354 | G11: -0.35358592 | H11: -0.354 | I11: -0.353586 | J11: 1Y | L11: 0 | M11: -0.354 | N11: -0.354 | O11: ZC Deposit | P11: Spot | Q11: Simple | R11: act/360
A12: 5 Months | B12: 0.425 | C12: 42947 | D12: 42794 | E12: 1.0015025 | F12: -0.353 | G12: -0.35264181 | H12: -0.353 | I12: -0.352642 | J12: 1Y | L12: 0 | M12: -0.353 | N12: -0.353 | O12: ZC Deposit | P12: Spot | Q12: Simple | R12: act/360
A13: 6 Months | B13: 0.511 | C13: 42978 | D13: 42794 | E13: 1.0018075 | F13: -0.353 | G13: -0.35269539 | H13: -0.353 | I13: -0.352696 | J13: 1Y | L13: 0 | M13: -0.353 | N13: -0.353 | O13: ZC Deposit | P13: Spot | Q13: Simple | R13: act/360
... A19: 1 Year | B19: 1.014 | C19: 43159 | D19: 42794 | E19: 1.0036021 | F19: -0.354 | G19: -0.35400871 | H19: -0.354001 | I19: -0.354009 | J19: 1Y | L19: 0 | M19: -0.354 | N19: -0.354 | O19: ZC Deposit | P19: Spot | Q19: Simple | R19: act/360
A20: 15 Months | B20: 1.269 | C20: 43251 | D20: 42794 | E20: 1.0044726 | F20: -0.35075705 | G20: -0.3509231 | H20: -0.351001 | I20: -0.350915 | J20: 1Y | K20: 1Y | L20: 0 | M20: -0.351 | N20: -0.351 | O20: Swap Rate | P20: Yield | Q20: Simple | R20: act/360
A21: 18 Months | B21: 1.525 | C21: 43343 | D21: 42794 | E21: 1.0053292 | F21: -0.34760253 | G21: -0.34792046 | H21: -0.348001 | I21: -0.347907 | J21: 1Y | K21: 1Y | L21: 0 | M21: -0.348 | N21: -0.348 | O21: Swap Rate | P21: Yield | Q21: Simple | R21: act/360
A22: 21 Months | B22: 1.778 | C22: 43434 | D22: 42794 | E22: 1.0061264 | F22: -0.34250922 | G22: -0.34296677 | H22: -0.343002 | I22: -0.342946 | J22: 1Y | K22: 1Y | L22: 0 | M22: -0.343 | N22: -0.343 | O22: Swap Rate | P22: Yield | Q22: Simple | R22: act/360
A23: 2 Years | B23: 2.028 | C23: 43524 | D23: 42794 | E23: 1.0068694 | F23: -0.33645322 | G23: -0.33703694 | H23: -0.337002 | I23: -0.33701 | J23: 1Y | K23: 1Y | L23: 0 | M23: -0.337 | N23: -0.337 | O23: Swap Rate | P23: Yield | Q23: Simple | R23: act/360
A24: 3 Years | B24: 3.042 | C24: 43889 | D24: 42794 | E24: 1.0091234 | F24: -0.29723464 | G24: -0.2981411 | H24: -0.298 | I24: -0.298006 | J24: 1Y | K24: 1Y | L24: 0 | M24: -0.298 | N24: -0.298 | O24: Swap Rate | P24: Yield | Q24: Simple | R24: act/360
A25: 4 Years | B25: 4.053 | C25: 44253 | D25: 42794 | E25: 1.0096344 | F25: -0.23545567 | G25: -0.23630664 | H25: -0.236 | I25: -0.236003 | J25: 1Y | K25: 1Y | L25: 0 | M25: -0.236 | N25: -0.236 | O25: Swap Rate | P25: Yield | Q25: Simple | R25: act/360
A26: 5 Years | B26: 5.072 | C26: 44620 | D26: 42794 | E26: 1.0076645 | F26: -0.14995733 | G26: -0.1504173 | H26: -0.15 | I26: -0.150001 | J26: 1Y | K26: 1Y | L26: 0 | M26: -0.15 | N26: -0.15 | O26: Swap Rate | P26: Yield | Q26: Simple | R26: act/360
A27: 6 Years | B27: 6.086 | C27: 44985 | D27: 42794 | E27: 1.0026956 | F27: -0.044171237 | G27: -0.044220937 | H27: -0.044 | I27: -0.044 | J27: 1Y | K27: 1Y | L27: 0 | M27: -0.044 | N27: -0.044 | O27: Swap Rate | P27: Yield | Q27: Simple | R27: act/360
A28: 7 Years | B28: 7.103 | C28: 45351 | D28: 42794 | E28: 0.99457556 | F28: 0.076787178 | G28: 0.076607866 | H28: 0.076 | I28: 0.076 | J28: 1Y | K28: 1Y | L28: 0 | M28: 0.076 | N28: 0.076 | O28: Swap Rate | P28: Yield | Q28: Simple | R28: act/360
A29: 8 Years | B29: 8.117 | C29: 45716 | D29: 42794 | E29: 0.98356801 | F29: 0.20582966 | G29: 0.20433771 | H29: 0.202002 | I29: 0.201999 | J29: 1Y | K29: 1Y | L29: 0 | M29: 0.202 | N29: 0.202 | O29: Swap Rate | P29: Yield | Q29: Simple | R29: act/360
A30: 9 Years | B30: 9.128 | C30: 46080 | D30: 42794 | E30: 0.9704645 | F30: 0.33342608 | G30: 0.32899292 | H30: 0.324 | I30: 0.323993 | J30: 1Y | K30: 1Y | L30: 0 | M30: 0.324 | N30: 0.324 | O30: Swap Rate | P30: Yield | Q30: Simple | R30: act/360
A31: 10 Years | B31: 10.139 | C31: 46444 | D31: 42794 | E31: 0.95573891 | F31: 0.45676461 | G31: 0.44750195 | H31: 0.439 | I31: 0.438989 | J31: 1Y | K31: 1Y | L31: 0 | M31: 0.439 | N31: 0.439 | O31: Swap Rate | P31: Yield | Q31: Simple | R31: act/360
... A33: 12 Years | B33: 12.175 | C33: 47177 | D33: 42794 | E33: 0.92357173 | F33: 0.67969552 | G33: 0.65517023 | H33: 0.638 | I33: 0.637976 | J33: 1Y | K33: 1Y | L33: 0 | M33: 0.638 | N33: 0.638 | O33: Swap Rate | P33: Yield | Q33: Simple | R33: act/360
A34: 13 Years * | B34: 13.189 | C34: 47542 | D34: 42794 | E34: 0.90848437 | F34: 0.76378236 | G34: 0.73036987 | H34: 0.709398 | I34: 0.709368
A35: 14 Years * | B35: 14.203 | C35: 47907 | D35: 42794 | E35: 0.89221052 | F35: 0.85062029 | G35: 0.80626717 | H35: 0.780797 | I35: 0.78076
A36: 15 Years | B36: 15.214 | C36: 48271 | D36: 42794 | E36: 0.87484442 | F36: 0.94032749 | G36: 0.88273613 | H36: 0.851998 | I36: 0.851955 | J36: 1Y | K36: 1Y | L36: 0 | M36: 0.852 | N36: 0.852 | O36: Swap Rate | P36: Yield | Q36: Simple | R36: act/360
A37: 16 Years * | B37: 16.233 | C37: 48638 | D37: 42794 | E37: 0.86129678 | F37: 0.99203272 | G37: 0.9240552 | H37: 0.89097 | I37: 0.890923
A38: 17 Years * | B38: 17.247 | C38: 49003 | D38: 42794 | E38: 0.84727637 | F38: 1.0451099 | G38: 0.96553019 | H38: 0.929727 | I38: 0.929676
A39: 18 Years * | B39: 18.261 | C39: 49368 | D39: 42794 | E39: 0.83273288 | F39: 1.0999619 | G39: 1.007402 | H39: 0.968483 | I39: 0.968427
A40: 19 Years * | B40: 19.278 | C40: 49734 | D40: 42794 | E40: 0.8176469 | F40: 1.1568855 | G40: 1.0498078 | H40: 1.007352 | I40: 1.00729
A41: 20 Years | B41: 20.289 | C41: 50098 | D41: 42794 | E41: 0.80216623 | F41: 1.2155639 | G41: 1.092427 | H41: 1.045999 | I41: 1.045933 | J41: 1Y | K41: 1Y | L41: 0 | M41: 1.046 | N41: 1.046 | O41: Swap Rate | P41: Yield | Q41: Simple | R41: act/360
A42: 21 Years * | B42: 21.3 | C42: 50462 | D42: 42794 | E42: 0.79062319 | F42: 1.24331 | G42: 1.1090808 | H42: 1.062136 | I42: 1.062069
A43: 22 Years * | B43: 22.319 | C43: 50829 | D43: 42794 | E43: 0.7788532 | F43: 1.2721598 | G43: 1.1260912 | H43: 1.078408 | I43: 1.07834
A44: 23 Years * | B44: 23.336 | C44: 51195 | D44: 42794 | E44: 0.76698998 | F44: 1.3018365 | G44: 1.1432715 | H44: 1.094636 | I44: 1.094565
A45: 24 Years * | B45: 24.35 | C45: 51560 | D45: 42794 | E45: 0.75504171 | F45: 1.332362 | G45: 1.1606148 | H45: 1.110816 | I45: 1.110742
A46: 25 Years | B46: 25.364 | C46: 51925 | D46: 42794 | E46: 0.74298346 | F46: 1.3638484 | G46: 1.1781637 | H46: 1.127 | I46: 1.126923 | J46: 1Y | K46: 1Y | L46: 0 | M46: 1.127 | N46: 1.127 | O46: Swap Rate | P46: Yield | Q46: Simple | R46: act/360
A47: 26 Years * | B47: 26.375 | C47: 52289 | D47: 42794 | E47: 0.73294165 | F47: 1.381479 | G47: 1.1849338 | H47: 1.134175 | I47: 1.134098
A48: 27 Years * | B48: 27.394 | C48: 52656 | D48: 42794 | E48: 0.72282709 | F48: 1.3997609 | G48: 1.1919051 | H48: 1.141409 | I48: 1.141331
A49: 28 Years * | B49: 28.408 | C49: 53021 | D49: 42794 | E49: 0.71277891 | F49: 1.4184556 | G49: 1.1989782 | H49: 1.148606 | I49: 1.148526
A50: 29 Years * | B50: 29.422 | C50: 53386 | D50: 42794 | E50: 0.7027443 | F50: 1.4376639 | G50: 1.2061815 | H50: 1.155803 | I50: 1.155722
A51: 30 Years | B51: 30.436 | C51: 53751 | D51: 42794 | E51: 0.69272529 | F51: 1.4573928 | G51: 1.2135085 | H51: 1.162999 | I51: 1.162917 | J51: 1Y | K51: 1Y | L51: 0 | M51: 1.163 | N51: 1.163 | O51: Swap Rate | P51: Yield | Q51: Simple | R51: act/360
A52: 31 Years * | B52: 31.45 | C52: 54116 | D52: 42794 | E52: 0.68414345 | F52: 1.4679865 | G52: 1.2142691 | H52: 1.164898 | I52: 1.164815
A53: 32 Years * | B53: 32.461 | C53: 54480 | D53: 42794 | E53: 0.67565898 | F53: 1.4788051 | G53: 1.2151281 | H53: 1.166791 | I53: 1.166708
A54: 33 Years * | B54: 33.481 | C54: 54847 | D54: 42794 | E54: 0.66717942 | F54: 1.4899609 | G54: 1.2160851 | H54: 1.168699 | I54: 1.168617
A55: 34 Years * | B55: 34.494 | C55: 55212 | D55: 42794 | E55: 0.65881954 | F55: 1.5013036 | G55: 1.2171237 | H55: 1.170597 | I55: 1.170514
A56: 35 Years * | B56: 35.511 | C56: 55578 | D56: 42794 | E56: 0.65051033 | F56: 1.5129197 | G56: 1.2182441 | H56: 1.172511 | I56: 1.172427
A57: 36 Years * | B57: 36.525 | C57: 55943 | D57: 42794 | E57: 0.64229656 | F57: 1.5247453 | G57: 1.2194359 | H57: 1.1744 | I57: 1.174316
A58: 37 Years * | B58: 37.536 | C58: 56307 | D58: 42794 | E58: 0.63417723 | F58: 1.5367769 | G58: 1.2206935 | H58: 1.176293 | I58: 1.176208
A59: 38 Years * | B59: 38.547 | C59: 56671 | D59: 42794 | E59: 0.6261295 | F59: 1.5490447 | G59: 1.2220154 | H59: 1.178187 | I59: 1.178103
A60: 39 Years * | B60: 39.569 | C60: 57039 | D60: 42794 | E60: 0.61806622 | F60: 1.5616838 | G60: 1.2234111 | H60: 1.180101 | I60: 1.180017
A61: 40 Years | B61: 40.583 | C61: 57404 | D61: 42794 | E61: 0.61013979 | F61: 1.5744608 | G61: 1.2248547 | H61: 1.181999 | I61: 1.181915 | J61: 1Y | K61: 1Y | L61: 0 | M61: 1.182 | N61: 1.182 | O61: Swap Rate | P61: Yield | Q61: Simple | R61: act/360
A62: 41 Years * | B62: 41.597 | C62: 57769 | D62: 42794 | E62: 0.60414201 | F62: 1.5752013 | G62: 1.2188578 | H62: 1.178301 | I62: 1.178217
A63: 42 Years * | B63: 42.611 | C63: 58134 | D63: 42794 | E63: 0.59825958 | F63: 1.5759158 | G63: 1.2129227 | H63: 1.174603 | I63: 1.17452
A64: 43 Years * | B64: 43.622 | C64: 58498 | D64: 42794 | E64: 0.59250607 | F64: 1.5765965 | G64: 1.2070607 | H64: 1.170915 | I64: 1.170832
A65: 44 Years * | B65: 44.642 | C65: 58865 | D65: 42794 | E65: 0.58681756 | F65: 1.5772421 | G65: 1.2012015 | H65: 1.167197 | I65: 1.167115
A66: 45 Years * | B66: 45.656 | C66: 59230 | D66: 42794 | E66: 0.58126962 | F66: 1.5778409 | G66: 1.1954229 | H66: 1.163499 | I66: 1.163417
A67: 46 Years * | B67: 46.669 | C67: 59595 | D67: 42794 | E67: 0.57582924 | F67: 1.5783902 | G67: 1.1896881 | H67: 1.159801 | I67: 1.15972
A68: 47 Years * | B68: 47.686 | C68: 59961 | D68: 42794 | E68: 0.57048019 | F68: 1.5788858 | G68: 1.1839779 | H68: 1.156093 | I68: 1.156012
A69: 48 Years * | B69: 48.697 | C69: 60325 | D69: 42794 | E69: 0.56526381 | F69: 1.5793211 | G69: 1.1783365 | H69: 1.152405 | I69: 1.152324
A70: 49 Years * | B70: 49.708 | C70: 60689 | D70: 42794 | E70: 0.56014899 | F70: 1.5796935 | G70: 1.1727292 | H70: 1.148717 | I70: 1.148638
A71: 50 Years | B71: 50.728 | C71: 61056 | D71: 42794 | E71: 0.55509332 | F71: 1.58 | G71: 1.1671067 | H71: 1.144999 | I71: 1.14492 | J71: 1Y | K71: 1Y | L71: 0 | M71: 1.145 | N71: 1.145 | O71: Swap Rate | P71: Yield | Q71: Simple | R71: act/360
A72: 51 Years * | B72: 51.744 | C72: 61422 | D72: 42794 | E72: 0.54972143 | F72: 1.582978 | G72: 1.1630552 | H72: 1.142392 | I72: 1.142314
A73: 52 Years * | B73: 52.758 | C73: 61787 | D73: 42794 | E73: 0.5444541 | F73: 1.5859146 | G73: 1.1590362 | H73: 1.139793 | I73: 1.139715
A74: 53 Years * | B74: 53.772 | C74: 62152 | D74: 42794 | E74: 0.53927519 | F74: 1.5888145 | G74: 1.1550365 | H74: 1.137194 | I74: 1.137116
A75: 54 Years * | B75: 54.783 | C75: 62516 | D75: 42794 | E75: 0.53419702 | F75: 1.5916675 | G75: 1.1510658 | H75: 1.134602 | I75: 1.134524
A76: 55 Years * | B76: 55.803 | C76: 62883 | D76: 42794 | E76: 0.52916344 | F76: 1.5945 | G76: 1.1470779 | H76: 1.131988 | I76: 1.131911
A77: 56 Years * | B77: 56.817 | C77: 63248 | D77: 42794 | E77: 0.52424161 | F77: 1.5972732 | G77: 1.1431272 | H77: 1.129389 | I77: 1.129311
A78: 57 Years * | B78: 57.831 | C78: 63613 | D78: 42794 | E78: 0.5194027 | F78: 1.5999992 | G78: 1.1391902 | H78: 1.126789 | I78: 1.126712
A79: 58 Years * | B79: 58.844 | C79: 63978 | D79: 42794 | E79: 0.51464539 | F79: 1.6026755 | G79: 1.1352656 | H79: 1.12419 | I79: 1.124113
A80: 59 Years * | B80: 59.858 | C80: 64343 | D80: 42794 | E80: 0.50996839 | F80: 1.6053 | G80: 1.1313524 | H80: 1.121591 | I80: 1.121514
A81: 60 Years | B81: 60.869 | C81: 64707 | D81: 42794 | E81: 0.50538286 | F81: 1.607864 | G81: 1.1274605 | H81: 1.118999 | I81: 1.118923 | J81: 1Y | K81: 1Y | L81: 0 | M81: 1.119 | N81: 1.119 | O81: Swap Rate | P81: Yield | Q81: Simple | R81: act/360

Sheet 1.DatiInput_Swap6M
A1: Description | B1: Term | C1: Mat. Date | D1: Start Date | E1: Discount Factor | F1: Tasso Continuo | G1: Spot Simple % | H1: Spot Compound % | I1: Yield Simple % | J1: Yield Compound % | K1: I. Rate Freq. | L1: 2nd Leg I. Rate Freq. | M1: Shock % | N1: Shocked Input Rate % | O1: Input I. Rate % | P1: Mkt Instrument | Q1: Input Rate Type | R1: Capitalisation | S1: Day Count
A2: 6 Months | B2: 0.511 | C2: 42978 | D2: 42794 | E2: 1.001213 | F2: -0.0023717367 | G2: -0.23703004 | H2: -0.23689271 | I2: -0.23703 | J2: -0.352696 | K2: 1Y | M2: 0 | N2: -0.238 | O2: -0.238 | P2: ZC Deposit | Q2: Spot | R2: Simple | S2: act/360 | V2: mettere ticker Bloomberg
A3: 3M/9M | B3: 0.764 | C3: 43069 | D3: 42794 | E3: 1.0016653 | F3: -0.002178276 | G3: -0.21764654 | H3: -0.21759059 | I3: -0.217647 | J3: -0.353852 | K3: 1Y | M3: 0 | N3: -0.208 | O3: -0.208 | P3: Fra Rate | Q3: FRA | R3: Simple | S3: act/360
A4: 6M/1Y | B4: 1.014 | C4: 43159 | D4: 42794 | E4: 1.0021097 | F4: -0.0020786495 | G4: -0.20764605 | H4: -0.20764905 | I4: -0.207647 | J4: -0.354009 | K4: 1Y | M4: 0 | N4: -0.178 | O4: -0.178 | P4: Fra Rate | Q4: FRA | R4: Simple | S4: act/360
A5: 1Y/18M | B5: 1.525 | C5: 43343 | D5: 42794 | E5: 1.0027717 | F5: -0.001814981 | G5: -0.18124712 | H5: -0.18133346 | I5: -0.181309 | J5: -0.347914 | K5: 1Y | M5: 0 | N5: -0.13 | O5: -0.13 | P5: Fra Rate | Q5: FRA | R5: Simple | S5: act/360
A6: 18M/2Y | B6: 2.028 | C6: 43524 | D6: 42794 | E6: 1.0031651 | F6: -0.0015584009 | G6: -0.1555941 | H6: -0.15571871 | I6: -0.155621 | J6: -0.337026 | K6: 1Y | M6: 0 | N6: -0.078 | O6: -0.078 | P6: Fra Rate | Q6: FRA | R6: Simple | S6: act/360
A7: 3 Years | B7: 3.042 | C7: 43889 | D7: 42794 | E7: 1.0027751 | F7: -0.00091108885 | G7: -0.090982759 | H7: -0.091067392 | I7: -0.090792 | J7: -0.2981 | K7: 1Y | L7: 6M | M7: 0 | N7: -0.092 | O7: -0.092 | P7: Swap Rate | Q7: Yield | R7: Simple | S7: 30/360
A8: 4 Years | B8: 4.053 | C8: 44253 | D8: 42794 | E8: 1.0003001 | F8: -7.4044023e-05 | G8: -0.007403295 | H8: -0.007404132 | I8: -0.006898 | J8: -0.236298 | K8: 1Y | L8: 6M | M8: 0 | N8: -0.007 | O8: -0.007 | P8: Swap Rate | Q8: Yield | R8: Simple | S8: 30/360
A9: 5 Years | B9: 5.072 | C9: 44620 | D9: 42794 | E9: 0.99514359 | F9: 0.00095978498 | G9: 0.096212505 | H9: 0.096024576 | I9: 0.096676 | J9: -0.150683 | K9: 1Y | L9: 6M | M9: 0 | N9: 0.098 | O9: 0.098 | P9: Swap Rate | Q9: Yield | R9: Simple | S9: 30/360
A10: 6 Years | B10: 6.086 | C10: 44985 | D10: 42794 | E10: 0.9875097 | F10: 0.0020651868 | G10: 0.207822 | H10: 0.20673208 | I10: 0.207159 | J10: -0.045251 | K10: 1Y | L10: 6M | M10: 0 | N10: 0.21 | O10: 0.21 | P10: Swap Rate | Q10: Yield | R10: Simple | S10: 30/360
A11: 7 Years | B11: 7.103 | C11: 45351 | D11: 42794 | E11: 0.97719342 | F11: 0.0032481198 | G11: 0.32858777 | H11: 0.32534006 | I11: 0.32492 | J11: 0.074034 | K11: 1Y | L11: 6M | M11: 0 | N11: 0.329 | O11: 0.329 | P11: Swap Rate | Q11: Yield | R11: Simple | S11: 30/360
A12: 8 Years | B12: 8.117 | C12: 45716 | D12: 42794 | E12: 0.96445953 | F12: 0.004458408 | G12: 0.4540059 | H12: 0.44683614 | I12: 0.44473 | J12: 0.199244 | K12: 1Y | L12: 6M | M12: 0 | N12: 0.451 | O12: 0.451 | P12: Swap Rate | Q12: Yield | R12: Simple | S12: 30/360
A13: 9 Years | B13: 9.128 | C13: 46080 | D13: 42794 | E13: 0.94989289 | F13: 0.0056318252 | G13: 0.57790928 | H13: 0.56477138 | I13: 0.560111 | J13: 0.320453 | K13: 1Y | L13: 6M | M13: 0 | N13: 0.568 | O13: 0.568 | P13: Swap Rate | Q13: Yield | R13: Simple | S13: 30/360
A14: 10 Years | B14: 10.139 | C14: 46444 | D14: 42794 | E14: 0.93410769 | F14: 0.0067229798 | G14: 0.69574069 | H14: 0.67456298 | I14: 0.666616 | J14: 0.434738 | K14: 1Y | L14: 6M | M14: 0 | N14: 0.676 | O14: 0.676 | P14: Swap Rate | Q14: Yield | R14: Simple | S14: 30/360
A15: 11 Years | B15: 11.161 | C15: 46812 | D15: 42794 | E15: 0.91730498 | F15: 0.0077335743 | G15: 0.80771509 | H15: 0.77635556 | I15: 0.764507 | J15: 0.540102 | K15: 1Y | L15: 6M | M15: 0 | N15: 0.775 | O15: 0.775 | P15: Swap Rate | Q15: Yield | R15: Simple | S15: 30/360
A16: 12 Years | B16: 12.175 | C16: 47177 | D16: 42794 | E16: 0.90035686 | F16: 0.0086212796 | G16: 0.90899969 | H16: 0.86585498 | I16: 0.849873 | J16: 0.632583 | K16: 1Y | L16: 6M | M16: 0 | N16: 0.862 | O16: 0.862 | P16: Swap Rate | Q16: Yield | R16: Simple | S16: 30/360
A17: 13 Years | B17: 13.189 | C17: 47542 | D17: 42794 | E17: 0.88333649 | F17: 0.0094055747 | G17: 1.0013841 | H17: 0.94499462 | I17: 0.924891 | J17: 0.703411 | K17: 1Y | L17: 6M | M17: 0 | N17: 0.938 | O17: 0.938 | P17: Swap Rate | Q17: Yield | R17: Simple | S17: 30/360
A18: 14 Years | B18: 14.203 | C18: 47907 | D18: 42794 | E18: 0.86661348 | F18: 0.010079874 | G18: 1.0837103 | H18: 1.0130847 | I18: 0.988994 | J18: 0.774465 | K18: 1Y | L18: 6M | M18: 0 | N18: 1.003 | O18: 1.003 | P18: Swap Rate | Q18: Yield | R18: Simple | S18: 30/360
... A38: 60 Years | B38: 60.869 | C38: 64707 | D38: 42794 | E38: 0.48648934 | F38: 0.011837471 | G38: 1.7341107 | H38: 1.1907811 | I38: 1.198672 | J38: 1.11851 | K38: 1Y | L38: 6M | M38: 0 | N38: 1.216 | O38: 1.216 | P38: Swap Rate | Q38: Yield | R38: Simple | S38: 30/360

Sheet 1.DatiInputGVT
A1: Description | B1: Term | C1: Mat. Date | D1: Start Date | E1: Discount Factor | F1: Spot Simple % | G1: Spot Compound % | H1: Yield Simple % | I1: Yield Compound % | J1: I. Rate Freq. | K1: H.S. Tenor | L1: Shock % | M1: Shocked I. Rate % / Price | N1: Input I. Rate % / Price | O1: Mkt Instrument | P1: Input Rate Type | Q1: Capitalisation | R1: Day Count | S1: Coupon I. Rate % | T1: Reference Data | U1: Annual Spread % | V1: Rate Type | W1: Redemption Price | X1: Rating Agency | Y1: Rating
A2: BOTS 0 10/13/2017 | B2: 0.622 | C2: 43021 | D2: 42794 | E2: 1.001962 | F2: -0.31486442 | G2: -0.31467696 | H2: -0.314865 | I2: -0.314677 | J2: 1Y | L2: 0 | M2: 100.1935 | N2: 100.1935 | O2: Bond ZC Price | P2: ZC Price | Q2: Cont. | R2: act/360 | S2: -0.15 | T2: 1 | U2: 0 | V2: Fixed | W2: 100.15
A3: BTPS 4 1/2 03/19 | B3: 2.003 | C3: 43525 | D3: 42794 | E3: 0.99717289 | F3: 0.14156213 | G3: 0.1414618 | H3: 0.141115 | I3: 0.141165 | J3: 6M | L3: 0 | M3: 108.705 | N3: 108.705 | O3: Bond Price | P3: Price | Q3: Cont. | R3: act/act ISMA | S3: 4.5 | T3: 1 | U3: 0 | V3: Fixed | W3: 100
A4: BTPS 0.65 11/01/20 | B4: 3.677 | C4: 44136 | D4: 42794 | E4: 0.97991335 | F4: 0.55751973 | G4: 0.55340818 | H4: 0.551214 | I4: 0.55159 | J4: 6M | L4: 0 | M4: 100.355 | N4: 100.355 | O4: Bond Price | P4: Price | Q4: Cont. | R4: act/act ISMA | S4: 0.65 | T4: 1 | U4: 0 | V4: Fixed | W4: 100
A5: BTPS 2.15 12/21 | B5: 4.797 | C5: 44545 | D5: 42794 | E5: 0.95115499 | F5: 1.0704728 | G5: 1.0493603 | H5: 1.032875 | I5: 1.035617 | J5: 6M | L5: 0 | M5: 105.26 | N5: 105.26 | O5: Bond Price | P5: Price | Q5: Cont. | R5: act/act ISMA | S5: 2.15 | T5: 1 | U5: 0 | V5: Fixed | W5: 100
A6: BTPS 1.35% 04/22 | B6: 5.129 | C6: 44666 | D6: 42794 | E6: 0.94237887 | F6: 1.1921838 | G6: 1.1638779 | H6: 1.146122 | I6: 1.147086 | J6: 6M | L6: 0 | M6: 101.01 | N6: 101.01 | O6: Bond Price | P6: Price | Q6: Cont. | R6: act/act ISMA | S6: 1.35 | T6: 1 | U6: 0 | V6: Fixed | W6: 100
A7: BTPS 1.45 09/15/22 | B7: 5.548 | C7: 44819 | D7: 42794 | E7: 0.93220949 | F7: 1.31076 | G7: 1.2733308 | H7: 1.248323 | I7: 1.252255 | J7: 6M | L7: 0 | M7: 101.075 | N7: 101.075 | O7: Bond Price | P7: Price | Q7: Cont. | R7: act/act ISMA | S7: 1.45 | T7: 1 | U7: 0 | V7: Fixed | W7: 100
A8: BTPS 4.5 5/1/2023 | B8: 6.173 | C8: 45047 | D8: 42794 | E8: 0.9055947 | F8: 1.688862 | G8: 1.6194828 | H8: 1.573946 | I8: 1.579594 | J8: 6M | L8: 0 | M8: 117.51 | N8: 117.51 | O8: Bond Price | P8: Price | Q8: Cont. | R8: act/act ISMA | S8: 4.5 | T8: 1 | U8: 0 | V8: Fixed | W8: 100
A9: BTPS 4 3/4 08/01/23 | B9: 6.425 | C9: 45139 | D9: 42794 | E9: 0.90105567 | F9: 1.709186 | G9: 1.6349141 | H9: 1.589463 | I9: 1.595859 | J9: 6M | L9: 0 | M9: 119.645 | N9: 119.645 | O9: Bond Price | P9: Price | Q9: Cont. | R9: act/act ISMA | S9: 4.75 | T9: 1 | U9: 0 | V9: Fixed | W9: 100
A10: BTPS 4.5 03/01/2024 | B10: 7.008 | C10: 45352 | D10: 42794 | E10: 0.87680894 | F10: 2.0047792 | G10: 1.8935907 | H10: 1.828575 | I10: 1.836956 | J10: 6M | L10: 0 | M10: 117.945 | N10: 117.945 | O10: Bond Price | P10: Price | Q10: Cont. | R10: act/act ISMA | S10: 4.5 | T10: 1 | U10: 0 | V10: Fixed | W10: 100
A11: BTPS 3.75 09/01/2024 | B11: 7.512 | C11: 45536 | D11: 42794 | E11: 0.86265604 | F11: 2.1193238 | G11: 1.9860891 | H11: 1.915625 | I11: 1.924168 | J11: 6M | L11: 0 | M11: 113.095 | N11: 113.095 | O11: Bond Price | P11: Price | Q11: Cont. | R11: act/act ISMA | S11: 3.75 | T11: 1 | U11: 0 | V11: Fixed | W11: 100
A12: BTPS 5 03/01/25 | B12: 8.008 | C12: 45717 | D12: 42794 | E12: 0.8468226 | F12: 2.2587404 | G12: 2.0978699 | H12: 2.017976 | I12: 2.026902 | J12: 6M | L12: 0 | M12: 122.565 | N12: 122.565 | O12: Bond Price | P12: Price | Q12: Cont. | R12: act/act ISMA | S12: 5 | T12: 1 | U12: 0 | V12: Fixed | W12: 100
A13: BTPS 2% 12/25 | B13: 8.762 | C13: 45992 | D13: 42794 | E13: 0.83091 | F13: 2.322621 | G13: 2.1366507 | H13: 2.056932 | I13: 2.067682 | J13: 6M | L13: 0 | M13: 99.505 | N13: 99.505 | O13: Bond Price | P13: Price | Q13: Cont. | R13: act/act ISMA | S13: 2 | T13: 1 | U13: 0 | V13: Fixed | W13: 100
... A24: BTPS 2.7% 03/01/47 | B24: 30.022 | C24: 53752 | D24: 42794 | E24: 0.3617647 | F24: 5.8764656 | G24: 3.4447325 | H24: 3.205996 | I24: 3.23179 | J24: 6M | L24: 0 | M24: 89.87 | N24: 89.87 | O24: Bond Price | P24: Price | Q24: Cont. | R24: act/act ISMA | S24: 2.7 | T24: 1 | U24: 0 | V24: Fixed | W24: 100

Sheet 1_DatiInput_Eonia
A1: Description | B1: Term | C1: Mat. Date | D1: Start Date | E1: Discount Factor | F1: Spot Simple % | G1: Spot Compound % | H1: Yield Simple % | I1: Yield Compound % | J1: I. Rate Freq. | K1: 2nd Leg I. Rate Freq. | L1: Shock % | M1: Shocked Input Rate % | N1: Input I. Rate %
A2: OVN | B2: 0.008 | C2: 42793 | D2: 42790 | E2: 1.0000333 | F2: -0.4 | G2: -0.39920771 | H2: -0.4 | I2: -0.399208 | J2: 1Y | L2: 0 | M2: -0.4 | N2: -0.4 | P2: mettere ticker Bloomberg
A3: TN | B3: 0.003 | C3: 42794 | D3: 42793 | E3: 1.0000111 | F3: -0.4 | G3: -0.39920328 | H3: -0.4 | I3: -0.399204 | J3: 1Y | L3: 0 | M3: -0.4 | N3: -0.4
A4: SN | B4: 0.003 | C4: 42795 | D4: 42794 | E4: 1.0000117 | F4: -0.42 | G4: -0.41912167 | H4: -0.42 | I4: -0.419122 | J4: 1Y | L4: 0 | M4: -0.42 | N4: -0.42
A5: 1 Week | B5: 0.019 | C5: 42801 | D5: 42794 | E5: 1.0000684 | F5: -0.352 | G5: -0.35139321 | H5: -0.352 | I5: -0.351393 | J5: 1Y | L5: 0 | M5: -0.352 | N5: -0.352
A6: 2 Weeks | B6: 0.039 | C6: 42808 | D6: 42794 | E6: 1.0001373 | F6: -0.353 | G6: -0.35240183 | H6: -0.353 | I6: -0.352402 | J6: 1Y | L6: 0 | M6: -0.353 | N6: -0.353
A7: 3 Weeks | B7: 0.058 | C7: 42815 | D7: 42794 | E7: 1.0002065 | F7: -0.354 | G7: -0.35341059 | H7: -0.354 | I7: -0.353411 | J7: 1Y | L7: 0 | M7: -0.354 | N7: -0.354
A8: 1 Month | B8: 0.086 | C8: 42825 | D8: 42794 | E8: 1.0003049 | F8: -0.354 | G8: -0.35342793 | H8: -0.354 | I8: -0.353428 | J8: 1Y | L8: 0 | M8: -0.354 | N8: -0.354
A9: 2 Months | B9: 0.164 | C9: 42853 | D9: 42794 | E9: 1.0005789 | F9: -0.353 | G9: -0.35247948 | H9: -0.353 | I9: -0.35248 | J9: 1Y | L9: 0 | M9: -0.353 | N9: -0.353
A10: 3 Months | B10: 0.256 | C10: 42886 | D10: 42794 | E10: 1.0009029 | F10: -0.353 | G10: -0.35253644 | H10: -0.353 | I10: -0.352537 | J10: 1Y | L10: 0 | M10: -0.353 | N10: -0.353
A11: 4 Months | B11: 0.339 | C11: 42916 | D11: 42794 | E11: 1.0012011 | F11: -0.354 | G11: -0.35358592 | H11: -0.354 | I11: -0.353586 | J11: 1Y | L11: 0 | M11: -0.354 | N11: -0.354
A12: 5 Months | B12: 0.425 | C12: 42947 | D12: 42794 | E12: 1.0015025 | F12: -0.353 | G12: -0.35264181 | H12: -0.353 | I12: -0.352642 | J12: 1Y | L12: 0 | M12: -0.353 | N12: -0.353
A13: 6 Months | B13: 0.511 | C13: 42978 | D13: 42794 | E13: 1.0018075 | F13: -0.353 | G13: -0.35269539 | H13: -0.353 | I13: -0.352696 | J13: 1Y | L13: 0 | M13: -0.353 | N13: -0.353
A14: 7 Months | B14: 0.592 | C14: 43007 | D14: 42794 | E14: 1.0020989 | F14: -0.354 | G14: -0.35374409 | H14: -0.354 | I14: -0.353745 | J14: 1Y | L14: 0 | M14: -0.354 | N14: -0.354
... A19: 1 Year | B19: 1.014 | C19: 43159 | D19: 42794 | E19: 1.0036021 | F19: -0.354 | G19: -0.35400871 | H19: -0.354001 | I19: -0.354009 | J19: 1Y | L19: 0 | M19: -0.354 | N19: -0.354
A20: 15 Months | B20: 1.269 | C20: 43251 | D20: 42794 | E20: 1.0044726 | F20: -0.35075705 | G20: -0.3509231 | H20: -0.351001 | I20: -0.350915 | J20: 1Y | K20: 1Y | L20: 0 | M20: -0.351 | N20: -0.351
A21: 18 Months | B21: 1.525 | C21: 43343 | D21: 42794 | E21: 1.0053292 | F21: -0.34760253 | G21: -0.34792046 | H21: -0.348001 | I21: -0.347907 | J21: 1Y | K21: 1Y | L21: 0 | M21: -0.348 | N21: -0.348
A22: 21 Months | B22: 1.778 | C22: 43434 | D22: 42794 | E22: 1.0061264 | F22: -0.34250922 | G22: -0.34296677 | H22: -0.343002 | I22: -0.342946 | J22: 1Y | K22: 1Y | L22: 0 | M22: -0.343 | N22: -0.343
A23: 2 Years | B23: 2.028 | C23: 43524 | D23: 42794 | E23: 1.0068694 | F23: -0.33645322 | G23: -0.33703694 | H23: -0.337002 | I23: -0.33701 | J23: 1Y | K23: 1Y | L23: 0 | M23: -0.337 | N23: -0.337
A24: 3 Years | B24: 3.042 | C24: 43889 | D24: 42794 | E24: 1.0091234 | F24: -0.29723464 | G24: -0.2981411 | H24: -0.298 | I24: -0.298006 | J24: 1Y | K24: 1Y | L24: 0 | M24: -0.298 | N24: -0.298
A25: 4 Years | B25: 4.053 | C25: 44253 | D25: 42794 | E25: 1.0096344 | F25: -0.23545567 | G25: -0.23630664 | H25: -0.236 | I25: -0.236003 | J25: 1Y | K25: 1Y | L25: 0 | M25: -0.236 | N25: -0.236
A26: 5 Years | B26: 5.072 | C26: 44620 | D26: 42794 | E26: 1.0076645 | F26: -0.14995733 | G26: -0.1504173 | H26: -0.15 | I26: -0.150001 | J26: 1Y | K26: 1Y | L26: 0 | M26: -0.15 | N26: -0.15
A27: 6 Years | B27: 6.086 | C27: 44985 | D27: 42794 | E27: 1.0026956 | F27: -0.044171237 | G27: -0.044220937 | H27: -0.044 | I27: -0.044 | J27: 1Y | K27: 1Y | L27: 0 | M27: -0.044 | N27: -0.044
A28: 7 Years | B28: 7.103 | C28: 45351 | D28: 42794 | E28: 0.99457556 | F28: 0.076787178 | G28: 0.076607866 | H28: 0.076 | I28: 0.076 | J28: 1Y | K28: 1Y | L28: 0 | M28: 0.076 | N28: 0.076
A29: 8 Years | B29: 8.117 | C29: 45716 | D29: 42794 | E29: 0.98356801 | F29: 0.20582966 | G29: 0.20433771 | H29: 0.202002 | I29: 0.201999 | J29: 1Y | K29: 1Y | L29: 0 | M29: 0.202 | N29: 0.202
A30: 9 Years | B30: 9.128 | C30: 46080 | D30: 42794 | E30: 0.9704645 | F30: 0.33342608 | G30: 0.32899292 | H30: 0.324 | I30: 0.323993 | J30: 1Y | K30: 1Y | L30: 0 | M30: 0.324 | N30: 0.324
A31: 10 Years | B31: 10.139 | C31: 46444 | D31: 42794 | E31: 0.95573891 | F31: 0.45676461 | G31: 0.44750195 | H31: 0.439 | I31: 0.438989 | J31: 1Y | K31: 1Y | L31: 0 | M31: 0.439 | N31: 0.439
... A40: 60 Years | B40: 60.869 | C40: 64707 | D40: 42794 | E40: 0.50538286 | F40: 1.607864 | G40: 1.1274605 | H40: 1.118999 | I40: 1.118923 | J40: 1Y | K40: 1Y | L40: 0 | M40: 1.119 | N40: 1.119

Sheet 2.Versione
A2: =_xll.ohVersion() -> 1.8.0 | B2: versione del programma

Sheet 3.DataAnalisi
A1: =DATE(2017,2,24) -> 42790
A2: =_xll.qlSettingsSetEvaluationDate(A1) -> TRUE

Sheet 4.Index_EONIA&Swap6M
I1: qlEonia | M1: qlEuribor
A2: Index | B2: {=_xll.qlEonia(B3)} -> EONIA1#0000 | C2: =_xll.ohRangeRetrieveError(B2)
A3: ObjectID | B3: EONIA1 | I3: string returnValue | M3: string returnValue
I4: qlEonia( | M4: qlEuribor(
I5: string ObjectId | M5: string ObjectId
A6: Index | B6: =_xll.qlEuribor(B7,B8) -> EUR SWAP 6M#0000 | C6: =_xll.ohRangeRetrieveError(B6) | I6: string YieldCurve | M6: string Tenor
A7: ObjectID | B7: EUR SWAP 6M | I7: bool Permanent | M7: string YieldCurve
A8: Tenor | B8: 6M | I8: any Trigger | M8: bool Permanent
A9: yield curve | I9: bool Overwrite) | M9: any Trigger
M10: bool Overwrite)
I11: Description:
A12: Index | B12: =_xll.qlEuribor(B13,B14,B15) -> EUR SWAP 6M CCT Euro#0000 | M12: Description:
A13: ObjectID | B13: EUR SWAP 6M CCT Euro | I13: Construct an object of class Eonia and return its id
A14: Tenor | B14: 6M | M14: Construct an object of class Euribor and return its id
A15: yield curve | B15: =+'9.Piecewise_YieldCurve_SW6'!D2 -> SW6_curve#0000 | I15: Supported Platforms:
M16: Supported Platforms:
I17: C++, Calc, Excel
M18: C++, Calc, Excel
I19: Parameters
I20: ObjectId | J20: id of object to be created | M20: Parameters
I21: YieldCurve | J21: forecasting YieldTermStructure object ID. Default value = . | M21: ObjectId | N21: id of object to be created
I22: Permanent | J22: object permanent/nonpermanent | M22: Tenor | N22: index tenor: SW (1W), 2W, 3W, 1M, 2M, 3M, 4M, 5M, 6M, 7M, 8M, 9M, 10M, 11M, 12M (1Y).
I23: Trigger | J23: dependency tracking trigger | M23: YieldCurve | N23: forecasting YieldTermStructure object ID. Default value = .
I24: Overwrite | J24: overwrite flag | M24: Permanent | N24: object permanent/nonpermanent
M25: Trigger | N25: dependency tracking trigger
M26: Overwrite | N26: overwrite flag

Sheet 5.Deposits_EONIA
A1: DepositRateHelper | B1: ObjectID | C1: Rate | D1: Tenor | E1: FixingDays | F1: Calendar | G1: Convention | H1: EndOfMonth | I1: DayCounter | J1: Permanent | K1: Trigger | L1: Overwrite | M1: # | P1: qlDepositRateHelper2
A2: =_xll.qlDepositRateHelper2(B2,C2,D2,E2,F2,G2,H2,I2) -> OISOVN#0000 | B2: ="OIS"&'1_DatiInput_Eonia'!A2 -> OISOVN | C2: ='1_DatiInput_Eonia'!N2/100 -> -0.004 | D2: 1D | E2: 0 | F2: TARGET | G2: Modified Following | H2: TRUE | I2: Actual/360 | M2: 1
A3: {=_xll.qlDepositRateHelper2(B3,C3,D3,E3,F3,G3,H3,I3)} -> OISTN#0000 | B3: ="OIS"&'1_DatiInput_Eonia'!A3 -> OISTN | C3: ='1_DatiInput_Eonia'!N3/100 -> -0.004 | D3: 1D | E3: 1 | F3: TARGET | G3: Modified Following | H3: TRUE | I3: =+I2 -> Actual/360 | M3: =+M2+1 -> 2 | P3: string returnValue
A4: {=_xll.qlDepositRateHelper2(B4,C4,D4,E4,F4,G4,H4,I4)} -> OISSN#0000 | B4: ="OIS"&'1_DatiInput_Eonia'!A4 -> OISSN | C4: ='1_DatiInput_Eonia'!N4/100 -> -0.0042 | D4: 2D | E4: 2 | F4: TARGET | G4: Modified Following | H4: TRUE | I4: =+I3 -> Actual/360 | M4: =+M3+1 -> 3 | P4: qlDepositRateHelper2(
A5: {=_xll.qlDepositRateHelper2(B5,C5,D5,E5,F5,G5,H5,I5)} -> OIS1 Week#0000 | B5: ="OIS"&'1_DatiInput_Eonia'!A5 -> OIS1 Week | C5: ='1_DatiInput_Eonia'!N5/100 -> -0.00352 | D5: 1W | E5: =+E4 -> 2 | F5: TARGET | G5: Modified Following | H5: TRUE | I5: =+I4 -> Actual/360 | M5: =+M4+1 -> 4 | P5: string ObjectId
A6: {=_xll.qlDepositRateHelper2(B6,C6,D6,E6,F6,G6,H6,I6)} -> OIS2 Weeks#0000 | B6: ="OIS"&'1_DatiInput_Eonia'!A6 -> OIS2 Weeks | C6: ='1_DatiInput_Eonia'!N6/100 -> -0.00353 | D6: 2W | E6: =+E5 -> 2 | F6: TARGET | G6: Modified Following | H6: TRUE | I6: =+I5 -> Actual/360 | M6: =+M5+1 -> 5 | P6: string Rate
A7: {=_xll.qlDepositRateHelper2(B7,C7,D7,E7,F7,G7,H7,I7)} -> OIS3 Weeks#0000 | B7: ="OIS"&'1_DatiInput_Eonia'!A7 -> OIS3 Weeks | C7: ='1_DatiInput_Eonia'!N7/100 -> -0.00354 | D7: 3W | E7: =+E6 -> 2 | F7: TARGET | G7: Modified Following | H7: TRUE | I7: =+I6 -> Actual/360 | M7: =+M6+1 -> 6 | P7: string Tenor
A8: {=_xll.qlDepositRateHelper2(B8,C8,D8,E8,F8,G8,H8,I8)} -> OIS1 Month#0000 | B8: ="OIS"&'1_DatiInput_Eonia'!A8 -> OIS1 Month | C8: ='1_DatiInput_Eonia'!N8/100 -> -0.00354 | D8: 1M | E8: =+E7 -> 2 | F8: TARGET | G8: Modified Following | H8: TRUE | I8: =+I7 -> Actual/360 | M8: =+M7+1 -> 7 | P8: long FixingDays
A9: {=_xll.qlDepositRateHelper2(B9,C9,D9,E9,F9,G9,H9,I9)} -> OIS2 Months#0000 | B9: ="OIS"&'1_DatiInput_Eonia'!A9 -> OIS2 Months | C9: ='1_DatiInput_Eonia'!N9/100 -> -0.00353 | D9: 2M | E9: =+E8 -> 2 | F9: TARGET | G9: Modified Following | H9: TRUE | I9: =+I8 -> Actual/360 | M9: =+M8+1 -> 8 | P9: string Calendar
A10: {=_xll.qlDepositRateHelper2(B10,C10,D10,E10,F10,G10,H10,I10)} -> OIS3 Months#0000 | B10: ="OIS"&'1_DatiInput_Eonia'!A10 -> OIS3 Months | C10: ='1_DatiInput_Eonia'!N10/100 -> -0.00353 | D10: 3M | E10: =+E9 -> 2 | F10: TARGET | G10: Modified Following | H10: TRUE | I10: =+I9 -> Actual/360 | M10: =+M9+1 -> 9 | P10: string Convention
A11: {=_xll.qlDepositRateHelper2(B11,C11,D11,E11,F11,G11,H11,I11)} -> OIS4 Months#0000 | B11: ="OIS"&'1_DatiInput_Eonia'!A11 -> OIS4 Months | C11: ='1_DatiInput_Eonia'!N11/100 -> -0.00354 | D11: 4M | E11: =+E10 -> 2 | F11: TARGET | G11: Modified Following | H11: TRUE | I11: =+I10 -> Actual/360 | M11: =+M10+1 -> 10 | P11: bool EndOfMonth
A12: {=_xll.qlDepositRateHelper2(B12,C12,D12,E12,F12,G12,H12,I12)} -> OIS5 Months#0000 | B12: ="OIS"&'1_DatiInput_Eonia'!A12 -> OIS5 Months | C12: ='1_DatiInput_Eonia'!N12/100 -> -0.00353 | D12: 5M | E12: =+E11 -> 2 | F12: TARGET | G12: Modified Following | H12: TRUE | I12: =+I11 -> Actual/360 | M12: =+M11+1 -> 11 | P12: string DayCounter
A13: {=_xll.qlDepositRateHelper2(B13,C13,D13,E13,F13,G13,H13,I13)} -> OIS6 Months#0000 | B13: ="OIS"&'1_DatiInput_Eonia'!A13 -> OIS6 Months | C13: ='1_DatiInput_Eonia'!N13/100 -> -0.00353 | D13: 6M | E13: =+E12 -> 2 | F13: TARGET | G13: Modified Following | H13: TRUE | I13: =+I12 -> Actual/360 | M13: =+M12+1 -> 12 | P13: bool Permanent
A14: {=_xll.qlDepositRateHelper2(B14,C14,D14,E14,F14,G14,H14,I14)} -> OIS7 Months#0000 | B14: ="OIS"&'1_DatiInput_Eonia'!A14 -> OIS7 Months | C14: ='1_DatiInput_Eonia'!N14/100 -> -0.00354 | D14: 7M | E14: =+E13 -> 2 | F14: TARGET | G14: Modified Following | H14: TRUE | I14: =+I13 -> Actual/360 | M14: =+M13+1 -> 13 | P14: any Trigger
A15: {=_xll.qlDepositRateHelper2(B15,C15,D15,E15,F15,G15,H15,I15)} -> OIS8 Months#0000 | B15: ="OIS"&'1_DatiInput_Eonia'!A15 -> OIS8 Months | C15: ='1_DatiInput_Eonia'!N15/100 -> -0.00354 | D15: 8M | E15: =+E14 -> 2 | F15: TARGET | G15: Modified Following | H15: TRUE | I15: =+I14 -> Actual/360 | M15: =+M14+1 -> 14 | P15: bool Overwrite)
A16: {=_xll.qlDepositRateHelper2(B16,C16,D16,E16,F16,G16,H16,I16)} -> OIS9 Months#0000 | B16: ="OIS"&'1_DatiInput_Eonia'!A16 -> OIS9 Months | C16: ='1_DatiInput_Eonia'!N16/100 -> -0.00354 | D16: 9M | E16: =+E15 -> 2 | F16: TARGET | G16: Modified Following | H16: TRUE | I16: =+I15 -> Actual/360 | M16: =+M15+1 -> 15
A17: {=_xll.qlDepositRateHelper2(B17,C17,D17,E17,F17,G17,H17,I17)} -> OIS10 Months#0000 | B17: ="OIS"&'1_DatiInput_Eonia'!A17 -> OIS10 Months | C17: ='1_DatiInput_Eonia'!N17/100 -> -0.00354 | D17: 10M | E17: =+E16 -> 2 | F17: TARGET | G17: Modified Following | H17: TRUE | I17: =+I16 -> Actual/360 | M17: =+M16+1 -> 16 | P17: Description:
A18: {=_xll.qlDepositRateHelper2(B18,C18,D18,E18,F18,G18,H18,I18)} -> OIS11 Months#0000 | B18: ="OIS"&'1_DatiInput_Eonia'!A18 -> OIS11 Months | C18: ='1_DatiInput_Eonia'!N18/100 -> -0.00354 | D18: 11M | E18: =+E17 -> 2 | F18: TARGET | G18: Modified Following | H18: TRUE | I18: =+I17 -> Actual/360 | M18: =+M17+1 -> 17
A19: {=_xll.qlDepositRateHelper2(B19,C19,D19,E19,F19,G19,H19,I19)} -> OIS1 Year#0000 | B19: ="OIS"&'1_DatiInput_Eonia'!A19 -> OIS1 Year | C19: ='1_DatiInput_Eonia'!N19/100 -> -0.00354 | D19: 12M | E19: =+E18 -> 2 | F19: TARGET | G19: Modified Following | H19: TRUE | I19: =+I18 -> Actual/360 | M19: =+M18+1 -> 18 | P19: Construct an object of class DepositRateHelper and return its id
P21: Supported Platforms:
P23: C++, Calc, Excel
P25: Parameters
P26: ObjectId | Q26: id of object to be created
P27: Rate | Q27: deposit quote.
P28: Tenor | Q28: deposit length (e.g. 3M for three months).
P29: FixingDays | Q29: fixing days (e.g. 2).
P30: Calendar | Q30: holiday calendar (e.g. TARGET).
P31: Convention | Q31: business day convention (e.g. Modified Following).
P32: EndOfMonth | Q32: End of Month rule (TRUE for end of month to end of month termination date, FALSE otherwise).
P33: DayCounter | Q33: DayCounter ID.
P34: Permanent | Q34: object permanent/nonpermanent
P35: Trigger | Q35: dependency tracking trigger
P36: Overwrite | Q36: overwrite flag

Sheet 5.Deposits_Swap6M
A1: DepositRateHelper | B1: ObjectID | C1: Rate | D1: Tenor | E1: FixingDays | F1: Calendar | G1: Convention | H1: EndOfMonth | I1: DayCounter | J1: Permanent | K1: Trigger | L1: Overwrite | M1: # | P1: qlDepositRateHelper2 | R1: n.b. attenzione ai nomi, devono essere diversi.
A2: {=_xll.qlDepositRateHelper2(B2,C2,D2,E2,F2,G2,H2,I2)} -> SW6_6M#0000 | B2: SW6_6M | C2: =+'1.DatiInput_Swap6M'!O2/100 -> -0.00238 | D2: 6M | E2: 2 | F2: TARGET | G2: Modified Following | H2: TRUE | I2: Actual/360 | M2: 1
P3: string returnValue
P4: qlDepositRateHelper2(
P5: string ObjectId
P6: string Rate
P7: string Tenor
P8: long FixingDays
P9: string Calendar
P10: string Convention
P11: bool EndOfMonth
P12: string DayCounter
P13: bool Permanent
P14: any Trigger
... P25: Parameters
P26: ObjectId | Q26: id of object to be created
P27: Rate | Q27: deposit quote.
P28: Tenor | Q28: deposit length (e.g. 3M for three months).
P29: FixingDays | Q29: fixing days (e.g. 2).
P30: Calendar | Q30: holiday calendar (e.g. TARGET).
P31: Convention | Q31: business day convention (e.g. Modified Following).
P32: EndOfMonth | Q32: End of Month rule (TRUE for end of month to end of month termination date, FALSE otherwise).
P33: DayCounter | Q33: DayCounter ID.
P34: Permanent | Q34: object permanent/nonpermanent
P35: Trigger | Q35: dependency tracking trigger
P36: Overwrite | Q36: overwrite flag

Sheet 5.TassiGovernativi
A1: Funzioni QuantLIB | C1: 1.Schedule | D1: ObjectId | E1: EffectiveDate | F1: TerminationDate | G1: Tenor | H1: Calendar | I1: Convention | J1: TermDateConv | K1: GenRule | L1: EndOfMonth | M1: FirstDate | N1: NextToLastDate | O1: Permanent | P1: Trigger | Q1: Overwrite | R1: Tipo Titolo (BOT o BTP) | S1: 2. Fixed Rate Bond | T1: ObjectId | U1: Description | V1: Currency | W1: SettlementDays | X1: FaceAmount | Y1: ScheduleID | Z1: Coupons | AA1: DayCounter | AB1: PaymentBDC | AC1: Redemption | AD1: IssueDate | AE1: PaymentCalendar | AF1: Permanent | AG1: Trigger | AH1: Overwrite | AI1: Anni curva | AJ1: 3. BondHelper | AK1: ObjectId | AL1: Price | AM1: Bond | AN1: UseCleanPrice | AO1: Permanent | AP1: Trigger | AQ1: Overwrite
C2: =_xll.qlSchedule(D2,E2,F2,G2,H2,I2,J2,K2,L2) -> BOTS 0 10/13/2017#0000 | D2: =+'1.DatiInputGVT'!A2 -> BOTS 0 10/13/2017 | E2: ='3.DataAnalisi'!$A$1 -> 42790 | F2: =+'1.DatiInputGVT'!C2 -> 43021 | G2: =IF(R2="BOT",F2-E2&"D","6M") -> 231D | H2: TARGET | I2: Unadjusted | J2: =+I2 -> Unadjusted | K2: Backward | L2: FALSE | R2: =IF(LEFT(D2,2)="BO","BOT","BTP") -> BOT | S2: =_xll.qlFixedRateBond(T2,U2,V2,W2,X2,Y2,Z2,AA2,AB2,AC2,AD2,AE2) -> BOT_BOTS 0 10/13/2017#0000 | T2: =+R2&"_"&C2 -> BOT_BOTS 0 10/13/2017#0000 | V2: EUR | W2: 2 | X2: 100 | Y2: =+C2 -> BOTS 0 10/13/2017#0000 | Z2: =IF(R2="BOT",0,VLOOKUP(D2,'1.DatiInputGVT'!$A$1:$S$24,19,FALSE)/100) -> 0 | AA2: =IF(R2="BOT","act/360","act/act") -> act/360 | AB2: Unadjusted | AC2: 100 | AD2: =DATE(YEAR(F2)-AI2,MONTH(F2),DAY(F2)) -> 17453 | AE2: TARGET | AI2: =70 -> 70 | AJ2: {=_xll.qlBondHelper(AK2,AL2,AM2,AN2)} -> BOTS 0 10/13/2017BH#0000 | AK2: =D2& "BH" -> BOTS 0 10/13/2017BH | AL2: ='1.DatiInputGVT'!M2 -> 100.1935 | AM2: =+S2 -> BOT_BOTS 0 10/13/2017#0000 | AN2: TRUE
C3: =_xll.qlSchedule(D3,E3,F3,G3,H3,I3,J3,K3,L3) -> BTPS 4 1/2 03/19#0000 | D3: =+'1.DatiInputGVT'!A3 -> BTPS 4 1/2 03/19 | E3: ='3.DataAnalisi'!$A$1 -> 42790 | F3: =+'1.DatiInputGVT'!C3 -> 43525 | G3: =IF(R3="BOT",F3-E3&"D","6M") -> 6M | H3: TARGET | I3: Unadjusted | J3: =+I3 -> Unadjusted | K3: Backward | L3: FALSE | R3: =IF(LEFT(D3,2)="BO","BOT","BTP") -> BTP | S3: =_xll.qlFixedRateBond(T3,U3,V3,W3,X3,Y3,Z3,AA3,AB3,AC3,AD3,AE3) -> BTP_BTPS 4 1/2 03/19#0000 | T3: =+R3&"_"&C3 -> BTP_BTPS 4 1/2 03/19#0000 | V3: EUR | W3: 2 | X3: 100 | Y3: =+C3 -> BTPS 4 1/2 03/19#0000 | Z3: =IF(R3="BOT",0,VLOOKUP(D3,'1.DatiInputGVT'!$A$1:$S$24,19,FALSE)/100) -> 0.045 | AA3: =IF(R3="BOT","act/360","act/act") -> act/act | AB3: Unadjusted | AC3: =+AC2 -> 100 | AD3: =DATE(YEAR(F3)-AI3,MONTH(F3),DAY(F3)) -> 17958 | AE3: TARGET | AI3: =+AI2 -> 70 | AJ3: {=_xll.qlBondHelper(AK3,AL3,AM3,AN3)} -> BTPS 4 1/2 03/19BH#0000 | AK3: =D3& "BH" -> BTPS 4 1/2 03/19BH | AL3: ='1.DatiInputGVT'!M3 -> 108.705 | AM3: =+S3 -> BTP_BTPS 4 1/2 03/19#0000 | AN3: TRUE
A4: 1. | C4: =_xll.qlSchedule(D4,E4,F4,G4,H4,I4,J4,K4,L4) -> BTPS 0.65 11/01/20#0000 | D4: =+'1.DatiInputGVT'!A4 -> BTPS 0.65 11/01/20 | E4: ='3.DataAnalisi'!$A$1 -> 42790 | F4: =+'1.DatiInputGVT'!C4 -> 44136 | G4: =IF(R4="BOT",F4-E4&"D","6M") -> 6M | H4: TARGET | I4: Unadjusted | J4: =+I4 -> Unadjusted | K4: Backward | L4: FALSE | R4: =IF(LEFT(D4,2)="BO","BOT","BTP") -> BTP | S4: =_xll.qlFixedRateBond(T4,U4,V4,W4,X4,Y4,Z4,AA4,AB4,AC4,AD4,AE4) -> BTP_BTPS 0.65 11/01/20#0000 | T4: =+R4&"_"&C4 -> BTP_BTPS 0.65 11/01/20#0000 | V4: EUR | W4: 2 | X4: 100 | Y4: =+C4 -> BTPS 0.65 11/01/20#0000 | Z4: =IF(R4="BOT",0,VLOOKUP(D4,'1.DatiInputGVT'!$A$1:$S$24,19,FALSE)/100) -> 0.0065 | AA4: =IF(R4="BOT","act/360","act/act") -> act/act | AB4: Unadjusted | AC4: =+AC3 -> 100 | AD4: =DATE(YEAR(F4)-AI4,MONTH(F4),DAY(F4)) -> 18568 | AE4: TARGET | AI4: =+AI3 -> 70 | AJ4: {=_xll.qlBondHelper(AK4,AL4,AM4,AN4)} -> BTPS 0.65 11/01/20BH#0000 | AK4: =D4& "BH" -> BTPS 0.65 11/01/20BH | AL4: ='1.DatiInputGVT'!M4 -> 100.355 | AM4: =+S4 -> BTP_BTPS 0.65 11/01/20#0000 | AN4: TRUE
A5: qlSchedule | C5: =_xll.qlSchedule(D5,E5,F5,G5,H5,I5,J5,K5,L5) -> BTPS 2.15 12/21#0000 | D5: =+'1.DatiInputGVT'!A5 -> BTPS 2.15 12/21 | E5: ='3.DataAnalisi'!$A$1 -> 42790 | F5: =+'1.DatiInputGVT'!C5 -> 44545 | G5: =IF(R5="BOT",F5-E5&"D","6M") -> 6M | H5: TARGET | I5: Unadjusted | J5: =+I5 -> Unadjusted | K5: Backward | L5: FALSE | R5: =IF(LEFT(D5,2)="BO","BOT","BTP") -> BTP | S5: =_xll.qlFixedRateBond(T5,U5,V5,W5,X5,Y5,Z5,AA5,AB5,AC5,AD5,AE5) -> BTP_BTPS 2.15 12/21#0000 | T5: =+R5&"_"&C5 -> BTP_BTPS 2.15 12/21#0000 | V5: EUR | W5: 2 | X5: 100 | Y5: =+C5 -> BTPS 2.15 12/21#0000 | Z5: =IF(R5="BOT",0,VLOOKUP(D5,'1.DatiInputGVT'!$A$1:$S$24,19,FALSE)/100) -> 0.0215 | AA5: =IF(R5="BOT","act/360","act/act") -> act/act | AB5: Unadjusted | AC5: =+AC4 -> 100 | AD5: =DATE(YEAR(F5)-AI5,MONTH(F5),DAY(F5)) -> 18977 | AE5: TARGET | AI5: =+AI4 -> 70 | AJ5: {=_xll.qlBondHelper(AK5,AL5,AM5,AN5)} -> BTPS 2.15 12/21BH#0000 | AK5: =D5& "BH" -> BTPS 2.15 12/21BH | AL5: ='1.DatiInputGVT'!M5 -> 105.26 | AM5: =+S5 -> BTP_BTPS 2.15 12/21#0000 | AN5: TRUE
C6: =_xll.qlSchedule(D6,E6,F6,G6,H6,I6,J6,K6,L6) -> BTPS 1.35% 04/22#0000 | D6: =+'1.DatiInputGVT'!A6 -> BTPS 1.35% 04/22 | E6: ='3.DataAnalisi'!$A$1 -> 42790 | F6: =+'1.DatiInputGVT'!C6 -> 44666 | G6: =IF(R6="BOT",F6-E6&"D","6M") -> 6M | H6: TARGET | I6: Unadjusted | J6: =+I6 -> Unadjusted | K6: Backward | L6: FALSE | R6: =IF(LEFT(D6,2)="BO","BOT","BTP") -> BTP | S6: =_xll.qlFixedRateBond(T6,U6,V6,W6,X6,Y6,Z6,AA6,AB6,AC6,AD6,AE6) -> BTP_BTPS 1.35% 04/22#0000 | T6: =+R6&"_"&C6 -> BTP_BTPS 1.35% 04/22#0000 | V6: EUR | W6: 2 | X6: 100 | Y6: =+C6 -> BTPS 1.35% 04/22#0000 | Z6: =IF(R6="BOT",0,VLOOKUP(D6,'1.DatiInputGVT'!$A$1:$S$24,19,FALSE)/100) -> 0.0135 | AA6: =IF(R6="BOT","act/360","act/act") -> act/act | AB6: Unadjusted | AC6: =+AC5 -> 100 | AD6: =DATE(YEAR(F6)-AI6,MONTH(F6),DAY(F6)) -> 19099 | AE6: TARGET | AI6: =+AI5 -> 70 | AJ6: {=_xll.qlBondHelper(AK6,AL6,AM6,AN6)} -> BTPS 1.35% 04/22BH#0000 | AK6: =D6& "BH" -> BTPS 1.35% 04/22BH | AL6: ='1.DatiInputGVT'!M6 -> 101.01 | AM6: =+S6 -> BTP_BTPS 1.35% 04/22#0000 | AN6: TRUE
A7: string returnValue | C7: =_xll.qlSchedule(D7,E7,F7,G7,H7,I7,J7,K7,L7) -> BTPS 1.45 09/15/22#0000 | D7: =+'1.DatiInputGVT'!A7 -> BTPS 1.45 09/15/22 | E7: ='3.DataAnalisi'!$A$1 -> 42790 | F7: =+'1.DatiInputGVT'!C7 -> 44819 | G7: =IF(R7="BOT",F7-E7&"D","6M") -> 6M | H7: TARGET | I7: Unadjusted | J7: =+I7 -> Unadjusted | K7: Backward | L7: FALSE | R7: =IF(LEFT(D7,2)="BO","BOT","BTP") -> BTP | S7: =_xll.qlFixedRateBond(T7,U7,V7,W7,X7,Y7,Z7,AA7,AB7,AC7,AD7,AE7) -> BTP_BTPS 1.45 09/15/22#0000 | T7: =+R7&"_"&C7 -> BTP_BTPS 1.45 09/15/22#0000 | V7: EUR | W7: 2 | X7: 100 | Y7: =+C7 -> BTPS 1.45 09/15/22#0000 | Z7: =IF(R7="BOT",0,VLOOKUP(D7,'1.DatiInputGVT'!$A$1:$S$24,19,FALSE)/100) -> 0.0145 | AA7: =IF(R7="BOT","act/360","act/act") -> act/act | AB7: Unadjusted | AC7: =+AC6 -> 100 | AD7: =DATE(YEAR(F7)-AI7,MONTH(F7),DAY(F7)) -> 19252 | AE7: TARGET | AI7: =+AI6 -> 70 | AJ7: {=_xll.qlBondHelper(AK7,AL7,AM7,AN7)} -> BTPS 1.45 09/15/22BH#0000 | AK7: =D7& "BH" -> BTPS 1.45 09/15/22BH | AL7: ='1.DatiInputGVT'!M7 -> 101.075 | AM7: =+S7 -> BTP_BTPS 1.45 09/15/22#0000 | AN7: TRUE
A8: qlSchedule( | C8: =_xll.qlSchedule(D8,E8,F8,G8,H8,I8,J8,K8,L8) -> BTPS 4.5 5/1/2023#0000 | D8: =+'1.DatiInputGVT'!A8 -> BTPS 4.5 5/1/2023 | E8: ='3.DataAnalisi'!$A$1 -> 42790 | F8: =+'1.DatiInputGVT'!C8 -> 45047 | G8: =IF(R8="BOT",F8-E8&"D","6M") -> 6M | H8: TARGET | I8: Unadjusted | J8: =+I8 -> Unadjusted | K8: Backward | L8: FALSE | R8: =IF(LEFT(D8,2)="BO","BOT","BTP") -> BTP | S8: =_xll.qlFixedRateBond(T8,U8,V8,W8,X8,Y8,Z8,AA8,AB8,AC8,AD8,AE8) -> BTP_BTPS 4.5 5/1/2023#0000 | T8: =+R8&"_"&C8 -> BTP_BTPS 4.5 5/1/2023#0000 | V8: EUR | W8: 2 | X8: 100 | Y8: =+C8 -> BTPS 4.5 5/1/2023#0000 | Z8: =IF(R8="BOT",0,VLOOKUP(D8,'1.DatiInputGVT'!$A$1:$S$24,19,FALSE)/100) -> 0.045 | AA8: =IF(R8="BOT","act/360","act/act") -> act/act | AB8: Unadjusted | AC8: =+AC7 -> 100 | AD8: =DATE(YEAR(F8)-AI8,MONTH(F8),DAY(F8)) -> 19480 | AE8: TARGET | AI8: =+AI7 -> 70 | AJ8: {=_xll.qlBondHelper(AK8,AL8,AM8,AN8)} -> BTPS 4.5 5/1/2023BH#0000 | AK8: =D8& "BH" -> BTPS 4.5 5/1/2023BH | AL8: ='1.DatiInputGVT'!M8 -> 117.51 | AM8: =+S8 -> BTP_BTPS 4.5 5/1/2023#0000 | AN8: TRUE
A9: string ObjectId | C9: =_xll.qlSchedule(D9,E9,F9,G9,H9,I9,J9,K9,L9) -> BTPS 4 3/4 08/01/23#0000 | D9: =+'1.DatiInputGVT'!A9 -> BTPS 4 3/4 08/01/23 | E9: ='3.DataAnalisi'!$A$1 -> 42790 | F9: =+'1.DatiInputGVT'!C9 -> 45139 | G9: =IF(R9="BOT",F9-E9&"D","6M") -> 6M | H9: TARGET | I9: Unadjusted | J9: =+I9 -> Unadjusted | K9: Backward | L9: FALSE | R9: =IF(LEFT(D9,2)="BO","BOT","BTP") -> BTP | S9: =_xll.qlFixedRateBond(T9,U9,V9,W9,X9,Y9,Z9,AA9,AB9,AC9,AD9,AE9) -> BTP_BTPS 4 3/4 08/01/23#0000 | T9: =+R9&"_"&C9 -> BTP_BTPS 4 3/4 08/01/23#0000 | V9: EUR | W9: 2 | X9: 100 | Y9: =+C9 -> BTPS 4 3/4 08/01/23#0000 | Z9: =IF(R9="BOT",0,VLOOKUP(D9,'1.DatiInputGVT'!$A$1:$S$24,19,FALSE)/100) -> 0.0475 | AA9: =IF(R9="BOT","act/360","act/act") -> act/act | AB9: Unadjusted | AC9: =+AC8 -> 100 | AD9: =DATE(YEAR(F9)-AI9,MONTH(F9),DAY(F9)) -> 19572 | AE9: TARGET | AI9: =+AI8 -> 70 | AJ9: {=_xll.qlBondHelper(AK9,AL9,AM9,AN9)} -> BTPS 4 3/4 08/01/23BH#0000 | AK9: =D9& "BH" -> BTPS 4 3/4 08/01/23BH | AL9: ='1.DatiInputGVT'!M9 -> 119.645 | AM9: =+S9 -> BTP_BTPS 4 3/4 08/01/23#0000 | AN9: TRUE
A10: long EffectiveDate | B10: =_xll.ohRangeRetrieveError(C10) | C10: =_xll.qlSchedule(D10,E10,F10,G10,H10,I10,J10,K10,L10) -> BTPS 4.5 03/01/2024 #0000 | D10: =+'1.DatiInputGVT'!A10 -> BTPS 4.5 03/01/2024 | E10: ='3.DataAnalisi'!$A$1 -> 42790 | F10: =+'1.DatiInputGVT'!C10 -> 45352 | G10: =IF(R10="BOT",F10-E10&"D","6M") -> 6M | H10: TARGET | I10: Unadjusted | J10: =+I10 -> Unadjusted | K10: Backward | L10: FALSE | R10: =IF(LEFT(D10,2)="BO","BOT","BTP") -> BTP | S10: =_xll.qlFixedRateBond(T10,U10,V10,W10,X10,Y10,Z10,AA10,AB10,AC10,AD10,AE10) -> BTP_BTPS 4.5 03/01/2024 #0000 | T10: =+R10&"_"&C10 -> BTP_BTPS 4.5 03/01/2024 #0000 | V10: EUR | W10: 2 | X10: 100 | Y10: =+C10 -> BTPS 4.5 03/01/2024 #0000 | Z10: =IF(R10="BOT",0,VLOOKUP(D10,'1.DatiInputGVT'!$A$1:$S$24,19,FALSE)/100) -> 0.045 | AA10: =IF(R10="BOT","act/360","act/act") -> act/act | AB10: Unadjusted | AC10: =+AC9 -> 100 | AD10: =DATE(YEAR(F10)-AI10,MONTH(F10),DAY(F10)) -> 19784 | AE10: TARGET | AI10: =+AI9 -> 70 | AJ10: {=_xll.qlBondHelper(AK10,AL10,AM10,AN10)} -> BTPS 4.5 03/01/2024 BH#0000 | AK10: =D10& "BH" -> BTPS 4.5 03/01/2024 BH | AL10: ='1.DatiInputGVT'!M10 -> 117.945 | AM10: =+S10 -> BTP_BTPS 4.5 03/01/2024 #0000 | AN10: TRUE
A11: long TerminationDate | C11: =_xll.qlSchedule(D11,E11,F11,G11,H11,I11,J11,K11,L11) -> BTPS 3.75 09/01/2024#0000 | D11: =+'1.DatiInputGVT'!A11 -> BTPS 3.75 09/01/2024 | E11: ='3.DataAnalisi'!$A$1 -> 42790 | F11: =+'1.DatiInputGVT'!C11 -> 45536 | G11: =IF(R11="BOT",F11-E11&"D","6M") -> 6M | H11: TARGET | I11: Unadjusted | J11: =+I11 -> Unadjusted | K11: Backward | L11: FALSE | R11: =IF(LEFT(D11,2)="BO","BOT","BTP") -> BTP | S11: =_xll.qlFixedRateBond(T11,U11,V11,W11,X11,Y11,Z11,AA11,AB11,AC11,AD11,AE11) -> BTP_BTPS 3.75 09/01/2024#0000 | T11: =+R11&"_"&C11 -> BTP_BTPS 3.75 09/01/2024#0000 | V11: EUR | W11: 2 | X11: 100 | Y11: =+C11 -> BTPS 3.75 09/01/2024#0000 | Z11: =IF(R11="BOT",0,VLOOKUP(D11,'1.DatiInputGVT'!$A$1:$S$24,19,FALSE)/100) -> 0.0375 | AA11: =IF(R11="BOT","act/360","act/act") -> act/act | AB11: Unadjusted | AC11: =+AC10 -> 100 | AD11: =DATE(YEAR(F11)-AI11,MONTH(F11),DAY(F11)) -> 19968 | AE11: TARGET | AI11: =+AI10 -> 70 | AJ11: {=_xll.qlBondHelper(AK11,AL11,AM11,AN11)} -> BTPS 3.75 09/01/2024BH#0000 | AK11: =D11& "BH" -> BTPS 3.75 09/01/2024BH | AL11: ='1.DatiInputGVT'!M11 -> 113.095 | AM11: =+S11 -> BTP_BTPS 3.75 09/01/2024#0000 | AN11: TRUE
A12: string Tenor | C12: =_xll.qlSchedule(D12,E12,F12,G12,H12,I12,J12,K12,L12) -> BTPS 5 03/01/25#0000 | D12: =+'1.DatiInputGVT'!A12 -> BTPS 5 03/01/25 | E12: ='3.DataAnalisi'!$A$1 -> 42790 | F12: =+'1.DatiInputGVT'!C12 -> 45717 | G12: =IF(R12="BOT",F12-E12&"D","6M") -> 6M | H12: TARGET | I12: Unadjusted | J12: =+I12 -> Unadjusted | K12: Backward | L12: FALSE | R12: =IF(LEFT(D12,2)="BO","BOT","BTP") -> BTP | S12: =_xll.qlFixedRateBond(T12,U12,V12,W12,X12,Y12,Z12,AA12,AB12,AC12,AD12,AE12) -> BTP_BTPS 5 03/01/25#0000 | T12: =+R12&"_"&C12 -> BTP_BTPS 5 03/01/25#0000 | V12: EUR | W12: 2 | X12: 100 | Y12: =+C12 -> BTPS 5 03/01/25#0000 | Z12: =IF(R12="BOT",0,VLOOKUP(D12,'1.DatiInputGVT'!$A$1:$S$24,19,FALSE)/100) -> 0.05 | AA12: =IF(R12="BOT","act/360","act/act") -> act/act | AB12: Unadjusted | AC12: =+AC11 -> 100 | AD12: =DATE(YEAR(F12)-AI12,MONTH(F12),DAY(F12)) -> 20149 | AE12: TARGET | AI12: =+AI11 -> 70 | AJ12: {=_xll.qlBondHelper(AK12,AL12,AM12,AN12)} -> BTPS 5 03/01/25BH#0000 | AK12: =D12& "BH" -> BTPS 5 03/01/25BH | AL12: ='1.DatiInputGVT'!M12 -> 122.565 | AM12: =+S12 -> BTP_BTPS 5 03/01/25#0000 | AN12: TRUE
A13: string Calendar | C13: =_xll.qlSchedule(D13,E13,F13,G13,H13,I13,J13,K13,L13) -> BTPS 2% 12/25#0000 | D13: =+'1.DatiInputGVT'!A13 -> BTPS 2% 12/25 | E13: ='3.DataAnalisi'!$A$1 -> 42790 | F13: =+'1.DatiInputGVT'!C13 -> 45992 | G13: =IF(R13="BOT",F13-E13&"D","6M") -> 6M | H13: TARGET | I13: Unadjusted | J13: =+I13 -> Unadjusted | K13: Backward | L13: FALSE | R13: =IF(LEFT(D13,2)="BO","BOT","BTP") -> BTP | S13: =_xll.qlFixedRateBond(T13,U13,V13,W13,X13,Y13,Z13,AA13,AB13,AC13,AD13,AE13) -> BTP_BTPS 2% 12/25#0000 | T13: =+R13&"_"&C13 -> BTP_BTPS 2% 12/25#0000 | V13: EUR | W13: 2 | X13: 100 | Y13: =+C13 -> BTPS 2% 12/25#0000 | Z13: =IF(R13="BOT",0,VLOOKUP(D13,'1.DatiInputGVT'!$A$1:$S$24,19,FALSE)/100) -> 0.02 | AA13: =IF(R13="BOT","act/360","act/act") -> act/act | AB13: Unadjusted | AC13: =+AC12 -> 100 | AD13: =DATE(YEAR(F13)-AI13,MONTH(F13),DAY(F13)) -> 20424 | AE13: TARGET | AI13: =+AI12 -> 70 | AJ13: {=_xll.qlBondHelper(AK13,AL13,AM13,AN13)} -> BTPS 2% 12/25BH#0000 | AK13: =D13& "BH" -> BTPS 2% 12/25BH | AL13: ='1.DatiInputGVT'!M13 -> 99.505 | AM13: =+S13 -> BTP_BTPS 2% 12/25#0000 | AN13: TRUE
A14: string Convention | C14: =_xll.qlSchedule(D14,E14,F14,G14,H14,I14,J14,K14,L14) -> BTP 4.5 03/01/26#0000 | D14: =+'1.DatiInputGVT'!A14 -> BTP 4.5 03/01/26 | E14: ='3.DataAnalisi'!$A$1 -> 42790 | F14: =+'1.DatiInputGVT'!C14 -> 46082 | G14: =IF(R14="BOT",F14-E14&"D","6M") -> 6M | H14: TARGET | I14: Unadjusted | J14: =+I14 -> Unadjusted | K14: Backward | L14: FALSE | R14: =IF(LEFT(D14,2)="BO","BOT","BTP") -> BTP | S14: =_xll.qlFixedRateBond(T14,U14,V14,W14,X14,Y14,Z14,AA14,AB14,AC14,AD14,AE14) -> BTP_BTP 4.5 03/01/26#0000 | T14: =+R14&"_"&C14 -> BTP_BTP 4.5 03/01/26#0000 | V14: EUR | W14: 2 | X14: 100 | Y14: =+C14 -> BTP 4.5 03/01/26#0000 | Z14: =IF(R14="BOT",0,VLOOKUP(D14,'1.DatiInputGVT'!$A$1:$S$24,19,FALSE)/100) -> 0.045 | AA14: =IF(R14="BOT","act/360","act/act") -> act/act | AB14: Unadjusted | AC14: =+AC13 -> 100 | AD14: =DATE(YEAR(F14)-AI14,MONTH(F14),DAY(F14)) -> 20515 | AE14: TARGET | AI14: =+AI13 -> 70 | AJ14: {=_xll.qlBondHelper(AK14,AL14,AM14,AN14)} -> BTP 4.5 03/01/26BH#0000 | AK14: =D14& "BH" -> BTP 4.5 03/01/26BH | AL14: ='1.DatiInputGVT'!M14 -> 119.2 | AM14: =+S14 -> BTP_BTP 4.5 03/01/26#0000 | AN14: TRUE
A15: string TermDateConv | C15: =_xll.qlSchedule(D15,E15,F15,G15,H15,I15,J15,K15,L15) -> BTPS 1.25% 12/01/26#0000 | D15: =+'1.DatiInputGVT'!A15 -> BTPS 1.25% 12/01/26 | E15: ='3.DataAnalisi'!$A$1 -> 42790 | F15: =+'1.DatiInputGVT'!C15 -> 46357 | G15: =IF(R15="BOT",F15-E15&"D","6M") -> 6M | H15: TARGET | I15: Unadjusted | J15: =+I15 -> Unadjusted | K15: Backward | L15: FALSE | R15: =IF(LEFT(D15,2)="BO","BOT","BTP") -> BTP | S15: =_xll.qlFixedRateBond(T15,U15,V15,W15,X15,Y15,Z15,AA15,AB15,AC15,AD15,AE15) -> BTP_BTPS 1.25% 12/01/26#0000 | T15: =+R15&"_"&C15 -> BTP_BTPS 1.25% 12/01/26#0000 | V15: EUR | W15: 2 | X15: 100 | Y15: =+C15 -> BTPS 1.25% 12/01/26#0000 | Z15: =IF(R15="BOT",0,VLOOKUP(D15,'1.DatiInputGVT'!$A$1:$S$24,19,FALSE)/100) -> 0.0125 | AA15: =IF(R15="BOT","act/360","act/act") -> act/act | AB15: Unadjusted | AC15: =+AC14 -> 100 | AD15: =DATE(YEAR(F15)-AI15,MONTH(F15),DAY(F15)) -> 20790 | AE15: TARGET | AI15: =+AI14 -> 70 | AJ15: {=_xll.qlBondHelper(AK15,AL15,AM15,AN15)} -> BTPS 1.25% 12/01/26BH#0000 | AK15: =D15& "BH" -> BTPS 1.25% 12/01/26BH | AL15: ='1.DatiInputGVT'!M15 -> 92.045 | AM15: =+S15 -> BTP_BTPS 1.25% 12/01/26#0000 | AN15: TRUE
A16: string GenRule | C16: =_xll.qlSchedule(D16,E16,F16,G16,H16,I16,J16,K16,L16) -> BTPS 4 3/4 01/09/28#0000 | D16: =+'1.DatiInputGVT'!A16 -> BTPS 4 3/4 01/09/28 | E16: ='3.DataAnalisi'!$A$1 -> 42790 | F16: =+'1.DatiInputGVT'!C16 -> 46997 | G16: =IF(R16="BOT",F16-E16&"D","6M") -> 6M | H16: TARGET | I16: Unadjusted | J16: =+I16 -> Unadjusted | K16: Backward | L16: FALSE | R16: =IF(LEFT(D16,2)="BO","BOT","BTP") -> BTP | S16: =_xll.qlFixedRateBond(T16,U16,V16,W16,X16,Y16,Z16,AA16,AB16,AC16,AD16,AE16) -> BTP_BTPS 4 3/4 01/09/28#0000 | T16: =+R16&"_"&C16 -> BTP_BTPS 4 3/4 01/09/28#0000 | V16: EUR | W16: 2 | X16: 100 | Y16: =+C16 -> BTPS 4 3/4 01/09/28#0000 | Z16: =IF(R16="BOT",0,VLOOKUP(D16,'1.DatiInputGVT'!$A$1:$S$24,19,FALSE)/100) -> 0.0475 | AA16: =IF(R16="BOT","act/360","act/act") -> act/act | AB16: Unadjusted | AC16: =+AC15 -> 100 | AD16: =DATE(YEAR(F16)-AI16,MONTH(F16),DAY(F16)) -> 21429 | AE16: TARGET | AI16: =+AI15 -> 70 | AJ16: {=_xll.qlBondHelper(AK16,AL16,AM16,AN16)} -> BTPS 4 3/4 01/09/28BH#0000 | AK16: =D16& "BH" -> BTPS 4 3/4 01/09/28BH | AL16: ='1.DatiInputGVT'!M16 -> 122.595 | AM16: =+S16 -> BTP_BTPS 4 3/4 01/09/28#0000 | AN16: TRUE
A17: bool EndOfMonth | C17: =_xll.qlSchedule(D17,E17,F17,G17,H17,I17,J17,K17,L17) -> BTPS 3.5 03/01/2030#0000 | D17: =+'1.DatiInputGVT'!A17 -> BTPS 3.5 03/01/2030 | E17: ='3.DataAnalisi'!$A$1 -> 42790 | F17: =+'1.DatiInputGVT'!C17 -> 47543 | G17: =IF(R17="BOT",F17-E17&"D","6M") -> 6M | H17: TARGET | I17: Unadjusted | J17: =+I17 -> Unadjusted | K17: Backward | L17: FALSE | R17: =IF(LEFT(D17,2)="BO","BOT","BTP") -> BTP | S17: =_xll.qlFixedRateBond(T17,U17,V17,W17,X17,Y17,Z17,AA17,AB17,AC17,AD17,AE17) -> BTP_BTPS 3.5 03/01/2030#0000 | T17: =+R17&"_"&C17 -> BTP_BTPS 3.5 03/01/2030#0000 | V17: EUR | W17: 2 | X17: 100 | Y17: =+C17 -> BTPS 3.5 03/01/2030#0000 | Z17: =IF(R17="BOT",0,VLOOKUP(D17,'1.DatiInputGVT'!$A$1:$S$24,19,FALSE)/100) -> 0.035 | AA17: =IF(R17="BOT","act/360","act/act") -> act/act | AB17: Unadjusted | AC17: =+AC16 -> 100 | AD17: =DATE(YEAR(F17)-AI17,MONTH(F17),DAY(F17)) -> 21976 | AE17: TARGET | AI17: =+AI16 -> 70 | AJ17: {=_xll.qlBondHelper(AK17,AL17,AM17,AN17)} -> BTPS 3.5 03/01/2030BH#0000 | AK17: =D17& "BH" -> BTPS 3.5 03/01/2030BH | AL17: ='1.DatiInputGVT'!M17 -> 110.51 | AM17: =+S17 -> BTP_BTPS 3.5 03/01/2030#0000 | AN17: TRUE
A18: long FirstDate | C18: =_xll.qlSchedule(D18,E18,F18,G18,H18,I18,J18,K18,L18) -> BTPS 1,65 01/03/32#0000 | D18: =+'1.DatiInputGVT'!A18 -> BTPS 1,65 01/03/32 | E18: ='3.DataAnalisi'!$A$1 -> 42790 | F18: =+'1.DatiInputGVT'!C18 -> 48274 | G18: =IF(R18="BOT",F18-E18&"D","6M") -> 6M | H18: TARGET | I18: Unadjusted | J18: =+I18 -> Unadjusted | K18: Backward | L18: FALSE | R18: =IF(LEFT(D18,2)="BO","BOT","BTP") -> BTP | S18: =_xll.qlFixedRateBond(T18,U18,V18,W18,X18,Y18,Z18,AA18,AB18,AC18,AD18,AE18) -> BTP_BTPS 1,65 01/03/32#0000 | T18: =+R18&"_"&C18 -> BTP_BTPS 1,65 01/03/32#0000 | V18: EUR | W18: 2 | X18: 100 | Y18: =+C18 -> BTPS 1,65 01/03/32#0000 | Z18: =IF(R18="BOT",0,VLOOKUP(D18,'1.DatiInputGVT'!$A$1:$S$24,19,FALSE)/100) -> 0.0165 | AA18: =IF(R18="BOT","act/360","act/act") -> act/act | AB18: Unadjusted | AC18: =+AC17 -> 100 | AD18: =DATE(YEAR(F18)-AI18,MONTH(F18),DAY(F18)) -> 22706 | AE18: TARGET | AI18: =+AI17 -> 70 | AJ18: {=_xll.qlBondHelper(AK18,AL18,AM18,AN18)} -> BTPS 1,65 01/03/32BH#0000 | AK18: =D18& "BH" -> BTPS 1,65 01/03/32BH | AL18: ='1.DatiInputGVT'!M18 -> 89.465 | AM18: =+S18 -> BTP_BTPS 1,65 01/03/32#0000 | AN18: TRUE
A19: long NextToLastDate | C19: =_xll.qlSchedule(D19,E19,F19,G19,H19,I19,J19,K19,L19) -> BTPS 5 08/01/34#0000 | D19: =+'1.DatiInputGVT'!A19 -> BTPS 5 08/01/34 | E19: ='3.DataAnalisi'!$A$1 -> 42790 | F19: =+'1.DatiInputGVT'!C19 -> 49157 | G19: =IF(R19="BOT",F19-E19&"D","6M") -> 6M | H19: TARGET | I19: Unadjusted | J19: =+I19 -> Unadjusted | K19: Backward | L19: FALSE | R19: =IF(LEFT(D19,2)="BO","BOT","BTP") -> BTP | S19: =_xll.qlFixedRateBond(T19,U19,V19,W19,X19,Y19,Z19,AA19,AB19,AC19,AD19,AE19) -> BTP_BTPS 5 08/01/34#0000 | T19: =+R19&"_"&C19 -> BTP_BTPS 5 08/01/34#0000 | V19: EUR | W19: 2 | X19: 100 | Y19: =+C19 -> BTPS 5 08/01/34#0000 | Z19: =IF(R19="BOT",0,VLOOKUP(D19,'1.DatiInputGVT'!$A$1:$S$24,19,FALSE)/100) -> 0.05 | AA19: =IF(R19="BOT","act/360","act/act") -> act/act | AB19: Unadjusted | AC19: =+AC18 -> 100 | AD19: =DATE(YEAR(F19)-AI19,MONTH(F19),DAY(F19)) -> 23590 | AE19: TARGET | AI19: =+AI18 -> 70 | AJ19: {=_xll.qlBondHelper(AK19,AL19,AM19,AN19)} -> BTPS 5 08/01/34BH#0000 | AK19: =D19& "BH" -> BTPS 5 08/01/34BH | AL19: ='1.DatiInputGVT'!M19 -> 129.775 | AM19: =+S19 -> BTP_BTPS 5 08/01/34#0000 | AN19: TRUE
A20: bool Permanent | C20: =_xll.qlSchedule(D20,E20,F20,G20,H20,I20,J20,K20,L20) -> BTPS 2.25 09/01/36#0000 | D20: =+'1.DatiInputGVT'!A20 -> BTPS 2.25 09/01/36 | E20: ='3.DataAnalisi'!$A$1 -> 42790 | F20: =+'1.DatiInputGVT'!C20 -> 49919 | G20: =IF(R20="BOT",F20-E20&"D","6M") -> 6M | H20: TARGET | I20: Unadjusted | J20: =+I20 -> Unadjusted | K20: Backward | L20: FALSE | R20: =IF(LEFT(D20,2)="BO","BOT","BTP") -> BTP | S20: =_xll.qlFixedRateBond(T20,U20,V20,W20,X20,Y20,Z20,AA20,AB20,AC20,AD20,AE20) -> BTP_BTPS 2.25 09/01/36#0000 | T20: =+R20&"_"&C20 -> BTP_BTPS 2.25 09/01/36#0000 | V20: EUR | W20: 2 | X20: 100 | Y20: =+C20 -> BTPS 2.25 09/01/36#0000 | Z20: =IF(R20="BOT",0,VLOOKUP(D20,'1.DatiInputGVT'!$A$1:$S$24,19,FALSE)/100) -> 0.0225 | AA20: =IF(R20="BOT","act/360","act/act") -> act/act | AB20: Unadjusted | AC20: =+AC19 -> 100 | AD20: =DATE(YEAR(F20)-AI20,MONTH(F20),DAY(F20)) -> 24351 | AE20: TARGET | AI20: =+AI19 -> 70 | AJ20: {=_xll.qlBondHelper(AK20,AL20,AM20,AN20)} -> BTPS 2.25 09/01/36BH#0000 | AK20: =D20& "BH" -> BTPS 2.25 09/01/36BH | AL20: ='1.DatiInputGVT'!M20 -> 92.07 | AM20: =+S20 -> BTP_BTPS 2.25 09/01/36#0000 | AN20: TRUE
A21: any Trigger | C21: =_xll.qlSchedule(D21,E21,F21,G21,H21,I21,J21,K21,L21) -> BTPS 5% 01/09/40#0000 | D21: =+'1.DatiInputGVT'!A21 -> BTPS 5% 01/09/40 | E21: ='3.DataAnalisi'!$A$1 -> 42790 | F21: =+'1.DatiInputGVT'!C21 -> 51380 | G21: =IF(R21="BOT",F21-E21&"D","6M") -> 6M | H21: TARGET | I21: Unadjusted | J21: =+I21 -> Unadjusted | K21: Backward | L21: FALSE | R21: =IF(LEFT(D21,2)="BO","BOT","BTP") -> BTP | S21: =_xll.qlFixedRateBond(T21,U21,V21,W21,X21,Y21,Z21,AA21,AB21,AC21,AD21,AE21) -> BTP_BTPS 5% 01/09/40#0000 | T21: =+R21&"_"&C21 -> BTP_BTPS 5% 01/09/40#0000 | V21: EUR | W21: 2 | X21: 100 | Y21: =+C21 -> BTPS 5% 01/09/40#0000 | Z21: =IF(R21="BOT",0,VLOOKUP(D21,'1.DatiInputGVT'!$A$1:$S$24,19,FALSE)/100) -> 0.05 | AA21: =IF(R21="BOT","act/360","act/act") -> act/act | AB21: Unadjusted | AC21: =+AC20 -> 100 | AD21: =DATE(YEAR(F21)-AI21,MONTH(F21),DAY(F21)) -> 25812 | AE21: TARGET | AI21: =+AI20 -> 70 | AJ21: {=_xll.qlBondHelper(AK21,AL21,AM21,AN21)} -> BTPS 5% 01/09/40BH#0000 | AK21: =D21& "BH" -> BTPS 5% 01/09/40BH | AL21: ='1.DatiInputGVT'!M21 -> 129.38 | AM21: =+S21 -> BTP_BTPS 5% 01/09/40#0000 | AN21: TRUE
A22: bool Overwrite) | C22: =_xll.qlSchedule(D22,E22,F22,G22,H22,I22,J22,K22,L22) -> BTPS 4 3/4 01/09/44#0000 | D22: =+'1.DatiInputGVT'!A22 -> BTPS 4 3/4 01/09/44 | E22: ='3.DataAnalisi'!$A$1 -> 42790 | F22: =+'1.DatiInputGVT'!C22 -> 52841 | G22: =IF(R22="BOT",F22-E22&"D","6M") -> 6M | H22: TARGET | I22: Unadjusted | J22: =+I22 -> Unadjusted | K22: Backward | L22: FALSE | R22: =IF(LEFT(D22,2)="BO","BOT","BTP") -> BTP | S22: =_xll.qlFixedRateBond(T22,U22,V22,W22,X22,Y22,Z22,AA22,AB22,AC22,AD22,AE22) -> BTP_BTPS 4 3/4 01/09/44#0000 | T22: =+R22&"_"&C22 -> BTP_BTPS 4 3/4 01/09/44#0000 | V22: EUR | W22: 2 | X22: 100 | Y22: =+C22 -> BTPS 4 3/4 01/09/44#0000 | Z22: =IF(R22="BOT",0,VLOOKUP(D22,'1.DatiInputGVT'!$A$1:$S$24,19,FALSE)/100) -> 0.0475 | AA22: =IF(R22="BOT","act/360","act/act") -> act/act | AB22: Unadjusted | AC22: =+AC21 -> 100 | AD22: =DATE(YEAR(F22)-AI22,MONTH(F22),DAY(F22)) -> 27273 | AE22: TARGET | AI22: =+AI21 -> 70 | AJ22: {=_xll.qlBondHelper(AK22,AL22,AM22,AN22)} -> BTPS 4 3/4 01/09/44BH#0000 | AK22: =D22& "BH" -> BTPS 4 3/4 01/09/44BH | AL22: ='1.DatiInputGVT'!M22 -> 126.145 | AM22: =+S22 -> BTP_BTPS 4 3/4 01/09/44#0000 | AN22: TRUE
C23: =_xll.qlSchedule(D23,E23,F23,G23,H23,I23,J23,K23,L23) -> BTPS 3.25 09/01/2046#0000 | D23: =+'1.DatiInputGVT'!A23 -> BTPS 3.25 09/01/2046 | E23: ='3.DataAnalisi'!$A$1 -> 42790 | F23: =+'1.DatiInputGVT'!C23 -> 53571 | G23: =IF(R23="BOT",F23-E23&"D","6M") -> 6M | H23: TARGET | I23: Unadjusted | J23: =+I23 -> Unadjusted | K23: Backward | L23: FALSE | R23: =IF(LEFT(D23,2)="BO","BOT","BTP") -> BTP | S23: =_xll.qlFixedRateBond(T23,U23,V23,W23,X23,Y23,Z23,AA23,AB23,AC23,AD23,AE23) -> BTP_BTPS 3.25 09/01/2046#0000 | T23: =+R23&"_"&C23 -> BTP_BTPS 3.25 09/01/2046#0000 | V23: EUR | W23: 2 | X23: 100 | Y23: =+C23 -> BTPS 3.25 09/01/2046#0000 | Z23: =IF(R23="BOT",0,VLOOKUP(D23,'1.DatiInputGVT'!$A$1:$S$24,19,FALSE)/100) -> 0.0325 | AA23: =IF(R23="BOT","act/360","act/act") -> act/act | AB23: Unadjusted | AC23: =+AC22 -> 100 | AD23: =DATE(YEAR(F23)-AI23,MONTH(F23),DAY(F23)) -> 28004 | AE23: TARGET | AI23: =+AI22 -> 70 | AJ23: {=_xll.qlBondHelper(AK23,AL23,AM23,AN23)} -> BTPS 3.25 09/01/2046BH#0000 | AK23: =D23& "BH" -> BTPS 3.25 09/01/2046BH | AL23: ='1.DatiInputGVT'!M23 -> 100.465 | AM23: =+S23 -> BTP_BTPS 3.25 09/01/2046#0000 | AN23: TRUE
A24: Description: | C24: =_xll.qlSchedule(D24,E24,F24,G24,H24,I24,J24,K24,L24) -> BTPS 2.7% 03/01/47#0000 | D24: =+'1.DatiInputGVT'!A24 -> BTPS 2.7% 03/01/47 | E24: ='3.DataAnalisi'!$A$1 -> 42790 | F24: =+'1.DatiInputGVT'!C24 -> 53752 | G24: =IF(R24="BOT",F24-E24&"D","6M") -> 6M | H24: TARGET | I24: Unadjusted | J24: =+I24 -> Unadjusted | K24: Backward | L24: FALSE | R24: =IF(LEFT(D24,2)="BO","BOT","BTP") -> BTP | S24: =_xll.qlFixedRateBond(T24,U24,V24,W24,X24,Y24,Z24,AA24,AB24,AC24,AD24,AE24) -> BTP_BTPS 2.7% 03/01/47#0000 | T24: =+R24&"_"&C24 -> BTP_BTPS 2.7% 03/01/47#0000 | V24: EUR | W24: 2 | X24: 100 | Y24: =+C24 -> BTPS 2.7% 03/01/47#0000 | Z24: =IF(R24="BOT",0,VLOOKUP(D24,'1.DatiInputGVT'!$A$1:$S$24,19,FALSE)/100) -> 0.027 | AA24: =IF(R24="BOT","act/360","act/act") -> act/act | AB24: Unadjusted | AC24: =+AC23 -> 100 | AD24: =DATE(YEAR(F24)-AI24,MONTH(F24),DAY(F24)) -> 28185 | AE24: TARGET | AI24: =+AI23 -> 70 | AJ24: {=_xll.qlBondHelper(AK24,AL24,AM24,AN24)} -> BTPS 2.7% 03/01/47BH#0000 | AK24: =D24& "BH" -> BTPS 2.7% 03/01/47BH | AL24: ='1.DatiInputGVT'!M24 -> 89.87 | AM24: =+S24 -> BTP_BTPS 2.7% 03/01/47#0000 | AN24: TRUE
A26: Construct an object of class Schedule and return its id
A28: Supported Platforms:
A30: C++, Calc, Excel
A32: Parameters
A33: ObjectId
A34: EffectiveDate | B34: effective date. Default value = QuantLib::Date().
A35: TerminationDate | B35: termination date.
A36: Tenor | B36: tenor (e.g. 2D for two days , 3W for three weeks, 6M for six months, 1Y for one year).
A37: Calendar | B37: holiday calendar (e.g. TARGET). Default value = NullCalendar.
A38: Convention | B38: accrual dates business day convention. Default value = Unadjusted.
A39: TermDateConv | B39: termination date business day convention. Default value = Unadjusted.
A40: GenRule | B40: Date generation rule (Backward, Forward, ThirdWednesday, Twentieth, TwentiethIMM, Zero). Default value = Backward.
A41: EndOfMonth | B41: end of month convention. Ignored for Tenor below 1M. Default value = false.
A42: FirstDate | B42: stub date, if there is an irregular starting period. Default value = QuantLib::Date().
A43: NextToLastDate | B43: stub date, if there an irregular final period. Default value = QuantLib::Date().
A44: Permanent | B44: object permanent/nonpermanent
A45: Trigger | B45: dependency tracking trigger
A46: Overwrite | B46: overwrite flag
A50: 2. qlfixedratebond()
A51: qlFixedRateBond
A53: string returnValue
A54: qlFixedRateBond(
A55: string ObjectId
A56: string Description
A57: string Currency
A58: long SettlementDays
A59: double FaceAmount
A60: string ScheduleID
A61: vector<double> Coupons
A62: string DayCounter
... A79: Parameters
A80: ObjectId | B80: id of object to be created
A81: Description | B81: Bond description string. Autogenerated if null Default value = std::string().
A82: Currency | B82: bond Currency.
A83: SettlementDays | B83: settlement days.
A84: FaceAmount | B84: Face nominal amount. Default value = 100.0.
A85: ScheduleID | B85: Schedule object ID.
A86: Coupons | B86: simple annual compounding coupon rates.
A87: DayCounter | B87: Payment DayCounter ID.
A88: PaymentBDC | B88: payment business day convention. Default value = Following.
A89: Redemption | B89: Redemption value. Default value = 100.0.
A90: IssueDate | B90: issue date: the bond can't be traded until then. Default value = QuantLib::Date().
A91: PaymentCalendar | B91: payment holiday calendar (e.g. TARGET).
... A94: Overwrite | B94: overwrite flag
A100: qlBondHelper
A102: string returnValue
A103: qlBondHelper(
A104: string ObjectId
A105: string Price
A106: string Bond
A107: bool UseCleanPrice
A108: bool Permanent
A109: any Trigger
A110: bool Overwrite)
A112: Description:
A114: Construct an object of class BondHelper and return its id
... A120: Parameters
A121: ObjectId | B121: id of object to be created
A122: Price | B122: price.
A123: Bond | B123: Bond object ID.
A124: UseCleanPrice | B124: Type of price specified (TRUE clean price, FALSE for dirty price). Default value = true.
A125: Permanent | B125: object permanent/nonpermanent
A126: Trigger | B126: dependency tracking trigger
A127: Overwrite | B127: overwrite flag

Sheet 6.FRA_Swap6M
A1: DepositRateHelper | B1: ObjectId | C1: Rate | D1: PeriodToStart | E1: LengthInMonths | F1: FixingDays | G1: Calendar | H1: Convention | I1: EndOfMonth | J1: DayCounter | K1: PillarDate | L1: CustomPillarDate | M1: Permanent | N1: Trigger | O1: Overwrite | P1: qlFraRateHelper2
A2: {=_xll.qlFraRateHelper2(B2,C2,D2,E2,F2,G2,H2,I2,J2,K2)} -> SW6_3m_9m#0000 | B2: SW6_3m_9m | C2: =+'1.DatiInput_Swap6M'!O3/100 -> -0.00208 | D2: 3M | E2: 6 | F2: 2 | G2: TARGET | H2: Modified Following | I2: TRUE | J2: Actual/360
A3: {=_xll.qlFraRateHelper2(B3,C3,D3,E3,F3,G3,H3,I3,J3,K3)} -> SW6_6m_1y#0000 | B3: SW6_6m_1y | C3: =+'1.DatiInput_Swap6M'!O4/100 -> -0.00178 | D3: 6M | E3: 6 | F3: 2 | G3: TARGET | H3: Modified Following | I3: TRUE | J3: =+J2 -> Actual/360 | P3: string returnValue
A4: {=_xll.qlFraRateHelper2(B4,C4,D4,E4,F4,G4,H4,I4,J4,K4)} -> SW6_1Y_18M#0000 | B4: SW6_1Y_18M | C4: =+'1.DatiInput_Swap6M'!O5/100 -> -0.0013 | D4: 1Y | E4: 6 | F4: 2 | G4: TARGET | H4: Modified Following | I4: TRUE | J4: =+J3 -> Actual/360 | P4: qlFraRateHelper2(
A5: {=_xll.qlFraRateHelper2(B5,C5,D5,E5,F5,G5,H5,I5,J5,K5)} -> SW6_18M_1Y#0000 | B5: SW6_18M_1Y | C5: =+'1.DatiInput_Swap6M'!O6/100 -> -0.00078 | D5: 18M | E5: 6 | F5: 2 | G5: TARGET | H5: Modified Following | I5: TRUE | J5: =+J4 -> Actual/360 | P5: string ObjectId
P6: string Rate
P7: string PeriodToStart
P8: long LengthInMonths
P9: long FixingDays
P10: string Calendar
P11: string Convention
P12: bool EndOfMonth
P13: string DayCounter
P14: string PillarDate
P15: long CustomPillarDate
P16: bool Permanent
P17: any Trigger
... P28: Parameters
P29: ObjectId | Q29: id of object to be created
P30: Rate | Q30: quote.
P31: PeriodToStart | Q31: Period to start date.
P32: LengthInMonths | Q32: months to end.
P33: FixingDays | Q33: fixing days (e.g. 2).
P34: Calendar | Q34: holiday calendar (e.g. TARGET).
P35: Convention | Q35: business day convention (e.g. Modified Following).
P36: EndOfMonth | Q36: End of Month rule (TRUE for end of month to end of month termination date, FALSE otherwise).
P37: DayCounter | Q37: DayCounter ID.
P38: PillarDate | Q38: Pillar date can be: MaturityDate, LastRelevantDate or CustomDate. Default value = MaturityDate.
P39: CustomPillarDate | Q39: Custom Pillar Date. Default value = QuantLib::Date().
P40: Permanent | Q40: object permanent/nonpermanent
... P42: Overwrite | Q42: overwrite flag

Sheet 6.Piecewise_YieldCurve_ITL
A1: qlPiecewiseYieldCurve | B1: Funzione | C1: ObjectId | D1: NDays | E1: Calendar | F1: RateHelpers | G1: DayCounter | H1: Jumps | I1: JumpDates | J1: Accuracy | K1: TraitsID | L1: InterpolatorID | M1: Permanent | N1: Trigger | O1: Overwrite
B2: {=_xll.qlPiecewiseYieldCurve(C2,D2,E2,F2:F24,G2,,,,,L2)} -> CurvaGovernativaItalia#0000 | C2: CurvaGovernativaItalia | D2: 2 | E2: TARGET | F2: =+'5.TassiGovernativi'!AJ2 -> BOTS 0 10/13/2017BH#0000 | G2: act/365 | L2: Linear
A3: string returnValue | F3: =+'5.TassiGovernativi'!AJ3 -> BTPS 4 1/2 03/19BH#0000
A4: qlPiecewiseYieldCurve( | F4: =+'5.TassiGovernativi'!AJ4 -> BTPS 0.65 11/01/20BH#0000
A5: string ObjectId | F5: =+'5.TassiGovernativi'!AJ5 -> BTPS 2.15 12/21BH#0000
A6: long NDays | F6: =+'5.TassiGovernativi'!AJ6 -> BTPS 1.35% 04/22BH#0000
A7: string Calendar | F7: =+'5.TassiGovernativi'!AJ7 -> BTPS 1.45 09/15/22BH#0000
A8: vector<string> RateHelpers | F8: =+'5.TassiGovernativi'!AJ8 -> BTPS 4.5 5/1/2023BH#0000
A9: string DayCounter | F9: =+'5.TassiGovernativi'!AJ9 -> BTPS 4 3/4 08/01/23BH#0000
A10: vector<string> Jumps | F10: =+'5.TassiGovernativi'!AJ10 -> BTPS 4.5 03/01/2024 BH#0000
A11: vector<long> JumpDates | F11: =+'5.TassiGovernativi'!AJ11 -> BTPS 3.75 09/01/2024BH#0000
A12: double Accuracy | F12: =+'5.TassiGovernativi'!AJ12 -> BTPS 5 03/01/25BH#0000
A13: string TraitsID | F13: =+'5.TassiGovernativi'!AJ13 -> BTPS 2% 12/25BH#0000
A14: string InterpolatorID | F14: =+'5.TassiGovernativi'!AJ14 -> BTP 4.5 03/01/26BH#0000
... A17: bool Overwrite) | F17: =+'5.TassiGovernativi'!AJ17 -> BTPS 3.5 03/01/2030BH#0000
F18: =+'5.TassiGovernativi'!AJ18 -> BTPS 1,65 01/03/32BH#0000
A19: Description: | F19: =+'5.TassiGovernativi'!AJ19 -> BTPS 5 08/01/34BH#0000
F20: =+'5.TassiGovernativi'!AJ20 -> BTPS 2.25 09/01/36BH#0000
A21: Construct an object of class PiecewiseYieldCurve and return its id | F21: =+'5.TassiGovernativi'!AJ21 -> BTPS 5% 01/09/40BH#0000
F22: =+'5.TassiGovernativi'!AJ22 -> BTPS 4 3/4 01/09/44BH#0000
A23: Supported Platforms: | F23: =+'5.TassiGovernativi'!AJ23 -> BTPS 3.25 09/01/2046BH#0000
F24: =+'5.TassiGovernativi'!AJ24 -> BTPS 2.7% 03/01/47BH#0000
A25: C++, Calc, Excel
A27: Parameters
A28: ObjectId | B28: id of object to be created
A29: NDays | B29: number of days to advance from EvaluationDate (usually zero or two): it fixes the date at which the discount factor = 1.0. Default value = 0.
A30: Calendar | B30: holiday calendar (e.g. TARGET) to advance from global EvaluationDate.
A31: RateHelpers | B31: vector of rate-helpers.
A32: DayCounter | B32: DayCounter ID. Default value = Actual/365 (Fixed).
A33: Jumps | B33: Jump quotes vector.
A34: JumpDates | B34: Jump dates vector.
A35: Accuracy | B35: Bootstrapping accuracy. Default value = 1.0e-12.
A36: TraitsID | B36: Discount, ZeroRate, or ForwardRate. Default value = Discount.
A37: InterpolatorID | B37: BackwardFlat, ForwardFlat, Linear, LogLinear, CubicSpline, or LogCubic. Default value = LogLinear.
A38: Permanent | B38: object permanent/nonpermanent
A39: Trigger | B39: dependency tracking trigger
A40: Overwrite | B40: overwrite flag

Sheet 6.OIS_EONIA
A1: OISRAteHelper | B1: ObjectId | C1: SettlDays | D1: Tenor | E1: FixedRate | F1: ONIndex | G1: DiscountingCurve | H1: Permanent | I1: Trigger | J1: Overwrite | L1: qlOISRateHelper
A2: {=_xll.qlOISRateHelper(B2,C2,D2,E2,F2,,)} -> 15 Months#0000 | B2: =+'1_DatiInput_Eonia'!A20 -> 15 Months | C2: 2 | D2: 15M | E2: =+'1_DatiInput_Eonia'!N20/100 -> -0.00351 | F2: =+'4.Index_EONIA&Swap6M'!$B$2 -> EONIA1#0000
A3: {=_xll.qlOISRateHelper(B3,C3,D3,E3,F3,,)} -> 18 Months#0000 | B3: =+'1_DatiInput_Eonia'!A21 -> 18 Months | C3: =+C2 -> 2 | D3: 18M | E3: =+'1_DatiInput_Eonia'!N21/100 -> -0.00348 | F3: =+'4.Index_EONIA&Swap6M'!$B$2 -> EONIA1#0000 | L3: string returnValue
A4: {=_xll.qlOISRateHelper(B4,C4,D4,E4,F4,,)} -> 21 Months#0000 | B4: =+'1_DatiInput_Eonia'!A22 -> 21 Months | C4: =+C3 -> 2 | D4: 21M | E4: =+'1_DatiInput_Eonia'!N22/100 -> -0.00343 | F4: =+'4.Index_EONIA&Swap6M'!$B$2 -> EONIA1#0000 | L4: qlOISRateHelper(
A5: {=_xll.qlOISRateHelper(B5,C5,D5,E5,F5,,)} -> 2 Years#0000 | B5: =+'1_DatiInput_Eonia'!A23 -> 2 Years | C5: =+C4 -> 2 | D5: 2Y | E5: =+'1_DatiInput_Eonia'!N23/100 -> -0.00337 | F5: =+'4.Index_EONIA&Swap6M'!$B$2 -> EONIA1#0000 | L5: string ObjectId
A6: {=_xll.qlOISRateHelper(B6,C6,D6,E6,F6,,)} -> 3 Years#0000 | B6: =+'1_DatiInput_Eonia'!A24 -> 3 Years | C6: =+C5 -> 2 | D6: 3Y | E6: =+'1_DatiInput_Eonia'!N24/100 -> -0.00298 | F6: =+'4.Index_EONIA&Swap6M'!$B$2 -> EONIA1#0000 | L6: long SettlDays
A7: {=_xll.qlOISRateHelper(B7,C7,D7,E7,F7,,)} -> 4 Years#0000 | B7: =+'1_DatiInput_Eonia'!A25 -> 4 Years | C7: =+C6 -> 2 | D7: 4Y | E7: =+'1_DatiInput_Eonia'!N25/100 -> -0.00236 | F7: =+'4.Index_EONIA&Swap6M'!$B$2 -> EONIA1#0000 | L7: string Tenor
A8: {=_xll.qlOISRateHelper(B8,C8,D8,E8,F8,,)} -> 5 Years#0000 | B8: =+'1_DatiInput_Eonia'!A26 -> 5 Years | C8: =+C7 -> 2 | D8: 5Y | E8: =+'1_DatiInput_Eonia'!N26/100 -> -0.0015 | F8: =+'4.Index_EONIA&Swap6M'!$B$2 -> EONIA1#0000 | L8: string FixedRate
A9: {=_xll.qlOISRateHelper(B9,C9,D9,E9,F9,,)} -> 6 Years#0000 | B9: =+'1_DatiInput_Eonia'!A27 -> 6 Years | C9: =+C8 -> 2 | D9: 6Y | E9: =+'1_DatiInput_Eonia'!N27/100 -> -0.00044 | F9: =+'4.Index_EONIA&Swap6M'!$B$2 -> EONIA1#0000 | L9: string ONIndex
A10: {=_xll.qlOISRateHelper(B10,C10,D10,E10,F10,,)} -> 7 Years#0000 | B10: =+'1_DatiInput_Eonia'!A28 -> 7 Years | C10: =+C9 -> 2 | D10: 7Y | E10: =+'1_DatiInput_Eonia'!N28/100 -> 0.00076 | F10: =+'4.Index_EONIA&Swap6M'!$B$2 -> EONIA1#0000 | L10: string DiscountingCurve
A11: {=_xll.qlOISRateHelper(B11,C11,D11,E11,F11,,)} -> 8 Years#0000 | B11: =+'1_DatiInput_Eonia'!A29 -> 8 Years | C11: =+C10 -> 2 | D11: 8Y | E11: =+'1_DatiInput_Eonia'!N29/100 -> 0.00202 | F11: =+'4.Index_EONIA&Swap6M'!$B$2 -> EONIA1#0000 | L11: bool Permanent
A12: {=_xll.qlOISRateHelper(B12,C12,D12,E12,F12,,)} -> 9 Years#0000 | B12: =+'1_DatiInput_Eonia'!A30 -> 9 Years | C12: =+C11 -> 2 | D12: 9Y | E12: =+'1_DatiInput_Eonia'!N30/100 -> 0.00324 | F12: =+'4.Index_EONIA&Swap6M'!$B$2 -> EONIA1#0000 | L12: any Trigger
A13: {=_xll.qlOISRateHelper(B13,C13,D13,E13,F13,,)} -> 10 Years#0000 | B13: =+'1_DatiInput_Eonia'!A31 -> 10 Years | C13: =+C12 -> 2 | D13: 10Y | E13: =+'1_DatiInput_Eonia'!N31/100 -> 0.00439 | F13: =+'4.Index_EONIA&Swap6M'!$B$2 -> EONIA1#0000 | L13: bool Overwrite)
A14: {=_xll.qlOISRateHelper(B14,C14,D14,E14,F14,,)} -> 11 Years#0000 | B14: =+'1_DatiInput_Eonia'!A32 -> 11 Years | C14: =+C13 -> 2 | D14: 11Y | E14: =+'1_DatiInput_Eonia'!N32/100 -> 0.00545 | F14: =+'4.Index_EONIA&Swap6M'!$B$2 -> EONIA1#0000
A15: {=_xll.qlOISRateHelper(B15,C15,D15,E15,F15,,)} -> 12 Years#0000 | B15: =+'1_DatiInput_Eonia'!A33 -> 12 Years | C15: =+C14 -> 2 | D15: 12Y | E15: =+'1_DatiInput_Eonia'!N33/100 -> 0.00638 | F15: =+'4.Index_EONIA&Swap6M'!$B$2 -> EONIA1#0000 | L15: Description:
A16: {=_xll.qlOISRateHelper(B16,C16,D16,E16,F16,,)} -> 15 Years#0000 | B16: =+'1_DatiInput_Eonia'!A34 -> 15 Years | C16: =+C15 -> 2 | D16: 15Y | E16: =+'1_DatiInput_Eonia'!N34/100 -> 0.00852 | F16: =+'4.Index_EONIA&Swap6M'!$B$2 -> EONIA1#0000
A17: {=_xll.qlOISRateHelper(B17,C17,D17,E17,F17,,)} -> 20 Years#0000 | B17: =+'1_DatiInput_Eonia'!A35 -> 20 Years | C17: =+C16 -> 2 | D17: 20Y | E17: =+'1_DatiInput_Eonia'!N35/100 -> 0.01046 | F17: =+'4.Index_EONIA&Swap6M'!$B$2 -> EONIA1#0000 | L17: Construct an object of class OISRateHelper and return its id
A18: {=_xll.qlOISRateHelper(B18,C18,D18,E18,F18,,)} -> 25 Years#0000 | B18: =+'1_DatiInput_Eonia'!A36 -> 25 Years | C18: =+C17 -> 2 | D18: 25Y | E18: =+'1_DatiInput_Eonia'!N36/100 -> 0.01127 | F18: =+'4.Index_EONIA&Swap6M'!$B$2 -> EONIA1#0000
A19: {=_xll.qlOISRateHelper(B19,C19,D19,E19,F19,,)} -> 30 Years#0000 | B19: =+'1_DatiInput_Eonia'!A37 -> 30 Years | C19: =+C18 -> 2 | D19: 30Y | E19: =+'1_DatiInput_Eonia'!N37/100 -> 0.01163 | F19: =+'4.Index_EONIA&Swap6M'!$B$2 -> EONIA1#0000 | L19: Supported Platforms:
A20: {=_xll.qlOISRateHelper(B20,C20,D20,E20,F20,,)} -> 40 Years#0000 | B20: =+'1_DatiInput_Eonia'!A38 -> 40 Years | C20: =+C19 -> 2 | D20: 40Y | E20: =+'1_DatiInput_Eonia'!N38/100 -> 0.01182 | F20: =+'4.Index_EONIA&Swap6M'!$B$2 -> EONIA1#0000
A21: {=_xll.qlOISRateHelper(B21,C21,D21,E21,F21,,)} -> 50 Years#0000 | B21: =+'1_DatiInput_Eonia'!A39 -> 50 Years | C21: =+C20 -> 2 | D21: 50Y | E21: =+'1_DatiInput_Eonia'!N39/100 -> 0.01145 | F21: =+'4.Index_EONIA&Swap6M'!$B$2 -> EONIA1#0000 | L21: C++, Calc, Excel
A22: {=_xll.qlOISRateHelper(B22,C22,D22,E22,F22,,)} -> 60 Years#0000 | B22: =+'1_DatiInput_Eonia'!A40 -> 60 Years | C22: =+C21 -> 2 | D22: 60Y | E22: =+'1_DatiInput_Eonia'!N40/100 -> 0.01119 | F22: =+'4.Index_EONIA&Swap6M'!$B$2 -> EONIA1#0000
L23: Parameters
L24: ObjectId | M24: id of object to be created
L25: SettlDays | M25: swap settlement days.
L26: Tenor | M26: swap length (e.g. 5Y for five years).
L27: FixedRate | M27: quote.
L28: ONIndex | M28: floating leg OvernightIndex object ID.
L29: DiscountingCurve | M29: discounting YieldTermStructure object ID. Default value = .
L30: Permanent | M30: object permanent/nonpermanent
L31: Trigger | M31: dependency tracking trigger
L32: Overwrite | M32: overwrite flag

Sheet 7_Swap6M
A1: Funzione | B1: ObjectId | C1: Rate | D1: SettlDays | E1: Tenor | F1: Calendar | G1: FixedLegFrequency | H1: FixedLegConvention | I1: FixedLegDayCounter | J1: IborIndex | K1: Spread | L1: ForwardStart | M1: DiscountingCurve | N1: PillarDate | O1: CustomPillarDate | P1: Permanent | Q1: Trigger | R1: Overwrite | U1: qlSwapRateHelper2
A2: =_xll.qlSwapRateHelper2(B2,C2,D2,E2,F2,G2,H2,I2,J2,K2,L2,M2) -> SW6_3 Years#0000 | B2: ="SW6_"&'1.DatiInput_Swap6M'!A7 -> SW6_3 Years | C2: =+'1.DatiInput_Swap6M'!O7/100 -> -0.00092 | D2: 2 | E2: 3Y | F2: TARGET | G2: Annual | H2: Modified Following | I2: 30/360 | J2: =+'4.Index_EONIA&Swap6M'!B6 -> EUR SWAP 6M#0000 | K2: 0 | L2: 0D | M2: =+'8.Piecewise_YieldCurve_EONIA'!$D$2 -> OIS_curve#0000
A3: =_xll.qlSwapRateHelper2(B3,C3,D3,E3,F3,G3,H3,I3,J3,K3,L3,M3) -> SW6_4 Years#0000 | B3: ="SW6_"&'1.DatiInput_Swap6M'!A8 -> SW6_4 Years | C3: =+'1.DatiInput_Swap6M'!O8/100 -> -7e-05 | D3: =+D2 -> 2 | E3: 4Y | F3: TARGET | G3: Annual | H3: Modified Following | I3: =+I2 -> 30/360 | J3: =+J2 -> EUR SWAP 6M#0000 | K3: =+K2 -> 0 | L3: 0D | M3: =+M2 -> OIS_curve#0000 | U3: string returnValue
A4: =_xll.qlSwapRateHelper2(B4,C4,D4,E4,F4,G4,H4,I4,J4,K4,L4,M4) -> SW6_5 Years#0000 | B4: ="SW6_"&'1.DatiInput_Swap6M'!A9 -> SW6_5 Years | C4: =+'1.DatiInput_Swap6M'!O9/100 -> 0.00098 | D4: =+D3 -> 2 | E4: 5Y | F4: TARGET | G4: Annual | H4: Modified Following | I4: =+I3 -> 30/360 | J4: =+J3 -> EUR SWAP 6M#0000 | K4: =+K3 -> 0 | L4: 0D | M4: =+M3 -> OIS_curve#0000 | U4: qlSwapRateHelper2(
A5: =_xll.qlSwapRateHelper2(B5,C5,D5,E5,F5,G5,H5,I5,J5,K5,L5,M5) -> SW6_6 Years#0000 | B5: ="SW6_"&'1.DatiInput_Swap6M'!A10 -> SW6_6 Years | C5: =+'1.DatiInput_Swap6M'!O10/100 -> 0.0021 | D5: =+D4 -> 2 | E5: 6Y | F5: TARGET | G5: Annual | H5: Modified Following | I5: =+I4 -> 30/360 | J5: =+J4 -> EUR SWAP 6M#0000 | K5: =+K4 -> 0 | L5: 0D | M5: =+M4 -> OIS_curve#0000 | U5: string ObjectId
A6: =_xll.qlSwapRateHelper2(B6,C6,D6,E6,F6,G6,H6,I6,J6,K6,L6,M6) -> SW6_7 Years#0000 | B6: ="SW6_"&'1.DatiInput_Swap6M'!A11 -> SW6_7 Years | C6: =+'1.DatiInput_Swap6M'!O11/100 -> 0.00329 | D6: =+D5 -> 2 | E6: 7Y | F6: TARGET | G6: Annual | H6: Modified Following | I6: =+I5 -> 30/360 | J6: =+J5 -> EUR SWAP 6M#0000 | K6: =+K5 -> 0 | L6: 0D | M6: =+M5 -> OIS_curve#0000 | U6: string Rate
A7: =_xll.qlSwapRateHelper2(B7,C7,D7,E7,F7,G7,H7,I7,J7,K7,L7,M7) -> SW6_8 Years#0000 | B7: ="SW6_"&'1.DatiInput_Swap6M'!A12 -> SW6_8 Years | C7: =+'1.DatiInput_Swap6M'!O12/100 -> 0.00451 | D7: =+D6 -> 2 | E7: 8Y | F7: TARGET | G7: Annual | H7: Modified Following | I7: =+I6 -> 30/360 | J7: =+J6 -> EUR SWAP 6M#0000 | K7: =+K6 -> 0 | L7: 0D | M7: =+M6 -> OIS_curve#0000 | U7: long SettlDays
A8: =_xll.qlSwapRateHelper2(B8,C8,D8,E8,F8,G8,H8,I8,J8,K8,L8,M8) -> SW6_9 Years#0000 | B8: ="SW6_"&'1.DatiInput_Swap6M'!A13 -> SW6_9 Years | C8: =+'1.DatiInput_Swap6M'!O13/100 -> 0.00568 | D8: =+D7 -> 2 | E8: 9Y | F8: TARGET | G8: Annual | H8: Modified Following | I8: =+I7 -> 30/360 | J8: =+J7 -> EUR SWAP 6M#0000 | K8: =+K7 -> 0 | L8: 0D | M8: =+M7 -> OIS_curve#0000 | U8: string Tenor
A9: =_xll.qlSwapRateHelper2(B9,C9,D9,E9,F9,G9,H9,I9,J9,K9,L9,M9) -> SW6_10 Years#0000 | B9: ="SW6_"&'1.DatiInput_Swap6M'!A14 -> SW6_10 Years | C9: =+'1.DatiInput_Swap6M'!O14/100 -> 0.00676 | D9: =+D8 -> 2 | E9: 10Y | F9: TARGET | G9: Annual | H9: Modified Following | I9: =+I8 -> 30/360 | J9: =+J8 -> EUR SWAP 6M#0000 | K9: =+K8 -> 0 | L9: 0D | M9: =+M8 -> OIS_curve#0000 | U9: string Calendar
A10: =_xll.qlSwapRateHelper2(B10,C10,D10,E10,F10,G10,H10,I10,J10,K10,L10,M10) -> SW6_11 Years#0000 | B10: ="SW6_"&'1.DatiInput_Swap6M'!A15 -> SW6_11 Years | C10: =+'1.DatiInput_Swap6M'!O15/100 -> 0.00775 | D10: =+D9 -> 2 | E10: 11Y | F10: TARGET | G10: Annual | H10: Modified Following | I10: =+I9 -> 30/360 | J10: =+J9 -> EUR SWAP 6M#0000 | K10: =+K9 -> 0 | L10: 0D | M10: =+M9 -> OIS_curve#0000 | U10: string FixedLegFrequency
A11: =_xll.qlSwapRateHelper2(B11,C11,D11,E11,F11,G11,H11,I11,J11,K11,L11,M11) -> SW6_12 Years#0000 | B11: ="SW6_"&'1.DatiInput_Swap6M'!A16 -> SW6_12 Years | C11: =+'1.DatiInput_Swap6M'!O16/100 -> 0.00862 | D11: =+D10 -> 2 | E11: 12Y | F11: TARGET | G11: Annual | H11: Modified Following | I11: =+I10 -> 30/360 | J11: =+J10 -> EUR SWAP 6M#0000 | K11: =+K10 -> 0 | L11: 0D | M11: =+M10 -> OIS_curve#0000 | U11: string FixedLegConvention
A12: =_xll.qlSwapRateHelper2(B12,C12,D12,E12,F12,G12,H12,I12,J12,K12,L12,M12) -> SW6_13 Years#0000 | B12: ="SW6_"&'1.DatiInput_Swap6M'!A17 -> SW6_13 Years | C12: =+'1.DatiInput_Swap6M'!O17/100 -> 0.00938 | D12: =+D11 -> 2 | E12: 13Y | F12: TARGET | G12: Annual | H12: Modified Following | I12: =+I11 -> 30/360 | J12: =+J11 -> EUR SWAP 6M#0000 | K12: =+K11 -> 0 | L12: 0D | M12: =+M11 -> OIS_curve#0000 | U12: string FixedLegDayCounter
A13: =_xll.qlSwapRateHelper2(B13,C13,D13,E13,F13,G13,H13,I13,J13,K13,L13,M13) -> SW6_14 Years#0000 | B13: ="SW6_"&'1.DatiInput_Swap6M'!A18 -> SW6_14 Years | C13: =+'1.DatiInput_Swap6M'!O18/100 -> 0.01003 | D13: =+D12 -> 2 | E13: 14Y | F13: TARGET | G13: Annual | H13: Modified Following | I13: =+I12 -> 30/360 | J13: =+J12 -> EUR SWAP 6M#0000 | K13: =+K12 -> 0 | L13: 0D | M13: =+M12 -> OIS_curve#0000 | U13: string IborIndex
A14: =_xll.qlSwapRateHelper2(B14,C14,D14,E14,F14,G14,H14,I14,J14,K14,L14,M14) -> SW6_15 Years#0000 | B14: ="SW6_"&'1.DatiInput_Swap6M'!A19 -> SW6_15 Years | C14: =+'1.DatiInput_Swap6M'!O19/100 -> 0.01058 | D14: =+D13 -> 2 | E14: 15Y | F14: TARGET | G14: Annual | H14: Modified Following | I14: =+I13 -> 30/360 | J14: =+J13 -> EUR SWAP 6M#0000 | K14: =+K13 -> 0 | L14: 0D | M14: =+M13 -> OIS_curve#0000 | U14: string Spread
... A21: =_xll.qlSwapRateHelper2(B21,C21,D21,E21,F21,G21,H21,I21,J21,K21,L21,M21) -> SW6_22 Years#0000 | B21: ="SW6_"&'1.DatiInput_Swap6M'!A26 -> SW6_22 Years | C21: =+'1.DatiInput_Swap6M'!O26/100 -> 0.01255 | D21: =+D20 -> 2 | E21: 22Y | F21: TARGET | G21: Annual | H21: Modified Following | I21: =+I20 -> 30/360 | J21: =+J20 -> EUR SWAP 6M#0000 | K21: =+K20 -> 0 | L21: 0D | M21: =+M20 -> OIS_curve#0000 | U21: bool Overwrite)
A22: =_xll.qlSwapRateHelper2(B22,C22,D22,E22,F22,G22,H22,I22,J22,K22,L22,M22) -> SW6_23 Years#0000 | B22: ="SW6_"&'1.DatiInput_Swap6M'!A27 -> SW6_23 Years | C22: =+'1.DatiInput_Swap6M'!O27/100 -> 0.01266 | D22: =+D21 -> 2 | E22: 23Y | F22: TARGET | G22: Annual | H22: Modified Following | I22: =+I21 -> 30/360 | J22: =+J21 -> EUR SWAP 6M#0000 | K22: =+K21 -> 0 | L22: 0D | M22: =+M21 -> OIS_curve#0000
A23: =_xll.qlSwapRateHelper2(B23,C23,D23,E23,F23,G23,H23,I23,J23,K23,L23,M23) -> SW6_24 Years#0000 | B23: ="SW6_"&'1.DatiInput_Swap6M'!A28 -> SW6_24 Years | C23: =+'1.DatiInput_Swap6M'!O28/100 -> 0.01276 | D23: =+D22 -> 2 | E23: 24Y | F23: TARGET | G23: Annual | H23: Modified Following | I23: =+I22 -> 30/360 | J23: =+J22 -> EUR SWAP 6M#0000 | K23: =+K22 -> 0 | L23: 0D | M23: =+M22 -> OIS_curve#0000 | U23: Description:
A24: =_xll.qlSwapRateHelper2(B24,C24,D24,E24,F24,G24,H24,I24,J24,K24,L24,M24) -> SW6_25 Years#0000 | B24: ="SW6_"&'1.DatiInput_Swap6M'!A29 -> SW6_25 Years | C24: =+'1.DatiInput_Swap6M'!O29/100 -> 0.01283 | D24: =+D23 -> 2 | E24: 25Y | F24: TARGET | G24: Annual | H24: Modified Following | I24: =+I23 -> 30/360 | J24: =+J23 -> EUR SWAP 6M#0000 | K24: =+K23 -> 0 | L24: 0D | M24: =+M23 -> OIS_curve#0000
A25: =_xll.qlSwapRateHelper2(B25,C25,D25,E25,F25,G25,H25,I25,J25,K25,L25,M25) -> SW6_26 Years#0000 | B25: ="SW6_"&'1.DatiInput_Swap6M'!A30 -> SW6_26 Years | C25: =+'1.DatiInput_Swap6M'!O30/100 -> 0.01289 | D25: =+D24 -> 2 | E25: 26Y | F25: TARGET | G25: Annual | H25: Modified Following | I25: =+I24 -> 30/360 | J25: =+J24 -> EUR SWAP 6M#0000 | K25: =+K24 -> 0 | L25: 0D | M25: =+M24 -> OIS_curve#0000 | U25: Construct an object of class SwapRateHelper and return its id
A26: =_xll.qlSwapRateHelper2(B26,C26,D26,E26,F26,G26,H26,I26,J26,K26,L26,M26) -> SW6_27 Years#0000 | B26: ="SW6_"&'1.DatiInput_Swap6M'!A31 -> SW6_27 Years | C26: =+'1.DatiInput_Swap6M'!O31/100 -> 0.01294 | D26: =+D25 -> 2 | E26: 27Y | F26: TARGET | G26: Annual | H26: Modified Following | I26: =+I25 -> 30/360 | J26: =+J25 -> EUR SWAP 6M#0000 | K26: =+K25 -> 0 | L26: 0D | M26: =+M25 -> OIS_curve#0000
A27: =_xll.qlSwapRateHelper2(B27,C27,D27,E27,F27,G27,H27,I27,J27,K27,L27,M27) -> SW6_28 Years#0000 | B27: ="SW6_"&'1.DatiInput_Swap6M'!A32 -> SW6_28 Years | C27: =+'1.DatiInput_Swap6M'!O32/100 -> 0.01298 | D27: =+D26 -> 2 | E27: 28Y | F27: TARGET | G27: Annual | H27: Modified Following | I27: =+I26 -> 30/360 | J27: =+J26 -> EUR SWAP 6M#0000 | K27: =+K26 -> 0 | L27: 0D | M27: =+M26 -> OIS_curve#0000 | U27: Supported Platforms:
A28: =_xll.qlSwapRateHelper2(B28,C28,D28,E28,F28,G28,H28,I28,J28,K28,L28,M28) -> SW6_29 Years#0000 | B28: ="SW6_"&'1.DatiInput_Swap6M'!A33 -> SW6_29 Years | C28: =+'1.DatiInput_Swap6M'!O33/100 -> 0.01301 | D28: =+D27 -> 2 | E28: 29Y | F28: TARGET | G28: Annual | H28: Modified Following | I28: =+I27 -> 30/360 | J28: =+J27 -> EUR SWAP 6M#0000 | K28: =+K27 -> 0 | L28: 0D | M28: =+M27 -> OIS_curve#0000
A29: =_xll.qlSwapRateHelper2(B29,C29,D29,E29,F29,G29,H29,I29,J29,K29,L29,M29) -> SW6_30 Years#0000 | B29: ="SW6_"&'1.DatiInput_Swap6M'!A34 -> SW6_30 Years | C29: =+'1.DatiInput_Swap6M'!O34/100 -> 0.01303 | D29: =+D28 -> 2 | E29: 30Y | F29: TARGET | G29: Annual | H29: Modified Following | I29: =+I28 -> 30/360 | J29: =+J28 -> EUR SWAP 6M#0000 | K29: =+K28 -> 0 | L29: 0D | M29: =+M28 -> OIS_curve#0000 | U29: C++, Calc, Excel
A30: =_xll.qlSwapRateHelper2(B30,C30,D30,E30,F30,G30,H30,I30,J30,K30,L30,M30) -> SW6_35 Years#0000 | B30: ="SW6_"&'1.DatiInput_Swap6M'!A35 -> SW6_35 Years | C30: =+'1.DatiInput_Swap6M'!O35/100 -> 0.01308 | D30: =+D29 -> 2 | E30: 35Y | F30: TARGET | G30: Annual | H30: Modified Following | I30: =+I29 -> 30/360 | J30: =+J29 -> EUR SWAP 6M#0000 | K30: =+K29 -> 0 | L30: 0D | M30: =+M29 -> OIS_curve#0000
A31: =_xll.qlSwapRateHelper2(B31,C31,D31,E31,F31,G31,H31,I31,J31,K31,L31,M31) -> SW6_40 Years#0000 | B31: ="SW6_"&'1.DatiInput_Swap6M'!A36 -> SW6_40 Years | C31: =+'1.DatiInput_Swap6M'!O36/100 -> 0.01302 | D31: =+D30 -> 2 | E31: 40Y | F31: TARGET | G31: Annual | H31: Modified Following | I31: =+I30 -> 30/360 | J31: =+J30 -> EUR SWAP 6M#0000 | K31: =+K30 -> 0 | L31: 0D | M31: =+M30 -> OIS_curve#0000 | U31: Parameters
A32: =_xll.qlSwapRateHelper2(B32,C32,D32,E32,F32,G32,H32,I32,J32,K32,L32,M32) -> SW6_50 Years#0000 | B32: ="SW6_"&'1.DatiInput_Swap6M'!A37 -> SW6_50 Years | C32: =+'1.DatiInput_Swap6M'!O37/100 -> 0.01251 | D32: =+D31 -> 2 | E32: 50Y | F32: TARGET | G32: Annual | H32: Modified Following | I32: =+I31 -> 30/360 | J32: =+J31 -> EUR SWAP 6M#0000 | K32: =+K31 -> 0 | L32: 0D | M32: =+M31 -> OIS_curve#0000 | U32: ObjectId | V32: id of object to be created
A33: =_xll.qlSwapRateHelper2(B33,C33,D33,E33,F33,G33,H33,I33,J33,K33,L33,M33) -> SW6_60 Years#0000 | B33: ="SW6_"&'1.DatiInput_Swap6M'!A38 -> SW6_60 Years | C33: =+'1.DatiInput_Swap6M'!O38/100 -> 0.01216 | D33: =+D32 -> 2 | E33: 60Y | F33: TARGET | G33: Annual | H33: Modified Following | I33: =+I32 -> 30/360 | J33: =+J32 -> EUR SWAP 6M#0000 | K33: =+K32 -> 0 | L33: 0D | M33: =+M32 -> OIS_curve#0000 | U33: Rate | V33: quote.
U34: SettlDays | V34: Number of days to spot date. Default value = 2.
U35: Tenor | V35: swap length (e.g. 5Y for five years).
U36: Calendar | V36: holiday calendar (e.g. TARGET).
U37: FixedLegFrequency | V37: fixed leg frequency (e.g. Annual, Semiannual, Every4Month, Quarterly, Bimonthly, Monthly).
U38: FixedLegConvention | V38: fixed leg convention (e.g. Unadjusted).
U39: FixedLegDayCounter | V39: day counter (e.g. Actual/360).
U40: IborIndex | V40: floating leg IborIndex object ID.
U41: Spread | V41: floating leg spread.
U42: ForwardStart | V42: forward start period.
U43: DiscountingCurve | V43: discounting YieldTermStructure object ID. Default value = .
U44: PillarDate | V44: Pillar date can be: MaturityDate, LastRelevantDate or CustomDate. Default value = MaturityDate.
U45: CustomPillarDate | V45: Custom Pillar Date. Default value = QuantLib::Date().
... U48: Overwrite | V48: overwrite flag

Sheet 8.Piecewise_YieldCurve_EONIA
A1: qlPiecewiseYieldCurve | C1: Error | D1: Funzione | E1: ObjectId | F1: NDays | G1: Calendar | H1: RateHelpers | I1: DayCounter | J1: Jumps | K1: JumpDates | L1: Accuracy | M1: TraitsID | N1: InterpolatorID | O1: Permanent | P1: Trigger | Q1: Overwrite
C2: =_xll.ohRangeRetrieveError(D2) | D2: {=_xll.qlPiecewiseYieldCurve(E2,F2,G2,H2:H40,I2,J2,K2,L2,M2,N2)} -> OIS_curve#0000 | E2: OIS_curve | F2: 2 | G2: Target | H2: =+'7.RatesHelperSelection_EONIA'!A2 -> OISOVN | I2: Actual/360 | M2: Discount | N2: LogLinear
A3: string returnValue | H3: =+'7.RatesHelperSelection_EONIA'!A3 -> OISTN
A4: qlPiecewiseYieldCurve( | H4: =+'7.RatesHelperSelection_EONIA'!A4 -> OISSN
A5: string ObjectId | H5: =+'7.RatesHelperSelection_EONIA'!A5 -> OIS1 Week
A6: long NDays | H6: =+'7.RatesHelperSelection_EONIA'!A6 -> OIS2 Weeks
A7: string Calendar | H7: =+'7.RatesHelperSelection_EONIA'!A7 -> OIS3 Weeks
A8: vector<string> RateHelpers | H8: =+'7.RatesHelperSelection_EONIA'!A8 -> OIS1 Month
A9: string DayCounter | H9: =+'7.RatesHelperSelection_EONIA'!A9 -> OIS2 Months
A10: vector<string> Jumps | H10: =+'7.RatesHelperSelection_EONIA'!A10 -> OIS3 Months
A11: vector<long> JumpDates | H11: =+'7.RatesHelperSelection_EONIA'!A11 -> OIS4 Months
A12: double Accuracy | H12: =+'7.RatesHelperSelection_EONIA'!A12 -> OIS5 Months
A13: string TraitsID | H13: =+'7.RatesHelperSelection_EONIA'!A13 -> OIS6 Months
A14: string InterpolatorID | H14: =+'7.RatesHelperSelection_EONIA'!A14 -> OIS7 Months
... A17: bool Overwrite) | H17: =+'7.RatesHelperSelection_EONIA'!A17 -> OIS10 Months
H18: =+'7.RatesHelperSelection_EONIA'!A18 -> OIS11 Months
A19: Description: | H19: =+'7.RatesHelperSelection_EONIA'!A19 -> OIS1 Year
H20: =+'7.RatesHelperSelection_EONIA'!A20 -> 15 Months
A21: Construct an object of class PiecewiseYieldCurve and return its id | H21: =+'7.RatesHelperSelection_EONIA'!A21 -> 18 Months
H22: =+'7.RatesHelperSelection_EONIA'!A22 -> 21 Months
A23: Supported Platforms: | H23: =+'7.RatesHelperSelection_EONIA'!A23 -> 2 Years
H24: =+'7.RatesHelperSelection_EONIA'!A24 -> 3 Years
A25: C++, Calc, Excel | H25: =+'7.RatesHelperSelection_EONIA'!A25 -> 4 Years
H26: =+'7.RatesHelperSelection_EONIA'!A26 -> 5 Years
A27: Parameters | H27: =+'7.RatesHelperSelection_EONIA'!A27 -> 6 Years
A28: ObjectId | B28: id of object to be created | H28: =+'7.RatesHelperSelection_EONIA'!A28 -> 7 Years
A29: NDays | B29: number of days to advance from EvaluationDate (usually zero or two): it fixes the date at which the discount factor = 1.0. Default value = 0. | H29: =+'7.RatesHelperSelection_EONIA'!A29 -> 8 Years
A30: Calendar | B30: holiday calendar (e.g. TARGET) to advance from global EvaluationDate. | H30: =+'7.RatesHelperSelection_EONIA'!A30 -> 9 Years
A31: RateHelpers | B31: vector of rate-helpers. | H31: =+'7.RatesHelperSelection_EONIA'!A31 -> 10 Years
A32: DayCounter | B32: DayCounter ID. Default value = Actual/365 (Fixed). | H32: =+'7.RatesHelperSelection_EONIA'!A32 -> 11 Years
A33: Jumps | B33: Jump quotes vector. | H33: =+'7.RatesHelperSelection_EONIA'!A33 -> 12 Years
A34: JumpDates | B34: Jump dates vector. | H34: =+'7.RatesHelperSelection_EONIA'!A34 -> 15 Years
A35: Accuracy | B35: Bootstrapping accuracy. Default value = 1.0e-12. | H35: =+'7.RatesHelperSelection_EONIA'!A35 -> 20 Years
A36: TraitsID | B36: Discount, ZeroRate, or ForwardRate. Default value = Discount. | H36: =+'7.RatesHelperSelection_EONIA'!A36 -> 25 Years
A37: InterpolatorID | B37: BackwardFlat, ForwardFlat, Linear, LogLinear, CubicSpline, or LogCubic. Default value = LogLinear. | H37: =+'7.RatesHelperSelection_EONIA'!A37 -> 30 Years
A38: Permanent | B38: object permanent/nonpermanent | H38: =+'7.RatesHelperSelection_EONIA'!A38 -> 40 Years
A39: Trigger | B39: dependency tracking trigger | H39: =+'7.RatesHelperSelection_EONIA'!A39 -> 50 Years
A40: Overwrite | B40: overwrite flag | H40: =+'7.RatesHelperSelection_EONIA'!A40 -> 60 Years

Sheet 7.RatesHelperSelection_EONIA
A1: RateHelperSelection | B1: RateHelpers | C1: Priority | D1: NImmFutures | E1: NSerialFutures | F1: FutureRollDays | G1: DepoInclusion | H1: MinDistance | I1: Trigger | K1: qlRateHelperSelection
A2: {=_xll.qlRateHelperSelection(B2:B40,C2:C40,,,,G2,H2)} -> OISOVN | B2: =+'5.Deposits_EONIA'!A2 -> OISOVN#0000 | C2: 1 | G2: AllDepos | H2: 1
A3: OISTN | B3: =+'5.Deposits_EONIA'!A3 -> OISTN#0000 | C3: =+C2 -> 1 | K3: vector<string> returnValue
A4: OISSN | B4: =+'5.Deposits_EONIA'!A4 -> OISSN#0000 | C4: =+C3 -> 1 | K4: qlRateHelperSelection(
A5: OIS1 Week | B5: =+'5.Deposits_EONIA'!A5 -> OIS1 Week#0000 | C5: =+C4 -> 1 | K5: vector<string> RateHelpers
A6: OIS2 Weeks | B6: =+'5.Deposits_EONIA'!A6 -> OIS2 Weeks#0000 | C6: =+C5 -> 1 | K6: vector<long> Priority
A7: OIS3 Weeks | B7: =+'5.Deposits_EONIA'!A7 -> OIS3 Weeks#0000 | C7: =+C6 -> 1 | K7: long NImmFutures
A8: OIS1 Month | B8: =+'5.Deposits_EONIA'!A8 -> OIS1 Month#0000 | C8: =+C7 -> 1 | K8: long NSerialFutures
A9: OIS2 Months | B9: =+'5.Deposits_EONIA'!A9 -> OIS2 Months#0000 | C9: =+C8 -> 1 | K9: long FutureRollDays
A10: OIS3 Months | B10: =+'5.Deposits_EONIA'!A10 -> OIS3 Months#0000 | C10: =+C9 -> 1 | K10: string DepoInclusion
A11: OIS4 Months | B11: =+'5.Deposits_EONIA'!A11 -> OIS4 Months#0000 | C11: =+C10 -> 1 | K11: vector<long> MinDistance
A12: OIS5 Months | B12: =+'5.Deposits_EONIA'!A12 -> OIS5 Months#0000 | C12: =+C11 -> 1 | K12: any Trigger)
A13: OIS6 Months | B13: =+'5.Deposits_EONIA'!A13 -> OIS6 Months#0000 | C13: =+C12 -> 1
A14: OIS7 Months | B14: =+'5.Deposits_EONIA'!A14 -> OIS7 Months#0000 | C14: =+C13 -> 1 | K14: Description:
A15: OIS8 Months | B15: =+'5.Deposits_EONIA'!A15 -> OIS8 Months#0000 | C15: =+C14 -> 1
A16: OIS9 Months | B16: =+'5.Deposits_EONIA'!A16 -> OIS9 Months#0000 | C16: =+C15 -> 1 | K16: selects rate helpers for bootstrapping.
A17: OIS10 Months | B17: =+'5.Deposits_EONIA'!A17 -> OIS10 Months#0000 | C17: =+C16 -> 1
A18: OIS11 Months | B18: =+'5.Deposits_EONIA'!A18 -> OIS11 Months#0000 | C18: =+C17 -> 1 | K18: Supported Platforms:
A19: OIS1 Year | B19: =+'5.Deposits_EONIA'!A19 -> OIS1 Year#0000 | C19: =+C18 -> 1
A20: 15 Months | B20: =+'6.OIS_EONIA'!A2 -> 15 Months#0000 | C20: =+C19 -> 1 | K20: Excel
A21: 18 Months | B21: =+'6.OIS_EONIA'!A3 -> 18 Months#0000 | C21: =+C20 -> 1
A22: 21 Months | B22: =+'6.OIS_EONIA'!A4 -> 21 Months#0000 | C22: =+C21 -> 1 | K22: Parameters
A23: 2 Years | B23: =+'6.OIS_EONIA'!A5 -> 2 Years#0000 | C23: =+C22 -> 1 | K23: RateHelpers | L23: vector of RateHelper IDs.
A24: 3 Years | B24: =+'6.OIS_EONIA'!A6 -> 3 Years#0000 | C24: =+C23 -> 1 | K24: Priority | L24: vector of priority integers (higher number for higher priority).
A25: 4 Years | B25: =+'6.OIS_EONIA'!A7 -> 4 Years#0000 | C25: =+C24 -> 1 | K25: NImmFutures | L25: max number of IMM (March, June, September, December) Futures to be included.
A26: 5 Years | B26: =+'6.OIS_EONIA'!A8 -> 5 Years#0000 | C26: =+C25 -> 1 | K26: NSerialFutures | L26: max number of Serial (January, February, April, May, July, August, October, November) Futures to be included.
A27: 6 Years | B27: =+'6.OIS_EONIA'!A9 -> 6 Years#0000 | C27: =+C26 -> 1 | K27: FutureRollDays | L27: discard the front Futures the given number of (positive) days before its expiry (e.g zero implies the use of the front Futures during its expiry day). Default value = 2.
A28: 7 Years | B28: =+'6.OIS_EONIA'!A10 -> 7 Years#0000 | C28: =+C27 -> 1 | K28: DepoInclusion | L28: Depo inclusion criteria. Default value = AllDepos.
A29: 8 Years | B29: =+'6.OIS_EONIA'!A11 -> 8 Years#0000 | C29: =+C28 -> 1 | K29: MinDistance | L29: minimum distance in (positive) days from near instruments. Default value = 1.
A30: 9 Years | B30: =+'6.OIS_EONIA'!A12 -> 9 Years#0000 | C30: =+C29 -> 1 | K30: Trigger | L30: dependency tracking trigger
A31: 10 Years | B31: =+'6.OIS_EONIA'!A13 -> 10 Years#0000 | C31: =+C30 -> 1
A32: 11 Years | B32: =+'6.OIS_EONIA'!A14 -> 11 Years#0000 | C32: =+C31 -> 1
A33: 12 Years | B33: =+'6.OIS_EONIA'!A15 -> 12 Years#0000 | C33: =+C32 -> 1
A34: 15 Years | B34: =+'6.OIS_EONIA'!A16 -> 15 Years#0000 | C34: =+C33 -> 1
A35: 20 Years | B35: =+'6.OIS_EONIA'!A17 -> 20 Years#0000 | C35: =+C34 -> 1
A36: 25 Years | B36: =+'6.OIS_EONIA'!A18 -> 25 Years#0000 | C36: =+C35 -> 1
A37: 30 Years | B37: =+'6.OIS_EONIA'!A19 -> 30 Years#0000 | C37: =+C36 -> 1
A38: 40 Years | B38: =+'6.OIS_EONIA'!A20 -> 40 Years#0000 | C38: =+C37 -> 1
A39: 50 Years | B39: =+'6.OIS_EONIA'!A21 -> 50 Years#0000 | C39: =+C38 -> 1
A40: 60 Years | B40: =+'6.OIS_EONIA'!A22 -> 60 Years#0000 | C40: =+C39 -> 1

Sheet 8.RatesHelperSelection_SW6
A1: RateHelperSelection | B1: RateHelpers | C1: Priority | D1: NImmFutures | E1: NSerialFutures | F1: FutureRollDays | G1: DepoInclusion | H1: MinDistance | I1: Trigger | K1: qlRateHelperSelection
A2: {=_xll.qlRateHelperSelection(B2:B38,C2:C38,,,,G2,H2)} -> SW6_6M | B2: =+'5.Deposits_Swap6M'!A2 -> SW6_6M#0000 | C2: 1 | G2: AllDepos | H2: 1
A3: SW6_3m_9m | B3: =+'6.FRA_Swap6M'!A2 -> SW6_3m_9m#0000 | C3: =+C2 -> 1 | K3: vector<string> returnValue
A4: SW6_6m_1y | B4: =+'6.FRA_Swap6M'!A3 -> SW6_6m_1y#0000 | C4: =+C3 -> 1 | K4: qlRateHelperSelection(
A5: SW6_1Y_18M | B5: =+'6.FRA_Swap6M'!A4 -> SW6_1Y_18M#0000 | C5: =+C4 -> 1 | K5: vector<string> RateHelpers
A6: SW6_18M_1Y | B6: =+'6.FRA_Swap6M'!A5 -> SW6_18M_1Y#0000 | C6: =+C5 -> 1 | K6: vector<long> Priority
A7: SW6_3 Years | B7: =+'7_Swap6M'!A2 -> SW6_3 Years#0000 | C7: =+C6 -> 1 | K7: long NImmFutures
A8: SW6_4 Years | B8: =+'7_Swap6M'!A3 -> SW6_4 Years#0000 | C8: =+C7 -> 1 | K8: long NSerialFutures
A9: SW6_5 Years | B9: =+'7_Swap6M'!A4 -> SW6_5 Years#0000 | C9: =+C8 -> 1 | K9: long FutureRollDays
A10: SW6_6 Years | B10: =+'7_Swap6M'!A5 -> SW6_6 Years#0000 | C10: =+C9 -> 1 | K10: string DepoInclusion
A11: SW6_7 Years | B11: =+'7_Swap6M'!A6 -> SW6_7 Years#0000 | C11: =+C10 -> 1 | K11: vector<long> MinDistance
A12: SW6_8 Years | B12: =+'7_Swap6M'!A7 -> SW6_8 Years#0000 | C12: =+C11 -> 1 | K12: any Trigger)
A13: SW6_9 Years | B13: =+'7_Swap6M'!A8 -> SW6_9 Years#0000 | C13: =+C12 -> 1
A14: SW6_10 Years | B14: =+'7_Swap6M'!A9 -> SW6_10 Years#0000 | C14: =+C13 -> 1 | K14: Description:
A15: SW6_11 Years | B15: =+'7_Swap6M'!A10 -> SW6_11 Years#0000 | C15: =+C14 -> 1
A16: SW6_12 Years | B16: =+'7_Swap6M'!A11 -> SW6_12 Years#0000 | C16: =+C15 -> 1 | K16: selects rate helpers for bootstrapping.
A17: SW6_13 Years | B17: =+'7_Swap6M'!A12 -> SW6_13 Years#0000 | C17: =+C16 -> 1
A18: SW6_14 Years | B18: =+'7_Swap6M'!A13 -> SW6_14 Years#0000 | C18: =+C17 -> 1 | K18: Supported Platforms:
A19: SW6_15 Years | B19: =+'7_Swap6M'!A14 -> SW6_15 Years#0000 | C19: =+C18 -> 1
A20: SW6_16 Years | B20: =+'7_Swap6M'!A15 -> SW6_16 Years#0000 | C20: =+C19 -> 1 | K20: Excel
A21: SW6_17 Years | B21: =+'7_Swap6M'!A16 -> SW6_17 Years#0000 | C21: =+C20 -> 1
A22: SW6_18 Years | B22: =+'7_Swap6M'!A17 -> SW6_18 Years#0000 | C22: =+C21 -> 1 | K22: Parameters
A23: SW6_19 Years | B23: =+'7_Swap6M'!A18 -> SW6_19 Years#0000 | C23: =+C22 -> 1 | K23: RateHelpers | L23: vector of RateHelper IDs.
A24: SW6_20 Years | B24: =+'7_Swap6M'!A19 -> SW6_20 Years#0000 | C24: =+C23 -> 1 | K24: Priority | L24: vector of priority integers (higher number for higher priority).
A25: SW6_21 Years | B25: =+'7_Swap6M'!A20 -> SW6_21 Years#0000 | C25: =+C24 -> 1 | K25: NImmFutures | L25: max number of IMM (March, June, September, December) Futures to be included.
A26: SW6_22 Years | B26: =+'7_Swap6M'!A21 -> SW6_22 Years#0000 | C26: =+C25 -> 1 | K26: NSerialFutures | L26: max number of Serial (January, February, April, May, July, August, October, November) Futures to be included.
A27: SW6_23 Years | B27: =+'7_Swap6M'!A22 -> SW6_23 Years#0000 | C27: =+C26 -> 1 | K27: FutureRollDays | L27: discard the front Futures the given number of (positive) days before its expiry (e.g zero implies the use of the front Futures during its expiry day). Default value = 2.
A28: SW6_24 Years | B28: =+'7_Swap6M'!A23 -> SW6_24 Years#0000 | C28: =+C27 -> 1 | K28: DepoInclusion | L28: Depo inclusion criteria. Default value = AllDepos.
A29: SW6_25 Years | B29: =+'7_Swap6M'!A24 -> SW6_25 Years#0000 | C29: =+C28 -> 1 | K29: MinDistance | L29: minimum distance in (positive) days from near instruments. Default value = 1.
A30: SW6_26 Years | B30: =+'7_Swap6M'!A25 -> SW6_26 Years#0000 | C30: =+C29 -> 1 | K30: Trigger | L30: dependency tracking trigger
A31: SW6_27 Years | B31: =+'7_Swap6M'!A26 -> SW6_27 Years#0000 | C31: =+C30 -> 1
A32: SW6_28 Years | B32: =+'7_Swap6M'!A27 -> SW6_28 Years#0000 | C32: =+C31 -> 1
A33: SW6_29 Years | B33: =+'7_Swap6M'!A28 -> SW6_29 Years#0000 | C33: =+C32 -> 1
A34: SW6_30 Years | B34: =+'7_Swap6M'!A29 -> SW6_30 Years#0000 | C34: =+C33 -> 1
A35: SW6_35 Years | B35: =+'7_Swap6M'!A30 -> SW6_35 Years#0000 | C35: =+C34 -> 1
A36: SW6_40 Years | B36: =+'7_Swap6M'!A31 -> SW6_40 Years#0000 | C36: =+C35 -> 1
A37: SW6_50 Years | B37: =+'7_Swap6M'!A32 -> SW6_50 Years#0000 | C37: =+C36 -> 1
A38: SW6_60 Years | B38: =+'7_Swap6M'!A33 -> SW6_60 Years#0000 | C38: =+C37 -> 1

Sheet 9.Piecewise_YieldCurve_SW6
A1: qlPiecewiseYieldCurve | C1: Error | D1: Funzione | E1: ObjectId | F1: NDays | G1: Calendar | H1: RateHelpers | I1: DayCounter | J1: Jumps | K1: JumpDates | L1: Accuracy | M1: TraitsID | N1: InterpolatorID | O1: Permanent | P1: Trigger | Q1: Overwrite
C2: =_xll.ohRangeRetrieveError(D2) | D2: {=_xll.qlPiecewiseYieldCurve(E2,F2,G2,H2:H38,I2,J2,K2,L2,M2,N2)} -> SW6_curve#0000 | E2: SW6_curve | F2: 2 | G2: TARGET | H2: =+'8.RatesHelperSelection_SW6'!A2 -> SW6_6M | I2: Actual/360 | M2: Discount | N2: LogLinear
A3: string returnValue | H3: =+'8.RatesHelperSelection_SW6'!A3 -> SW6_3m_9m
A4: qlPiecewiseYieldCurve( | H4: =+'8.RatesHelperSelection_SW6'!A4 -> SW6_6m_1y
A5: string ObjectId | H5: =+'8.RatesHelperSelection_SW6'!A5 -> SW6_1Y_18M
A6: long NDays | H6: =+'8.RatesHelperSelection_SW6'!A6 -> SW6_18M_1Y
A7: string Calendar | H7: =+'8.RatesHelperSelection_SW6'!A7 -> SW6_3 Years
A8: vector<string> RateHelpers | H8: =+'8.RatesHelperSelection_SW6'!A8 -> SW6_4 Years
A9: string DayCounter | H9: =+'8.RatesHelperSelection_SW6'!A9 -> SW6_5 Years
A10: vector<string> Jumps | H10: =+'8.RatesHelperSelection_SW6'!A10 -> SW6_6 Years
A11: vector<long> JumpDates | H11: =+'8.RatesHelperSelection_SW6'!A11 -> SW6_7 Years
A12: double Accuracy | H12: =+'8.RatesHelperSelection_SW6'!A12 -> SW6_8 Years
A13: string TraitsID | H13: =+'8.RatesHelperSelection_SW6'!A13 -> SW6_9 Years
A14: string InterpolatorID | H14: =+'8.RatesHelperSelection_SW6'!A14 -> SW6_10 Years
... A17: bool Overwrite) | H17: =+'8.RatesHelperSelection_SW6'!A17 -> SW6_13 Years
H18: =+'8.RatesHelperSelection_SW6'!A18 -> SW6_14 Years
A19: Description: | H19: =+'8.RatesHelperSelection_SW6'!A19 -> SW6_15 Years
H20: =+'8.RatesHelperSelection_SW6'!A20 -> SW6_16 Years
A21: Construct an object of class PiecewiseYieldCurve and return its id | H21: =+'8.RatesHelperSelection_SW6'!A21 -> SW6_17 Years
H22: =+'8.RatesHelperSelection_SW6'!A22 -> SW6_18 Years
A23: Supported Platforms: | H23: =+'8.RatesHelperSelection_SW6'!A23 -> SW6_19 Years
H24: =+'8.RatesHelperSelection_SW6'!A24 -> SW6_20 Years
A25: C++, Calc, Excel | H25: =+'8.RatesHelperSelection_SW6'!A25 -> SW6_21 Years
H26: =+'8.RatesHelperSelection_SW6'!A26 -> SW6_22 Years
A27: Parameters | H27: =+'8.RatesHelperSelection_SW6'!A27 -> SW6_23 Years
A28: ObjectId | B28: id of object to be created | H28: =+'8.RatesHelperSelection_SW6'!A28 -> SW6_24 Years
A29: NDays | B29: number of days to advance from EvaluationDate (usually zero or two): it fixes the date at which the discount factor = 1.0. Default value = 0. | H29: =+'8.RatesHelperSelection_SW6'!A29 -> SW6_25 Years
A30: Calendar | B30: holiday calendar (e.g. TARGET) to advance from global EvaluationDate. | H30: =+'8.RatesHelperSelection_SW6'!A30 -> SW6_26 Years
A31: RateHelpers | B31: vector of rate-helpers. | H31: =+'8.RatesHelperSelection_SW6'!A31 -> SW6_27 Years
A32: DayCounter | B32: DayCounter ID. Default value = Actual/365 (Fixed). | H32: =+'8.RatesHelperSelection_SW6'!A32 -> SW6_28 Years
A33: Jumps | B33: Jump quotes vector. | H33: =+'8.RatesHelperSelection_SW6'!A33 -> SW6_29 Years
A34: JumpDates | B34: Jump dates vector. | H34: =+'8.RatesHelperSelection_SW6'!A34 -> SW6_30 Years
A35: Accuracy | B35: Bootstrapping accuracy. Default value = 1.0e-12. | H35: =+'8.RatesHelperSelection_SW6'!A35 -> SW6_35 Years
A36: TraitsID | B36: Discount, ZeroRate, or ForwardRate. Default value = Discount. | H36: =+'8.RatesHelperSelection_SW6'!A36 -> SW6_40 Years
A37: InterpolatorID | B37: BackwardFlat, ForwardFlat, Linear, LogLinear, CubicSpline, or LogCubic. Default value = LogLinear. | H37: =+'8.RatesHelperSelection_SW6'!A37 -> SW6_50 Years
A38: Permanent | B38: object permanent/nonpermanent | H38: =+'8.RatesHelperSelection_SW6'!A38 -> SW6_60 Years
A39: Trigger | B39: dependency tracking trigger | H39: =+'8.RatesHelperSelection_SW6'!A39 -> 0
A40: Overwrite | B40: overwrite flag | H40: =+'8.RatesHelperSelection_SW6'!A40 -> 0

Sheet 9.Curve
A1: EONIA | F1: Curva Swap 6M | K1: Curva Governativa Italia
A2: Dates (qlPiecewiseYieldCurveDates()) | B2: Data (qlPiecewiseYieldCurveData()) | C2: Test su sistema alternativo | D2: Dati Sistema | E2: DiscountRate | F2: Dates (qlPiecewiseYieldCurveDAtes()) | G2: Data (qlPiecewiseYieldCurveData()) | H2: =+C2 -> Test su sistema alternativo | I2: Dati Sistema | J2: DiscountRate | K2: Dates (qlPiecewiseYieldCurveDAtes()) | L2: Data (qlPiecewiseYieldCurveData()) | M2: Test su sistema alternativo | N2: Dati Sistema | O2: DiscountRate
A3: {=_xll.qlPiecewiseYieldCurveDates('8.Piecewise_YieldCurve_EONIA'!D2)} -> 42794 | B3: {=_xll.qlPiecewiseYieldCurveData('8.Piecewise_YieldCurve_EONIA'!D2)} -> 1 | C3: =VLOOKUP(A3,$D$3:$E$82,2,FALSE) -> 1.0000111 | D3: =+CurvaEonia!C2 -> 42793 | E3: =+CurvaEonia!E2 -> 1.0000333 | F3: {=_xll.qlPiecewiseYieldCurveDates('9.Piecewise_YieldCurve_SW6'!D2)} -> 42794 | G3: {=_xll.qlPiecewiseYieldCurveData('9.Piecewise_YieldCurve_SW6'!D2)} -> 1 | H3: =VLOOKUP(F3,$I$3:$J$39,2,FALSE) -> #N/A | I3: 42978 | J3: 1.001213 | K3: {=_xll.qlPiecewiseYieldCurveDates('6.Piecewise_YieldCurve_ITL'!B2)} -> 42794 | L3: {=_xll.qlPiecewiseYieldCurveData('6.Piecewise_YieldCurve_ITL'!B2)} -> 1 | M3: =VLOOKUP(K3,$N$3:$O$30,2,FALSE) -> #N/A | N3: 42853 | O3: 1.000797
A4: 42796 | B4: 1.0000233 | C4: =VLOOKUP(A4,$D$3:$E$82,2,FALSE) -> #N/A | D4: =+CurvaEonia!C3 -> 42794 | E4: =+CurvaEonia!E3 -> 1.0000111 | F4: 42978 | G4: 1.0012179 | H4: =VLOOKUP(F4,$I$3:$J$39,2,FALSE) -> 1.001213 | I4: 43069 | J4: 1.0016653 | K4: 43021 | L4: 1.001935 | M4: =VLOOKUP(K4,$N$3:$O$30,2,FALSE) -> 1.001962 | N4: 42947 | O4: 1.001457
A5: 42801 | B5: 1.0000684 | C5: =VLOOKUP(A5,$D$3:$E$82,2,FALSE) -> 1.0000684 | D5: =+CurvaEonia!C4 -> 42795 | E5: =+CurvaEonia!E4 -> 1.0000117 | F5: 43069 | G5: 1.0016679 | H5: =VLOOKUP(F5,$I$3:$J$39,2,FALSE) -> 1.0016653 | I5: 43159 | J5: 1.0021097 | K5: 43525 | L5: 0.99697404 | M5: =VLOOKUP(K5,$N$3:$O$30,2,FALSE) -> 0.99717289 | N5: 43021 | O5: 1.001962
A6: 42808 | B6: 1.0001373 | C6: =VLOOKUP(A6,$D$3:$E$82,2,FALSE) -> 1.0001373 | D6: =+CurvaEonia!C5 -> 42801 | E6: =+CurvaEonia!E5 -> 1.0000684 | F6: 43159 | G6: 1.0021148 | H6: =VLOOKUP(F6,$I$3:$J$39,2,FALSE) -> 1.0021097 | I6: 43343 | J6: 1.0027717 | K6: 44136 | L6: 0.97982826 | M6: =VLOOKUP(K6,$N$3:$O$30,2,FALSE) -> 0.97991335 | N6: 43112 | O6: 1.0027371
A7: 42815 | B7: 1.0002065 | C7: =VLOOKUP(A7,$D$3:$E$82,2,FALSE) -> 1.0002065 | D7: =+CurvaEonia!C6 -> 42808 | E7: =+CurvaEonia!E6 -> 1.0001373 | F7: 43343 | G7: 1.0027811 | H7: =VLOOKUP(F7,$I$3:$J$39,2,FALSE) -> 1.0027717 | I7: 43524 | J7: 1.0031651 | K7: 44545 | L7: 0.95105114 | M7: =VLOOKUP(K7,$N$3:$O$30,2,FALSE) -> 0.95115499 | N7: 43388 | O7: 0.99975839
A8: 42825 | B8: 1.0003049 | C8: =VLOOKUP(A8,$D$3:$E$82,2,FALSE) -> 1.0003049 | D8: =+CurvaEonia!C7 -> 42815 | E8: =+CurvaEonia!E7 -> 1.0002065 | F8: 43524 | G8: 1.0031745 | H8: =VLOOKUP(F8,$I$3:$J$39,2,FALSE) -> 1.0031651 | I8: 43889 | J8: 1.0027751 | K8: 44666 | L8: 0.94212505 | M8: =VLOOKUP(K8,$N$3:$O$30,2,FALSE) -> 0.94237887 | N8: 43525 | O8: 0.99717289
A9: 42853 | B9: 1.0005789 | C9: =VLOOKUP(A9,$D$3:$E$82,2,FALSE) -> 1.0005789 | D9: =+CurvaEonia!C8 -> 42825 | E9: =+CurvaEonia!E8 -> 1.0003049 | F9: 43889 | G9: 1.0027751 | H9: =VLOOKUP(F9,$I$3:$J$39,2,FALSE) -> 1.0027751 | I9: 44253 | J9: 1.0003001 | K9: 44819 | L9: 0.93208235 | M9: =VLOOKUP(K9,$N$3:$O$30,2,FALSE) -> 0.93220949 | N9: 43800 | O9: 0.9896168
A10: 42886 | B10: 1.0009029 | C10: =VLOOKUP(A10,$D$3:$E$82,2,FALSE) -> 1.0009029 | D10: =+CurvaEonia!C9 -> 42853 | E10: =+CurvaEonia!E9 -> 1.0005789 | F10: 44253 | G10: 1.0003 | H10: =VLOOKUP(F10,$I$3:$J$39,2,FALSE) -> 1.0003001 | I10: 44620 | J10: 0.99514359 | K10: 45047 | L10: 0.90544197 | M10: =VLOOKUP(K10,$N$3:$O$30,2,FALSE) -> 0.9055947 | N10: 44136 | O10: 0.97991335
A11: 42916 | B11: 1.0012011 | C11: =VLOOKUP(A11,$D$3:$E$82,2,FALSE) -> 1.0012011 | D11: =+CurvaEonia!C10 -> 42886 | E11: =+CurvaEonia!E10 -> 1.0009029 | F11: 44620 | G11: 0.99514285 | H11: =VLOOKUP(F11,$I$3:$J$39,2,FALSE) -> 0.99514359 | I11: 44985 | J11: 0.9875097 | K11: 45139 | L11: 0.90103411 | M11: =VLOOKUP(K11,$N$3:$O$30,2,FALSE) -> 0.90105567 | N11: 44545 | O11: 0.95115499
A12: 42947 | B12: 1.0015025 | C12: =VLOOKUP(A12,$D$3:$E$82,2,FALSE) -> 1.0015025 | D12: =+CurvaEonia!C11 -> 42916 | E12: =+CurvaEonia!E11 -> 1.0012011 | F12: 44985 | G12: 0.98750795 | H12: =VLOOKUP(F12,$I$3:$J$39,2,FALSE) -> 0.9875097 | I12: 45351 | J12: 0.97719342 | K12: 45352 | L12: 0.87653492 | M12: =VLOOKUP(K12,$N$3:$O$30,2,FALSE) -> 0.87680894 | N12: 44666 | O12: 0.94237887
A13: 42978 | B13: 1.0018075 | C13: =VLOOKUP(A13,$D$3:$E$82,2,FALSE) -> 1.0018075 | D13: =+CurvaEonia!C12 -> 42947 | E13: =+CurvaEonia!E12 -> 1.0015025 | F13: 45350 | G13: 0.97722524 | H13: =VLOOKUP(F13,$I$3:$J$39,2,FALSE) -> #N/A | I13: 45716 | J13: 0.96445953 | K13: 45536 | L13: 0.86226495 | M13: =VLOOKUP(K13,$N$3:$O$30,2,FALSE) -> 0.86265604 | N13: 44819 | O13: 0.93220949
A14: 43007 | B14: 1.0020989 | C14: =VLOOKUP(A14,$D$3:$E$82,2,FALSE) -> 1.0020989 | D14: =+CurvaEonia!C13 -> 42978 | E14: =+CurvaEonia!E13 -> 1.0018075 | F14: 45716 | G14: 0.96445424 | H14: =VLOOKUP(F14,$I$3:$J$39,2,FALSE) -> 0.96445953 | I14: 46080 | J14: 0.94989289 | K14: 45717 | L14: 0.84645448 | M14: =VLOOKUP(K14,$N$3:$O$30,2,FALSE) -> 0.8468226 | N14: 45047 | O14: 0.9055947
A15: 43039 | B15: 1.002415 | C15: =VLOOKUP(A15,$D$3:$E$82,2,FALSE) -> 1.002415 | D15: =+CurvaEonia!C14 -> 43007 | E15: =+CurvaEonia!E14 -> 1.0020989 | F15: 46080 | G15: 0.94988543 | H15: =VLOOKUP(F15,$I$3:$J$39,2,FALSE) -> 0.94989289 | I15: 46444 | J15: 0.93410769 | K15: 45992 | L15: 0.83082153 | M15: =VLOOKUP(K15,$N$3:$O$30,2,FALSE) -> 0.83091 | N15: 45139 | O15: 0.90105567
... A26: 44620 | B26: 1.0076645 | C26: =VLOOKUP(A26,$D$3:$E$82,2,FALSE) -> 1.0076645 | D26: =+CurvaEonia!C25 -> 44253 | E26: =+CurvaEonia!E25 -> 1.0096344 | F26: 50098 | G26: 0.77790047 | H26: =VLOOKUP(F26,$I$3:$J$39,2,FALSE) -> 0.77797636 | I26: 50462 | J26: 0.7654379 | K26: 53752 | L26: 0.3613059 | M26: =VLOOKUP(K26,$N$3:$O$30,2,FALSE) -> 0.3617647 | N26: 49919 | O26: 0.57197957
A27: 44985 | B27: 1.0026956 | C27: =VLOOKUP(A27,$D$3:$E$82,2,FALSE) -> 1.0026956 | D27: =+CurvaEonia!C26 -> 44620 | E27: =+CurvaEonia!E26 -> 1.0076645 | F27: 50462 | G27: 0.76536509 | H27: =VLOOKUP(F27,$I$3:$J$39,2,FALSE) -> 0.7654379 | I27: 50829 | J27: 0.75311209 | N27: 51380 | O27: 0.42220499
A28: 45351 | B28: 0.99457556 | C28: =VLOOKUP(A28,$D$3:$E$82,2,FALSE) -> 0.99457556 | D28: =+CurvaEonia!C27 -> 44985 | E28: =+CurvaEonia!E27 -> 1.0026956 | F28: 50829 | G28: 0.75304007 | H28: =VLOOKUP(F28,$I$3:$J$39,2,FALSE) -> 0.75311209 | I28: 51195 | J28: 0.7415427 | N28: 52841 | O28: 0.3598693
A29: 45716 | B29: 0.98356801 | C29: =VLOOKUP(A29,$D$3:$E$82,2,FALSE) -> 0.98356801 | D29: =+CurvaEonia!C28 -> 45351 | E29: =+CurvaEonia!E28 -> 0.99457556 | F29: 51194 | G29: 0.74150181 | H29: =VLOOKUP(F29,$I$3:$J$39,2,FALSE) -> #N/A | I29: 51560 | J29: 0.73022832 | N29: 53571 | O29: 0.36420364
A30: 46080 | B30: 0.9704645 | C30: =VLOOKUP(A30,$D$3:$E$82,2,FALSE) -> 0.9704645 | D30: =+CurvaEonia!C29 -> 45716 | E30: =+CurvaEonia!E29 -> 0.98356801 | F30: 51560 | G30: 0.73015587 | H30: =VLOOKUP(F30,$I$3:$J$39,2,FALSE) -> 0.73022832 | I30: 51925 | J30: 0.71952717 | N30: 53752 | O30: 0.3617647
A31: 46444 | B31: 0.95573891 | C31: =VLOOKUP(A31,$D$3:$E$82,2,FALSE) -> 0.95573891 | D31: =+CurvaEonia!C30 -> 46080 | E31: =+CurvaEonia!E30 -> 0.9704645 | F31: 51925 | G31: 0.71945456 | H31: =VLOOKUP(F31,$I$3:$J$39,2,FALSE) -> 0.71952717 | I31: 52289 | J31: 0.70910488
A32: 46812 | B32: 0.93981591 | C32: =VLOOKUP(A32,$D$3:$E$82,2,FALSE) -> 0.93981591 | D32: =+CurvaEonia!C31 -> 46444 | E32: =+CurvaEonia!E31 -> 0.95573891 | F32: 52289 | G32: 0.70903465 | H32: =VLOOKUP(F32,$I$3:$J$39,2,FALSE) -> 0.70910488 | I32: 52656 | J32: 0.69888751
A33: 47177 | B33: 0.92357173 | C33: =VLOOKUP(A33,$D$3:$E$82,2,FALSE) -> 0.92357173 | D33: =+CurvaEonia!C32 -> 46812 | E33: =+CurvaEonia!E32 -> 0.93981591 | F33: 52656 | G33: 0.69881888 | H33: =VLOOKUP(F33,$I$3:$J$39,2,FALSE) -> 0.69888751 | I33: 53021 | J33: 0.68904264
A34: 48271 | B34: 0.87486913 | C34: =VLOOKUP(A34,$D$3:$E$82,2,FALSE) -> 0.87484442 | D34: =+CurvaEonia!C33 -> 47177 | E34: =+CurvaEonia!E33 -> 0.92357173 | F34: 53021 | G34: 0.68897508 | H34: =VLOOKUP(F34,$I$3:$J$39,2,FALSE) -> 0.68904264 | I34: 53386 | J34: 0.67948816
A35: 50098 | B35: 0.80227383 | C35: =VLOOKUP(A35,$D$3:$E$82,2,FALSE) -> 0.80216623 | D35: =+CurvaEonia!C34 -> 47542 | E35: =+CurvaEonia!E34 -> 0.90848437 | F35: 53386 | G35: 0.6794213 | H35: =VLOOKUP(F35,$I$3:$J$39,2,FALSE) -> 0.67948816 | I35: 53751 | J35: 0.67026574
A36: 51925 | B36: 0.74312658 | C36: =VLOOKUP(A36,$D$3:$E$82,2,FALSE) -> 0.74298346 | D36: =+CurvaEonia!C35 -> 47907 | E36: =+CurvaEonia!E35 -> 0.89221052 | F36: 53751 | G36: 0.67019922 | H36: =VLOOKUP(F36,$I$3:$J$39,2,FALSE) -> 0.67026574 | I36: 55578 | J36: 0.6268614
A37: 53751 | B37: 0.69287928 | C37: =VLOOKUP(A37,$D$3:$E$82,2,FALSE) -> 0.69272529 | D37: =+CurvaEonia!C36 -> 48271 | E37: =+CurvaEonia!E36 -> 0.87484442 | F37: 55577 | G37: 0.62682196 | H37: =VLOOKUP(F37,$I$3:$J$39,2,FALSE) -> #N/A | I37: 57404 | J37: 0.58925922
A38: 57404 | B38: 0.61030838 | C38: =VLOOKUP(A38,$D$3:$E$82,2,FALSE) -> 0.61013979 | D38: =+CurvaEonia!C37 -> 48638 | E38: =+CurvaEonia!E37 -> 0.86129678 | F38: 57404 | G38: 0.58920032 | H38: =VLOOKUP(F38,$I$3:$J$39,2,FALSE) -> 0.58925922 | I38: 61056 | J38: 0.53531781
A39: 61056 | B39: 0.55518846 | C39: =VLOOKUP(A39,$D$3:$E$82,2,FALSE) -> 0.55509332 | D39: =+CurvaEonia!C38 -> 49003 | E39: =+CurvaEonia!E38 -> 0.84727637 | F39: 61056 | G39: 0.53524274 | H39: =VLOOKUP(F39,$I$3:$J$39,2,FALSE) -> 0.53531781 | I39: 64707 | J39: 0.48648934
A40: 64707 | B40: 0.50543263 | C40: =VLOOKUP(A40,$D$3:$E$82,2,FALSE) -> 0.50538286 | D40: =+CurvaEonia!C39 -> 49368 | E40: =+CurvaEonia!E39 -> 0.83273288 | F40: 64707 | G40: 0.48640986 | H40: =VLOOKUP(F40,$I$3:$J$39,2,FALSE) -> 0.48648934
C41: =VLOOKUP(A41,$D$3:$E$82,2,FALSE) -> #N/A | D41: =+CurvaEonia!C40 -> 49734 | E41: =+CurvaEonia!E40 -> 0.8176469
C42: =VLOOKUP(A42,$D$3:$E$82,2,FALSE) -> #N/A | D42: =+CurvaEonia!C41 -> 50098 | E42: =+CurvaEonia!E41 -> 0.80216623
C43: =VLOOKUP(A43,$D$3:$E$82,2,FALSE) -> #N/A | D43: =+CurvaEonia!C42 -> 50462 | E43: =+CurvaEonia!E42 -> 0.79062319
C44: =VLOOKUP(A44,$D$3:$E$82,2,FALSE) -> #N/A | D44: =+CurvaEonia!C43 -> 50829 | E44: =+CurvaEonia!E43 -> 0.7788532
C45: =VLOOKUP(A45,$D$3:$E$82,2,FALSE) -> #N/A | D45: =+CurvaEonia!C44 -> 51195 | E45: =+CurvaEonia!E44 -> 0.76698998
C46: =VLOOKUP(A46,$D$3:$E$82,2,FALSE) -> #N/A | D46: =+CurvaEonia!C45 -> 51560 | E46: =+CurvaEonia!E45 -> 0.75504171
C47: =VLOOKUP(A47,$D$3:$E$82,2,FALSE) -> #N/A | D47: =+CurvaEonia!C46 -> 51925 | E47: =+CurvaEonia!E46 -> 0.74298346
C48: =VLOOKUP(A48,$D$3:$E$82,2,FALSE) -> #N/A | D48: =+CurvaEonia!C47 -> 52289 | E48: =+CurvaEonia!E47 -> 0.73294165
C49: =VLOOKUP(A49,$D$3:$E$82,2,FALSE) -> #N/A | D49: =+CurvaEonia!C48 -> 52656 | E49: =+CurvaEonia!E48 -> 0.72282709
C50: =VLOOKUP(A50,$D$3:$E$82,2,FALSE) -> #N/A | D50: =+CurvaEonia!C49 -> 53021 | E50: =+CurvaEonia!E49 -> 0.71277891
C51: =VLOOKUP(A51,$D$3:$E$82,2,FALSE) -> #N/A | D51: =+CurvaEonia!C50 -> 53386 | E51: =+CurvaEonia!E50 -> 0.7027443
C52: =VLOOKUP(A52,$D$3:$E$82,2,FALSE) -> #N/A | D52: =+CurvaEonia!C51 -> 53751 | E52: =+CurvaEonia!E51 -> 0.69272529
... C84: =VLOOKUP(A84,$D$3:$E$82,2,FALSE) -> #N/A | D84: =+CurvaEonia!C83 -> 0 | E84: =+CurvaEonia!E83 -> 0

Sheet 10.CurvaEonia
A1: Date | B1: Zero Rate (usando la funzione qlYieldTsZeroRate()) | C1: Errore funzione | D1: Discount Rate (usando la funzione qlYieldTsZeroRate()) | E1: Errore funzione | F1: TimeFactor | G1: Calcolo df | H1: Nota: la curva è costruita con settlemnet pari a 2D e quindi al 28/02/2017, quindi non si possono avere dati per le date anteriori | J1: D1 | K1: D2 | L1: Forward Rates | M1: qlYieldTSZeroRate
A2: =+'9.Curve'!A3 -> 42794 | B2: =_xll.qlYieldTSZeroRate('8.Piecewise_YieldCurve_EONIA'!$D$2,'10.CurvaEonia'!A2,'10.CurvaEonia'!$I$3,'10.CurvaEonia'!$I$4,'10.CurvaEonia'!$I$5) -> -0.004200049 | C2: =_xll.ohRangeRetrieveError(B2) | D2: {=_xll.qlYieldTSDiscount('8.Piecewise_YieldCurve_EONIA'!D2,'10.CurvaEonia'!A2:A39)} -> 1 | E2: =_xll.ohRangeRetrieveError(D2) | H2: TermStructureCalendar | I2: TARGET | J2: =+A2 -> 42794 | K2: =DATE(YEAR(J2),MONTH(J2)+6,DAY(J2)) -> 42975 | L2: =_xll.qlYieldTSForwardRate('8.Piecewise_YieldCurve_EONIA'!$D$2,'10.CurvaEonia'!J2,'10.CurvaEonia'!K2,'10.CurvaEonia'!$I$3,'10.CurvaEonia'!$I$7,'10.CurvaEonia'!$I$5) -> -0.003530008 | M2: vector<string> returnValue | R2: 6
A3: =+'9.Curve'!A4 -> 42796 | B3: =_xll.qlYieldTSZeroRate('8.Piecewise_YieldCurve_EONIA'!$D$2,'10.CurvaEonia'!A3,'10.CurvaEonia'!$I$3,'10.CurvaEonia'!$I$4,'10.CurvaEonia'!$I$5) -> -0.004200049 | C3: =_xll.ohRangeRetrieveError(B3) | D3: 1.0000233 | E3: =_xll.ohRangeRetrieveError(D3) | F3: =YEARFRAC($I$6,A3,2) -> 0.0055555556 | G3: =EXP(-F3*B3) -> 1.0000233 | H3: TermStructureDayCounter | I3: Actual/360 | J3: =+K2 -> 42975 | K3: =DATE(YEAR(J3),MONTH(J3)+6,DAY(J3)) -> 43159 | L3: =_xll.qlYieldTSForwardRate('8.Piecewise_YieldCurve_EONIA'!$D$2,'10.CurvaEonia'!J3,'10.CurvaEonia'!K3,'10.CurvaEonia'!$I$3,'10.CurvaEonia'!$I$7,'10.CurvaEonia'!$I$5) -> -0.0035561405 | M3: qlYieldTSZeroRate(
A4: =+'9.Curve'!A5 -> 42801 | B4: =_xll.qlYieldTSZeroRate('8.Piecewise_YieldCurve_EONIA'!$D$2,'10.CurvaEonia'!A4,'10.CurvaEonia'!$I$3,'10.CurvaEonia'!$I$4,'10.CurvaEonia'!$I$5) -> -0.0035201205 | C4: =_xll.ohRangeRetrieveError(B4) | D4: 1.0000684 | E4: =_xll.ohRangeRetrieveError(D4) | F4: =YEARFRAC($I$6,A4,2) -> 0.019444444 | G4: =EXP(-F4*B4) -> 1.0000684 | H4: Compounding | I4: Continuous | J4: =+K3 -> 43159 | K4: =DATE(YEAR(J4),MONTH(J4)+6,DAY(J4)) -> 43340 | L4: =_xll.qlYieldTSForwardRate('8.Piecewise_YieldCurve_EONIA'!$D$2,'10.CurvaEonia'!J4,'10.CurvaEonia'!K4,'10.CurvaEonia'!$I$3,'10.CurvaEonia'!$I$7,'10.CurvaEonia'!$I$5) -> -0.003361368 | M4: string ObjectId
A5: =+'9.Curve'!A6 -> 42808 | B5: =_xll.qlYieldTSZeroRate('8.Piecewise_YieldCurve_EONIA'!$D$2,'10.CurvaEonia'!A5,'10.CurvaEonia'!$I$3,'10.CurvaEonia'!$I$4,'10.CurvaEonia'!$I$5) -> -0.0035302423 | C5: =_xll.ohRangeRetrieveError(B5) | D5: 1.0001373 | E5: =_xll.ohRangeRetrieveError(D5) | F5: =YEARFRAC($I$6,A5,2) -> 0.038888889 | G5: =EXP(-F5*B5) -> 1.0001373 | H5: Frequency | I5: Annual | J5: =+K4 -> 43340 | K5: =DATE(YEAR(J5),MONTH(J5)+6,DAY(J5)) -> 43524 | L5: =_xll.qlYieldTSForwardRate('8.Piecewise_YieldCurve_EONIA'!$D$2,'10.CurvaEonia'!J5,'10.CurvaEonia'!K5,'10.CurvaEonia'!$I$3,'10.CurvaEonia'!$I$7,'10.CurvaEonia'!$I$5) -> -0.0030475076 | M5: vector<long> Dates
A6: =+'9.Curve'!A7 -> 42815 | B6: =_xll.qlYieldTSZeroRate('8.Piecewise_YieldCurve_EONIA'!$D$2,'10.CurvaEonia'!A6,'10.CurvaEonia'!$I$3,'10.CurvaEonia'!$I$4,'10.CurvaEonia'!$I$5) -> -0.0035403656 | C6: =_xll.ohRangeRetrieveError(B6) | D6: 1.0002065 | E6: =_xll.ohRangeRetrieveError(D6) | F6: =YEARFRAC($I$6,A6,2) -> 0.058333333 | G6: =EXP(-F6*B6) -> 1.0002065 | H6: Data partenza Curva | I6: =+'9.Curve'!A3 -> 42794 | J6: =+K5 -> 43524 | K6: =DATE(YEAR(J6),MONTH(J6)+6,DAY(J6)) -> 43705 | L6: =_xll.qlYieldTSForwardRate('8.Piecewise_YieldCurve_EONIA'!$D$2,'10.CurvaEonia'!J6,'10.CurvaEonia'!K6,'10.CurvaEonia'!$I$3,'10.CurvaEonia'!$I$7,'10.CurvaEonia'!$I$5) -> -0.0022042466 | M6: string ResultDayCounter
A7: =+'9.Curve'!A8 -> 42825 | B7: =_xll.qlYieldTSZeroRate('8.Piecewise_YieldCurve_EONIA'!$D$2,'10.CurvaEonia'!A7,'10.CurvaEonia'!$I$3,'10.CurvaEonia'!$I$4,'10.CurvaEonia'!$I$5) -> -0.0035405397 | C7: =_xll.ohRangeRetrieveError(B7) | D7: 1.0003049 | E7: =_xll.ohRangeRetrieveError(D7) | F7: =YEARFRAC($I$6,A7,2) -> 0.086111111 | G7: =EXP(-F7*B7) -> 1.0003049 | H7: Compounding Forward Rates | I7: Simple | J7: =+K6 -> 43705 | K7: =DATE(YEAR(J7),MONTH(J7)+6,DAY(J7)) -> 43889 | L7: =_xll.qlYieldTSForwardRate('8.Piecewise_YieldCurve_EONIA'!$D$2,'10.CurvaEonia'!J7,'10.CurvaEonia'!K7,'10.CurvaEonia'!$I$3,'10.CurvaEonia'!$I$7,'10.CurvaEonia'!$I$5) -> -0.0022042263 | M7: string Compounding
A8: =+'9.Curve'!A9 -> 42853 | B8: =_xll.qlYieldTSZeroRate('8.Piecewise_YieldCurve_EONIA'!$D$2,'10.CurvaEonia'!A8,'10.CurvaEonia'!$I$3,'10.CurvaEonia'!$I$4,'10.CurvaEonia'!$I$5) -> -0.0035310215 | C8: =_xll.ohRangeRetrieveError(B8) | D8: 1.0005789 | E8: =_xll.ohRangeRetrieveError(D8) | F8: =YEARFRAC($I$6,A8,2) -> 0.16388889 | G8: =EXP(-F8*B8) -> 1.0005789 | J8: =+K7 -> 43889 | K8: =DATE(YEAR(J8),MONTH(J8)+6,DAY(J8)) -> 44071 | L8: =_xll.qlYieldTSForwardRate('8.Piecewise_YieldCurve_EONIA'!$D$2,'10.CurvaEonia'!J8,'10.CurvaEonia'!K8,'10.CurvaEonia'!$I$3,'10.CurvaEonia'!$I$7,'10.CurvaEonia'!$I$5) -> -0.00050068534 | M8: string Frequency
A9: =+'9.Curve'!A10 -> 42886 | B9: =_xll.qlYieldTSZeroRate('8.Piecewise_YieldCurve_EONIA'!$D$2,'10.CurvaEonia'!A9,'10.CurvaEonia'!$I$3,'10.CurvaEonia'!$I$4,'10.CurvaEonia'!$I$5) -> -0.0035315932 | C9: =_xll.ohRangeRetrieveError(B9) | D9: 1.0009029 | E9: =_xll.ohRangeRetrieveError(D9) | F9: =YEARFRAC($I$6,A9,2) -> 0.25555556 | G9: =EXP(-F9*B9) -> 1.0009029 | J9: =+K8 -> 44071 | K9: =DATE(YEAR(J9),MONTH(J9)+6,DAY(J9)) -> 44255 | L9: =_xll.qlYieldTSForwardRate('8.Piecewise_YieldCurve_EONIA'!$D$2,'10.CurvaEonia'!J9,'10.CurvaEonia'!K9,'10.CurvaEonia'!$I$3,'10.CurvaEonia'!$I$7,'10.CurvaEonia'!$I$5) -> -0.00047442413 | M9: bool AllowExtrapolation
A10: =+'9.Curve'!A11 -> 42916 | B10: =_xll.qlYieldTSZeroRate('8.Piecewise_YieldCurve_EONIA'!$D$2,'10.CurvaEonia'!A10,'10.CurvaEonia'!$I$3,'10.CurvaEonia'!$I$4,'10.CurvaEonia'!$I$5) -> -0.0035421251 | C10: =_xll.ohRangeRetrieveError(B10) | D10: 1.0012011 | E10: =_xll.ohRangeRetrieveError(D10) | F10: =YEARFRAC($I$6,A10,2) -> 0.33888889 | G10: =EXP(-F10*B10) -> 1.0012011 | J10: =+K9 -> 44255 | K10: =DATE(YEAR(J10),MONTH(J10)+6,DAY(J10)) -> 44436 | L10: =_xll.qlYieldTSForwardRate('8.Piecewise_YieldCurve_EONIA'!$D$2,'10.CurvaEonia'!J10,'10.CurvaEonia'!K10,'10.CurvaEonia'!$I$3,'10.CurvaEonia'!$I$7,'10.CurvaEonia'!$I$5) -> 0.0019167438 | M10: any Trigger)
A11: =+'9.Curve'!A12 -> 42947 | B11: =_xll.qlYieldTSZeroRate('8.Piecewise_YieldCurve_EONIA'!$D$2,'10.CurvaEonia'!A11,'10.CurvaEonia'!$I$3,'10.CurvaEonia'!$I$4,'10.CurvaEonia'!$I$5) -> -0.0035326506 | C11: =_xll.ohRangeRetrieveError(B11) | D11: 1.0015025 | E11: =_xll.ohRangeRetrieveError(D11) | F11: =YEARFRAC($I$6,A11,2) -> 0.425 | G11: =EXP(-F11*B11) -> 1.0015025 | J11: =+K10 -> 44436 | K11: =DATE(YEAR(J11),MONTH(J11)+6,DAY(J11)) -> 44620 | L11: =_xll.qlYieldTSForwardRate('8.Piecewise_YieldCurve_EONIA'!$D$2,'10.CurvaEonia'!J11,'10.CurvaEonia'!K11,'10.CurvaEonia'!$I$3,'10.CurvaEonia'!$I$7,'10.CurvaEonia'!$I$5) -> 0.0019167591
A12: =+'9.Curve'!A13 -> 42978 | B12: =_xll.qlYieldTSZeroRate('8.Piecewise_YieldCurve_EONIA'!$D$2,'10.CurvaEonia'!A12,'10.CurvaEonia'!$I$3,'10.CurvaEonia'!$I$4,'10.CurvaEonia'!$I$5) -> -0.0035331883 | C12: =_xll.ohRangeRetrieveError(B12) | D12: 1.0018075 | E12: =_xll.ohRangeRetrieveError(D12) | F12: =YEARFRAC($I$6,A12,2) -> 0.51111111 | G12: =EXP(-F12*B12) -> 1.0018075 | J12: =+K11 -> 44620 | K12: =DATE(YEAR(J12),MONTH(J12)+6,DAY(J12)) -> 44801 | L12: =_xll.qlYieldTSForwardRate('8.Piecewise_YieldCurve_EONIA'!$D$2,'10.CurvaEonia'!J12,'10.CurvaEonia'!K12,'10.CurvaEonia'!$I$3,'10.CurvaEonia'!$I$7,'10.CurvaEonia'!$I$5) -> 0.0048815771 | M12: Description:
A13: =+'9.Curve'!A14 -> 43007 | B13: =_xll.qlYieldTSZeroRate('8.Piecewise_YieldCurve_EONIA'!$D$2,'10.CurvaEonia'!A13,'10.CurvaEonia'!$I$3,'10.CurvaEonia'!$I$4,'10.CurvaEonia'!$I$5) -> -0.0035437124 | C13: =_xll.ohRangeRetrieveError(B13) | D13: 1.0020989 | E13: =_xll.ohRangeRetrieveError(D13) | F13: =YEARFRAC($I$6,A13,2) -> 0.59166667 | G13: =EXP(-F13*B13) -> 1.0020989 | J13: =+K12 -> 44801 | K13: =DATE(YEAR(J13),MONTH(J13)+6,DAY(J13)) -> 44985 | L13: =_xll.qlYieldTSForwardRate('8.Piecewise_YieldCurve_EONIA'!$D$2,'10.CurvaEonia'!J13,'10.CurvaEonia'!K13,'10.CurvaEonia'!$I$3,'10.CurvaEonia'!$I$7,'10.CurvaEonia'!$I$5) -> 0.0048816763
A14: =+'9.Curve'!A15 -> 43039 | B14: =_xll.qlYieldTSZeroRate('8.Piecewise_YieldCurve_EONIA'!$D$2,'10.CurvaEonia'!A14,'10.CurvaEonia'!$I$3,'10.CurvaEonia'!$I$4,'10.CurvaEonia'!$I$5) -> -0.0035442711 | C14: =_xll.ohRangeRetrieveError(B14) | D14: 1.002415 | E14: =_xll.ohRangeRetrieveError(D14) | F14: =YEARFRAC($I$6,A14,2) -> 0.68055556 | G14: =EXP(-F14*B14) -> 1.002415 | J14: =+K13 -> 44985 | K14: =DATE(YEAR(J14),MONTH(J14)+6,DAY(J14)) -> 45166 | L14: =_xll.qlYieldTSForwardRate('8.Piecewise_YieldCurve_EONIA'!$D$2,'10.CurvaEonia'!J14,'10.CurvaEonia'!K14,'10.CurvaEonia'!$I$3,'10.CurvaEonia'!$I$7,'10.CurvaEonia'!$I$5) -> 0.0080139384 | M14: Returns the zero interest rate from the given YieldTermStructure object.
A15: =+'9.Curve'!A16 -> 43069 | B15: =_xll.qlYieldTSZeroRate('8.Piecewise_YieldCurve_EONIA'!$D$2,'10.CurvaEonia'!A15,'10.CurvaEonia'!$I$3,'10.CurvaEonia'!$I$4,'10.CurvaEonia'!$I$5) -> -0.003544795 | C15: =_xll.ohRangeRetrieveError(B15) | D15: 1.0027115 | E15: =_xll.ohRangeRetrieveError(D15) | F15: =YEARFRAC($I$6,A15,2) -> 0.76388889 | G15: =EXP(-F15*B15) -> 1.0027115 | J15: =+K14 -> 45166 | K15: =DATE(YEAR(J15),MONTH(J15)+6,DAY(J15)) -> 45350 | L15: =_xll.qlYieldTSForwardRate('8.Piecewise_YieldCurve_EONIA'!$D$2,'10.CurvaEonia'!J15,'10.CurvaEonia'!K15,'10.CurvaEonia'!$I$3,'10.CurvaEonia'!$I$7,'10.CurvaEonia'!$I$5) -> 0.0080142056
A16: =+'9.Curve'!A17 -> 43098 | B16: =_xll.qlYieldTSZeroRate('8.Piecewise_YieldCurve_EONIA'!$D$2,'10.CurvaEonia'!A16,'10.CurvaEonia'!$I$3,'10.CurvaEonia'!$I$4,'10.CurvaEonia'!$I$5) -> -0.0035453017 | C16: =_xll.ohRangeRetrieveError(B16) | D16: 1.0029983 | E16: =_xll.ohRangeRetrieveError(D16) | F16: =YEARFRAC($I$6,A16,2) -> 0.84444444 | G16: =EXP(-F16*B16) -> 1.0029983 | J16: =+K15 -> 45350 | K16: =DATE(YEAR(J16),MONTH(J16)+6,DAY(J16)) -> 45532 | L16: =_xll.qlYieldTSForwardRate('8.Piecewise_YieldCurve_EONIA'!$D$2,'10.CurvaEonia'!J16,'10.CurvaEonia'!K16,'10.CurvaEonia'!$I$3,'10.CurvaEonia'!$I$7,'10.CurvaEonia'!$I$5) -> 0.010990884 | M16: Supported Platforms:
A17: =+'9.Curve'!A18 -> 43131 | B17: =_xll.qlYieldTSZeroRate('8.Piecewise_YieldCurve_EONIA'!$D$2,'10.CurvaEonia'!A17,'10.CurvaEonia'!$I$3,'10.CurvaEonia'!$I$4,'10.CurvaEonia'!$I$5) -> -0.0035458785 | C17: =_xll.ohRangeRetrieveError(B17) | D17: 1.0033249 | E17: =_xll.ohRangeRetrieveError(D17) | F17: =YEARFRAC($I$6,A17,2) -> 0.93611111 | G17: =EXP(-F17*B17) -> 1.0033249 | J17: =+K16 -> 45532 | K17: =DATE(YEAR(J17),MONTH(J17)+6,DAY(J17)) -> 45716 | L17: =_xll.qlYieldTSForwardRate('8.Piecewise_YieldCurve_EONIA'!$D$2,'10.CurvaEonia'!J17,'10.CurvaEonia'!K17,'10.CurvaEonia'!$I$3,'10.CurvaEonia'!$I$7,'10.CurvaEonia'!$I$5) -> 0.011007679
A18: =+'9.Curve'!A19 -> 43159 | B18: =_xll.qlYieldTSZeroRate('8.Piecewise_YieldCurve_EONIA'!$D$2,'10.CurvaEonia'!A18,'10.CurvaEonia'!$I$3,'10.CurvaEonia'!$I$4,'10.CurvaEonia'!$I$5) -> -0.0035463681 | C18: =_xll.ohRangeRetrieveError(B18) | D18: 1.0036021 | E18: =_xll.ohRangeRetrieveError(D18) | F18: =YEARFRAC($I$6,A18,2) -> 1.0138889 | G18: =EXP(-F18*B18) -> 1.0036021 | J18: =+K17 -> 45716 | K18: =DATE(YEAR(J18),MONTH(J18)+6,DAY(J18)) -> 45897 | L18: =_xll.qlYieldTSForwardRate('8.Piecewise_YieldCurve_EONIA'!$D$2,'10.CurvaEonia'!J18,'10.CurvaEonia'!K18,'10.CurvaEonia'!$I$3,'10.CurvaEonia'!$I$7,'10.CurvaEonia'!$I$5) -> 0.01330891 | M18: Calc, Excel
A19: =+'9.Curve'!A20 -> 43251 | B19: =_xll.qlYieldTSZeroRate('8.Piecewise_YieldCurve_EONIA'!$D$2,'10.CurvaEonia'!A19,'10.CurvaEonia'!$I$3,'10.CurvaEonia'!$I$4,'10.CurvaEonia'!$I$5) -> -0.0035153209 | C19: =_xll.ohRangeRetrieveError(B19) | D19: 1.0044725 | E19: =_xll.ohRangeRetrieveError(D19) | F19: =YEARFRAC($I$6,A19,2) -> 1.2694444 | G19: =EXP(-F19*B19) -> 1.0044725 | J19: =+K18 -> 45897 | K19: =DATE(YEAR(J19),MONTH(J19)+6,DAY(J19)) -> 46081 | L19: =_xll.qlYieldTSForwardRate('8.Piecewise_YieldCurve_EONIA'!$D$2,'10.CurvaEonia'!J19,'10.CurvaEonia'!K19,'10.CurvaEonia'!$I$3,'10.CurvaEonia'!$I$7,'10.CurvaEonia'!$I$5) -> 0.01331981
A20: =+'9.Curve'!A21 -> 43343 | B20: =_xll.qlYieldTSZeroRate('8.Piecewise_YieldCurve_EONIA'!$D$2,'10.CurvaEonia'!A20,'10.CurvaEonia'!$I$3,'10.CurvaEonia'!$I$4,'10.CurvaEonia'!$I$5) -> -0.0034851597 | C20: =_xll.ohRangeRetrieveError(B20) | D20: 1.005329 | E20: =_xll.ohRangeRetrieveError(D20) | F20: =YEARFRAC($I$6,A20,2) -> 1.525 | G20: =EXP(-F20*B20) -> 1.005329 | J20: =+K19 -> 46081 | K20: =DATE(YEAR(J20),MONTH(J20)+6,DAY(J20)) -> 46262 | L20: =_xll.qlYieldTSForwardRate('8.Piecewise_YieldCurve_EONIA'!$D$2,'10.CurvaEonia'!J20,'10.CurvaEonia'!K20,'10.CurvaEonia'!$I$3,'10.CurvaEonia'!$I$7,'10.CurvaEonia'!$I$5) -> 0.015179665 | M20: Parameters
A21: =+'9.Curve'!A22 -> 43434 | B21: =_xll.qlYieldTSZeroRate('8.Piecewise_YieldCurve_EONIA'!$D$2,'10.CurvaEonia'!A21,'10.CurvaEonia'!$I$3,'10.CurvaEonia'!$I$4,'10.CurvaEonia'!$I$5) -> -0.0034354677 | C21: =_xll.ohRangeRetrieveError(B21) | D21: 1.0061262 | E21: =_xll.ohRangeRetrieveError(D21) | F21: =YEARFRAC($I$6,A21,2) -> 1.7777778 | G21: =EXP(-F21*B21) -> 1.0061262 | J21: =+K20 -> 46262 | K21: =DATE(YEAR(J21),MONTH(J21)+6,DAY(J21)) -> 46446 | L21: =_xll.qlYieldTSForwardRate('8.Piecewise_YieldCurve_EONIA'!$D$2,'10.CurvaEonia'!J21,'10.CurvaEonia'!K21,'10.CurvaEonia'!$I$3,'10.CurvaEonia'!$I$7,'10.CurvaEonia'!$I$5) -> 0.01519501 | M21: ObjectId | N21: id of existing QuantLib::YieldTermStructure object
A22: =+'9.Curve'!A23 -> 43524 | B22: =_xll.qlYieldTSZeroRate('8.Piecewise_YieldCurve_EONIA'!$D$2,'10.CurvaEonia'!A22,'10.CurvaEonia'!$I$3,'10.CurvaEonia'!$I$4,'10.CurvaEonia'!$I$5) -> -0.0033760619 | C22: =_xll.ohRangeRetrieveError(B22) | D22: 1.0068694 | E22: =_xll.ohRangeRetrieveError(D22) | F22: =YEARFRAC($I$6,A22,2) -> 2.0277778 | G22: =EXP(-F22*B22) -> 1.0068694 | J22: =+K21 -> 46446 | K22: =DATE(YEAR(J22),MONTH(J22)+6,DAY(J22)) -> 46627 | L22: =_xll.qlYieldTSForwardRate('8.Piecewise_YieldCurve_EONIA'!$D$2,'10.CurvaEonia'!J22,'10.CurvaEonia'!K22,'10.CurvaEonia'!$I$3,'10.CurvaEonia'!$I$7,'10.CurvaEonia'!$I$5) -> 0.01650362 | M22: Dates | N22: date.
A23: =+'9.Curve'!A24 -> 43889 | B23: =_xll.qlYieldTSZeroRate('8.Piecewise_YieldCurve_EONIA'!$D$2,'10.CurvaEonia'!A23,'10.CurvaEonia'!$I$3,'10.CurvaEonia'!$I$4,'10.CurvaEonia'!$I$5) -> -0.0029858643 | C23: =_xll.ohRangeRetrieveError(B23) | D23: 1.0091234 | E23: =_xll.ohRangeRetrieveError(D23) | F23: =YEARFRAC($I$6,A23,2) -> 3.0416667 | G23: =EXP(-F23*B23) -> 1.0091234 | J23: =+K22 -> 46627 | K23: =DATE(YEAR(J23),MONTH(J23)+6,DAY(J23)) -> 46811 | L23: =_xll.qlYieldTSForwardRate('8.Piecewise_YieldCurve_EONIA'!$D$2,'10.CurvaEonia'!J23,'10.CurvaEonia'!K23,'10.CurvaEonia'!$I$3,'10.CurvaEonia'!$I$7,'10.CurvaEonia'!$I$5) -> 0.016504752 | M23: ResultDayCounter | N23: resultDayCounter.
A24: =+'9.Curve'!A25 -> 44253 | B24: =_xll.qlYieldTSZeroRate('8.Piecewise_YieldCurve_EONIA'!$D$2,'10.CurvaEonia'!A24,'10.CurvaEonia'!$I$3,'10.CurvaEonia'!$I$4,'10.CurvaEonia'!$I$5) -> -0.0023658629 | C24: =_xll.ohRangeRetrieveError(B24) | D24: 1.0096344 | E24: =_xll.ohRangeRetrieveError(D24) | F24: =YEARFRAC($I$6,A24,2) -> 4.0527778 | G24: =EXP(-F24*B24) -> 1.0096344 | J24: =+K23 -> 46811 | K24: =DATE(YEAR(J24),MONTH(J24)+6,DAY(J24)) -> 46993 | L24: =_xll.qlYieldTSForwardRate('8.Piecewise_YieldCurve_EONIA'!$D$2,'10.CurvaEonia'!J24,'10.CurvaEonia'!K24,'10.CurvaEonia'!$I$3,'10.CurvaEonia'!$I$7,'10.CurvaEonia'!$I$5) -> 0.017267448 | M24: Compounding | N24: Interest rate coumpounding rule (Simple:1+rt, Compounded:(1+r)^t, Continuous:e^{rt}). Default value = Continuous.
A25: =+'9.Curve'!A26 -> 44620 | B25: =_xll.qlYieldTSZeroRate('8.Piecewise_YieldCurve_EONIA'!$D$2,'10.CurvaEonia'!A25,'10.CurvaEonia'!$I$3,'10.CurvaEonia'!$I$4,'10.CurvaEonia'!$I$5) -> -0.0015053054 | C25: =_xll.ohRangeRetrieveError(B25) | D25: 1.0076645 | E25: =_xll.ohRangeRetrieveError(D25) | F25: =YEARFRAC($I$6,A25,2) -> 5.0722222 | G25: =EXP(-F25*B25) -> 1.0076645 | J25: =+K24 -> 46993 | K25: =DATE(YEAR(J25),MONTH(J25)+6,DAY(J25)) -> 47177 | L25: =_xll.qlYieldTSForwardRate('8.Piecewise_YieldCurve_EONIA'!$D$2,'10.CurvaEonia'!J25,'10.CurvaEonia'!K25,'10.CurvaEonia'!$I$3,'10.CurvaEonia'!$I$7,'10.CurvaEonia'!$I$5) -> 0.017272493 | M25: Frequency | N25: frequency (e.g. Annual, Semiannual, Every4Month, Quarterly, Bimonthly, Monthly). Default value = Annual.
A26: =+'9.Curve'!A27 -> 44985 | B26: =_xll.qlYieldTSZeroRate('8.Piecewise_YieldCurve_EONIA'!$D$2,'10.CurvaEonia'!A26,'10.CurvaEonia'!$I$3,'10.CurvaEonia'!$I$4,'10.CurvaEonia'!$I$5) -> -0.00044230717 | C26: =_xll.ohRangeRetrieveError(B26) | D26: 1.0026956 | E26: =_xll.ohRangeRetrieveError(D26) | F26: =YEARFRAC($I$6,A26,2) -> 6.0861111 | G26: =EXP(-F26*B26) -> 1.0026956 | J26: =+K25 -> 47177 | K26: =DATE(YEAR(J26),MONTH(J26)+6,DAY(J26)) -> 47358 | L26: =_xll.qlYieldTSForwardRate('8.Piecewise_YieldCurve_EONIA'!$D$2,'10.CurvaEonia'!J26,'10.CurvaEonia'!K26,'10.CurvaEonia'!$I$3,'10.CurvaEonia'!$I$7,'10.CurvaEonia'!$I$5) -> 0.017907095 | M26: AllowExtrapolation | N26: TRUE allows extrapolation. Default value = false.
A27: =+'9.Curve'!A28 -> 45351 | B27: =_xll.qlYieldTSZeroRate('8.Piecewise_YieldCurve_EONIA'!$D$2,'10.CurvaEonia'!A27,'10.CurvaEonia'!$I$3,'10.CurvaEonia'!$I$4,'10.CurvaEonia'!$I$5) -> 0.00076578537 | C27: =_xll.ohRangeRetrieveError(B27) | D27: 0.99457556 | E27: =_xll.ohRangeRetrieveError(D27) | F27: =YEARFRAC($I$6,A27,2) -> 7.1027778 | G27: =EXP(-F27*B27) -> 0.99457556 | J27: =+K26 -> 47358 | K27: =DATE(YEAR(J27),MONTH(J27)+6,DAY(J27)) -> 47542 | L27: =_xll.qlYieldTSForwardRate('8.Piecewise_YieldCurve_EONIA'!$D$2,'10.CurvaEonia'!J27,'10.CurvaEonia'!K27,'10.CurvaEonia'!$I$3,'10.CurvaEonia'!$I$7,'10.CurvaEonia'!$I$5) -> 0.017908427 | M27: Trigger | N27: dependency tracking trigger
A28: =+'9.Curve'!A29 -> 45716 | B28: =_xll.qlYieldTSZeroRate('8.Piecewise_YieldCurve_EONIA'!$D$2,'10.CurvaEonia'!A28,'10.CurvaEonia'!$I$3,'10.CurvaEonia'!$I$4,'10.CurvaEonia'!$I$5) -> 0.0020412922 | C28: =_xll.ohRangeRetrieveError(B28) | D28: 0.98356801 | E28: =_xll.ohRangeRetrieveError(D28) | F28: =YEARFRAC($I$6,A28,2) -> 8.1166667 | G28: =EXP(-F28*B28) -> 0.98356801 | J28: =+K27 -> 47542 | K28: =DATE(YEAR(J28),MONTH(J28)+6,DAY(J28)) -> 47723 | L28: =_xll.qlYieldTSForwardRate('8.Piecewise_YieldCurve_EONIA'!$D$2,'10.CurvaEonia'!J28,'10.CurvaEonia'!K28,'10.CurvaEonia'!$I$3,'10.CurvaEonia'!$I$7,'10.CurvaEonia'!$I$5) -> 0.017907095
A29: =+'9.Curve'!A30 -> 46080 | B29: =_xll.qlYieldTSZeroRate('8.Piecewise_YieldCurve_EONIA'!$D$2,'10.CurvaEonia'!A29,'10.CurvaEonia'!$I$3,'10.CurvaEonia'!$I$4,'10.CurvaEonia'!$I$5) -> 0.0032845292 | C29: =_xll.ohRangeRetrieveError(B29) | D29: 0.9704645 | E29: =_xll.ohRangeRetrieveError(D29) | F29: =YEARFRAC($I$6,A29,2) -> 9.1277778 | G29: =EXP(-F29*B29) -> 0.9704645 | J29: =+K28 -> 47723 | K29: =DATE(YEAR(J29),MONTH(J29)+6,DAY(J29)) -> 47907 | L29: =_xll.qlYieldTSForwardRate('8.Piecewise_YieldCurve_EONIA'!$D$2,'10.CurvaEonia'!J29,'10.CurvaEonia'!K29,'10.CurvaEonia'!$I$3,'10.CurvaEonia'!$I$7,'10.CurvaEonia'!$I$5) -> 0.017908427
A30: =+'9.Curve'!A31 -> 46444 | B30: =_xll.qlYieldTSZeroRate('8.Piecewise_YieldCurve_EONIA'!$D$2,'10.CurvaEonia'!A30,'10.CurvaEonia'!$I$3,'10.CurvaEonia'!$I$4,'10.CurvaEonia'!$I$5) -> 0.0044650363 | C30: =_xll.ohRangeRetrieveError(B30) | D30: 0.95573891 | E30: =_xll.ohRangeRetrieveError(D30) | F30: =YEARFRAC($I$6,A30,2) -> 10.138889 | G30: =EXP(-F30*B30) -> 0.95573891 | J30: =+K29 -> 47907 | K30: =DATE(YEAR(J30),MONTH(J30)+6,DAY(J30)) -> 48088 | L30: =_xll.qlYieldTSForwardRate('8.Piecewise_YieldCurve_EONIA'!$D$2,'10.CurvaEonia'!J30,'10.CurvaEonia'!K30,'10.CurvaEonia'!$I$3,'10.CurvaEonia'!$I$7,'10.CurvaEonia'!$I$5) -> 0.017907095
A31: =+'9.Curve'!A32 -> 46812 | B31: =_xll.qlYieldTSZeroRate('8.Piecewise_YieldCurve_EONIA'!$D$2,'10.CurvaEonia'!A31,'10.CurvaEonia'!$I$3,'10.CurvaEonia'!$I$4,'10.CurvaEonia'!$I$5) -> 0.0055613878 | C31: =_xll.ohRangeRetrieveError(B31) | D31: 0.93981591 | E31: =_xll.ohRangeRetrieveError(D31) | F31: =YEARFRAC($I$6,A31,2) -> 11.161111 | G31: =EXP(-F31*B31) -> 0.93981591 | J31: =+K30 -> 48088 | K31: =DATE(YEAR(J31),MONTH(J31)+6,DAY(J31)) -> 48272 | L31: =_xll.qlYieldTSForwardRate('8.Piecewise_YieldCurve_EONIA'!$D$2,'10.CurvaEonia'!J31,'10.CurvaEonia'!K31,'10.CurvaEonia'!$I$3,'10.CurvaEonia'!$I$7,'10.CurvaEonia'!$I$5) -> 0.017904269
A32: =+'9.Curve'!A33 -> 47177 | B32: =_xll.qlYieldTSZeroRate('8.Piecewise_YieldCurve_EONIA'!$D$2,'10.CurvaEonia'!A32,'10.CurvaEonia'!$I$3,'10.CurvaEonia'!$I$4,'10.CurvaEonia'!$I$5) -> 0.0065303332 | C32: =_xll.ohRangeRetrieveError(B32) | D32: 0.92357173 | E32: =_xll.ohRangeRetrieveError(D32) | F32: =YEARFRAC($I$6,A32,2) -> 12.175 | G32: =EXP(-F32*B32) -> 0.92357173 | J32: =+K31 -> 48272 | K32: =DATE(YEAR(J32),MONTH(J32)+6,DAY(J32)) -> 48454 | L32: =_xll.qlYieldTSForwardRate('8.Piecewise_YieldCurve_EONIA'!$D$2,'10.CurvaEonia'!J32,'10.CurvaEonia'!K32,'10.CurvaEonia'!$I$3,'10.CurvaEonia'!$I$7,'10.CurvaEonia'!$I$5) -> 0.01714269 | M32: qlYieldTSDiscount
A33: =+'9.Curve'!A34 -> 48271 | B33: =_xll.qlYieldTSZeroRate('8.Piecewise_YieldCurve_EONIA'!$D$2,'10.CurvaEonia'!A33,'10.CurvaEonia'!$I$3,'10.CurvaEonia'!$I$4,'10.CurvaEonia'!$I$5) -> 0.0087867717 | C33: =_xll.ohRangeRetrieveError(B33) | D33: 0.87486913 | E33: =_xll.ohRangeRetrieveError(D33) | F33: =YEARFRAC($I$6,A33,2) -> 15.213889 | G33: =EXP(-F33*B33) -> 0.87486913 | J33: =+K32 -> 48454 | K33: =DATE(YEAR(J33),MONTH(J33)+6,DAY(J33)) -> 48638 | L33: =_xll.qlYieldTSForwardRate('8.Piecewise_YieldCurve_EONIA'!$D$2,'10.CurvaEonia'!J33,'10.CurvaEonia'!K33,'10.CurvaEonia'!$I$3,'10.CurvaEonia'!$I$7,'10.CurvaEonia'!$I$5) -> 0.017143504
A34: =+'9.Curve'!A35 -> 50098 | B34: =_xll.qlYieldTSZeroRate('8.Piecewise_YieldCurve_EONIA'!$D$2,'10.CurvaEonia'!A34,'10.CurvaEonia'!$I$3,'10.CurvaEonia'!$I$4,'10.CurvaEonia'!$I$5) -> 0.010858421 | C34: =_xll.ohRangeRetrieveError(B34) | D34: 0.80227383 | E34: =_xll.ohRangeRetrieveError(D34) | F34: =YEARFRAC($I$6,A34,2) -> 20.288889 | G34: =EXP(-F34*B34) -> 0.80227383 | J34: =+K33 -> 48638 | K34: =DATE(YEAR(J34),MONTH(J34)+6,DAY(J34)) -> 48819 | L34: =_xll.qlYieldTSForwardRate('8.Piecewise_YieldCurve_EONIA'!$D$2,'10.CurvaEonia'!J34,'10.CurvaEonia'!K34,'10.CurvaEonia'!$I$3,'10.CurvaEonia'!$I$7,'10.CurvaEonia'!$I$5) -> 0.017142283 | M34: vector<double> returnValue
